 Dungeon Crawl Stone Soup version 0.29.1-15-g9cfb28693d (webtiles) character file.

Game seed: 16562476200226522976

19405061 TittyCrusher the Talismancer (level 27, 273/273 HPs)
             Began as a Hill Orc Fire Elementalist on Apr 22, 2023.
             Was the Champion of Vehumet.
             Escaped with the Orb
             ... and 15 runes on Apr 26, 2023!
             The game lasted 12:25:30 (81563 turns).

TittyCrusher the Talismancer (HOFE)                Turns: 81563, Time: 12:25:31

Health: 273/273    AC: 59    Str: 35    XL:     27
Magic:  44/58      EV: 18    Int: 34    God:    Vehumet [******]
Gold:   19385      SH: 19    Dex: 11    Spells: 3/80 levels left

rFire   + + +      SeeInvis .   a - +3 Elemental Staff {rElec rF++ rC++ AC+5}
rCold   + + +      Faith    .   Q - +2 shield of Resistance {rF++ rC++ Will++}
rNeg    + + +      Spirit   .   f - +8 orange crystal plate armour {Archmagi, Int+3 Clar}
rPois   +          Reflect  .   r - +3 hat of Pondering {ponderous, Will+ MP+10 Int+5}
rElec   +          Harm     +   G - +0 cloak of Weowivaa {Str+5 Slay+2}
rCorr   .          Rampage  +   m - +1 pair of gloves of the Abyss {Harm Rampage Str+7 Dex-2}
Will    +++++      Archmagi + + v - +2 pair of boots of Woaluzug {rElec rC+ Regen+ Dex-2}
Stlth   +......... Clarity  +   z - amulet of Vitality {RegenMP++ Regen++}
HPRegen 2.95/turn               L - ring of the Mage {Wiz Archmagi}
MPRegen 1.16/turn               s - ring "Likucoi" {Fly rN+++ Str+7 Int+6 Dex-2}

@: flying, studying 4 skills, slow
A: talons 1, iridescent scales 1, agile 1, low MP 1, poison resistance, shaggy
fur 1, wild magic 1, sturdy frame 1
0: Orb of Zot
}: 15/15 runes: serpentine, barnacled, slimy, silver, golden, iron, obsidian,
icy, bone, abyssal, demonic, glowing, magical, fiery, dark
a: Renounce Religion


You escaped.
You worshipped Vehumet.
Vehumet was exalted by your worship.
You visited 18 branches of the dungeon, and saw 88 of its levels.
You visited Pandemonium 2 times, and saw 15 of its levels.
You visited the Abyss 1 time.
You visited 7 ziggurats (completing 6), and saw 186 of their levels.
You also visited: Trove, Sewer, Gauntlet, Ice Cave and Volcano.

You collected 25405 gold pieces.
You spent 6020 gold pieces at shops.

Inventory:

Hand Weapons
 a - the +3 Elemental Staff (weapon) {rElec rF++ rC++ AC+5}
   (You acquired it on level 11 of a ziggurat)

   If the wielder is skilled in Evocations, they can discharge powerful blasts
   of elemental energy when striking with it.
   It enhances your fire, ice, earth and air magic.
   AC:        It affects your AC (+5).
   rF:        It greatly protects you from fire.
   rC:        It greatly protects you from cold.
   rElec:     It insulates you from electricity.
 b - the +9 broad axe of Law {speed, +Blink rN+ Will+ Stlth+}
   (You found it on level 18 of a ziggurat)

   Attacks with this weapon are significantly faster.
   rN:        It protects you from negative energy.
   +Blink:    It lets you blink.
   Will:      It increases your willpower.
   Stlth:     It makes you more stealthy.
 c - the +7 lajatang of Order {silver, rMut}
   (You found it on level 22 of a ziggurat)

   It inflicts extra damage upon those it strikes, and deals substantially
   increased damage to chaotic, mutated and magically transformed beings.
   rMut:      It protects you from mutation.
 d - the +7 great mace "Undeadhunter" {disrupt, rN+}
   (You found it on level 9 of a ziggurat)

   It inflicts significantly more damage against the undead.
   rN:        It protects you from negative energy.
 g - the +10 dark maul {vorpal}
   (You found it on level 14 of a ziggurat)

   It inflicts extra damage upon your enemies.
 i - the +8 storm bow {elec, penet}
   (You found it on level 22 of a ziggurat)

   Any ammunition fired from it occasionally discharges a powerful burst of
   electricity upon striking a foe.
   Any ammunition fired by it passes through the targets it hits, potentially
   hitting all targets in its path until it reaches maximum range.
 o - the +9 heavy crossbow "Sniper" {vorpal, Acc+∞ SInv}
   (You found it on level 22 of a ziggurat)

   Any ammunition fired from it inflicts extra damage upon your enemies.
   Any ammunition fired from it never misses its target.
   SInv:      It lets you see invisible.
 w - the +9 staff of Wucad Mu {*channel}
   (You found it on level 16 of a ziggurat)

   It occasionally powers its wielder's spells, but with a chance of causing
   confusion or draining the wielder's intelligence.
   It becomes more likely to activate and less likely to backfire with increased
   Evocations skill.
 B - the +6 Majin-Bo {vamp, MP+6 Int+6}
   (You found it on level 22 of a ziggurat)

   It heals its wielder for a portion of the damage dealt when they wound a
   living foe with it or with a spell.
   Its wielder's spells cost health as well as magical power.
   Int:       It affects your intelligence (+6).
   MP:        It affects your magic capacity (+6).
 K - the +8 trishula "Condemnation" {holy, anguish, *Noise Fly rN+}
   (You found it on level 27 of a ziggurat)

   It has been blessed by the Shining One to cause great damage to the undead
   and demons.
   It inflicts anguish, making its victims' attacks reflect back on them.
   rN:        It protects you from negative energy.
   Fly:       It grants you flight.
   *Noise:    It may make noises in combat.
 O - the +5 lochaber axe {reach-cleave, poleaxe}
   (You found it on level 9 of a ziggurat)

   It can be evoked to extend its reach, and strikes at all foes within reach,
   dealing less damage to those not targeted.
   It uses either Axes or Polearms skill, whichever is higher.
 S - the +0 staff of Battle
   (You found it on level 10 of a ziggurat)

   It enhances your conjuration magic.
   It summons a battlesphere in combat, with strength depending on Conjurations
   skill.
   Its strikes trigger the battlesphere's blasts.
 Y - the +6 arbalest "Damnation" {damnation}
   (You found it on level 24 of a ziggurat)

   Any ammunition fired from it explodes in a burst of damnation on striking a
   foe, dealing damage which bypasses armour.
Armour
 f - the +8 orange crystal plate armour (worn) {Archmagi, Int+3 Clar}
   (You acquired it on level 9 of a ziggurat)

   Int:       It affects your intelligence (+3).
   Clar:      It protects you against confusion.
 m - the +1 pair of gloves of the Abyss (worn) {Harm Rampage Str+7 Dex-2}
   (You found it in a treasure trove)

   Str:       It affects your strength (+7).
   Dex:       It affects your dexterity (-2).
   Harm:      It increases damage dealt and taken.
   Rampage:   It bestows one free step when moving towards enemies.
 r - the +3 hat of Pondering (worn) {ponderous, Will+ MP+10 Int+5}
   (You found it on level 20 of a ziggurat)

   Int:       It affects your intelligence (+5).
   MP:        It affects your magic capacity (+10).
   Will:      It increases your willpower.
 v - the +2 pair of boots of Woaluzug (worn) {rElec rC+ Regen+ Dex-2}
   (You found it on level 4 of the Shoals)

   Dex:       It affects your dexterity (-2).
   rC:        It protects you from cold.
   rElec:     It insulates you from electricity.
   Regen:     It increases your rate of health regeneration.
 G - the +0 cloak of Weowivaa (worn) {Str+5 Slay+2}
   (You found it on level 26 of a ziggurat)

   Str:       It affects your strength (+5).
   Slay:      It affects your accuracy & damage with ranged weapons and melee
   (+2).
 Q - the +2 shield of Resistance (worn) {rF++ rC++ Will++}
   (You found it on level 18 of a ziggurat)

   rF:        It greatly protects you from fire.
   rC:        It greatly protects you from cold.
   Will:      It greatly increases your willpower.
 V - the +16 crystal plate armour "Axaforat" {Contam +Inv Fly}
   (You found it on level 20 of a ziggurat)

   +Inv:      It lets you turn invisible.
   Fly:       It grants you flight.
   Contam:    It causes magical contamination when unequipped.
Jewellery
 h - the ring "Ymadur" {+Blink Will+ Int+6 Dex+2}
   (You took it off a deep elf pyromancer on level 1 of the Elven Halls)

   [ring of intelligence]

   Int:       It affects your intelligence (+6).
   Dex:       It affects your dexterity (+2).
   +Blink:    It lets you blink.
   Will:      It increases your willpower.
 l - the ring "Weckez" {rC+ Str+6 Slay+6}
   (You found it on level 24 of a ziggurat)

   [ring of strength]

   Str:       It affects your strength (+6).
   Slay:      It affects your accuracy & damage with ranged weapons and melee
   (+6).
   rC:        It protects you from cold.
 n - the ring of Haps {rElec SInv Stlth+}
   (You acquired it on level 13 of the Dungeon)

   [ring of see invisible]

   rElec:     It insulates you from electricity.
   SInv:      It lets you see invisible.
   Stlth:     It makes you more stealthy.
 s - the ring "Likucoi" (right hand) {Fly rN+++ Str+7 Int+6 Dex-2}
   (You found it on level 24 of a ziggurat)

   [ring of intelligence]

   Str:       It affects your strength (+7).
   Int:       It affects your intelligence (+6).
   Dex:       It affects your dexterity (-2).
   rN:        It renders you almost immune to negative energy.
   Fly:       It grants you flight.
 z - the amulet of Vitality (around neck) {RegenMP++ Regen++}
   (You found it on level 26 of a ziggurat)

   [amulet of magic regeneration]

   It increases your rate of magic regeneration.
   Regen:     It increases your rate of health regeneration.
 H - the amulet of the Four Winds {rN+ Will+++ Clar}
   (You found it on level 27 of a ziggurat)

   [amulet of nothing]

   rN:        It protects you from negative energy.
   Clar:      It protects you against confusion.
   Will:      It greatly increases your willpower.
 I - the amulet of Orit {RegenMP rF+ Str+4 Int+2 Dex+3}
   (You found it on level 3 of a ziggurat)

   [amulet of magic regeneration]

   It increases your rate of magic regeneration.
   Str:       It affects your strength (+4).
   Int:       It affects your intelligence (+2).
   Dex:       It affects your dexterity (+3).
   rF:        It protects you from fire.
 L - the ring of the Mage (left hand) {Wiz Archmagi}
   (You found it on level 6 of a ziggurat)

   [ring of wizardry]

   It improves your spell success rate.
   Archmagi:  It increases the power of your magical spells.
 X - the ring "Qayntupp" {Fire *Corrode rPois Str+3 Int+2}
   (You found it on level 24 of a ziggurat)

   [ring of fire]

   It enhances your fire magic.
   Str:       It affects your strength (+3).
   Int:       It affects your intelligence (+2).
   rF:        It protects you from fire.
   rC:        It makes you vulnerable to cold.
   rPois:     It protects you from poison.
   *Corrode:  It may corrode you when you take damage.
Wands
 e - a wand of digging (37)
Scrolls
 y - 24 scrolls of magic mapping
 A - 53 scrolls of blinking
 D - 22 scrolls of fear
 E - 44 scrolls of immolation
 N - 190 scrolls of teleportation
 P - a scroll of summoning
 R - 111 scrolls of fog
Potions
 j - 4 potions of brilliance
 k - 24 potions of might
 p - 9 potions of invisibility
 q - 13 potions of haste
 t - 23 potions of cancellation
 u - 28 potions of magic
 x - 69 potions of curing
 C - 34 potions of heal wounds
 F - 108 potions of mutation
 J - 3 potions of resistance
 T - a potion of experience
 W - 8 potions of ambrosia
Miscellaneous
 M - a condenser vane
 U - a tin of tremorstones (2/2)
 Z - a lightning rod (4/4)


   Skills:
 O Level 27 Fighting
 O Level 27 Short Blades
 O Level 27 Long Blades
 O Level 27 Axes
 O Level 27 Maces & Flails
 O Level 27 Polearms
 O Level 27 Staves
 O Level 27 Ranged Weapons
 O Level 27 Throwing
 O Level 27 Armour
 O Level 27 Dodging
 O Level 27 Stealth
 O Level 27 Shields
 O Level 27 Unarmed Combat
 O Level 27 Spellcasting
 O Level 27 Conjurations
 O Level 27 Hexes
 O Level 27 Summonings
 O Level 27 Necromancy
 O Level 27 Translocations
 O Level 27 Transmutations
 O Level 27 Fire Magic
 O Level 27 Ice Magic
 O Level 27 Air Magic
 O Level 27 Earth Magic
 O Level 27 Poison Magic
 O Level 27 Invocations
 O Level 27 Evocations


You had 3 spell levels left.
You knew the following spells:

 Your Spells              Type           Power      Damage    Failure   Level
a - Polar Vortex          Ice            100%       N/A       1%          9
b - Statue Form           Tmut/Erth      100%       N/A       1%          6
c - Fire Storm            Conj/Fire      100%       8d25      1%          9
d - Wereblood             Tmut           100%       N/A       1%          2
e - Passage of Golubria   Tloc           100%       N/A       1%          4
f - Irradiate             Conj/Tmut      96%        3d43      1%          5
g - Blink                 Tloc           100%       N/A       1%          2
h - Swiftness             Air            100%       N/A       1%          3
i - Sublimation of Blood  Necr           100%       N/A       1%          2
j - Necromutation         Tmut/Necr      96%        N/A       1%          8
k - Borgnjor's Revivific  Necr           96%        N/A       1%          8
l - Shatter               Erth           100%       3d71*     1%          9
m - Apportation           Tloc           100%       N/A       1%          1
n - Death's Door          Necr           96%        N/A       1%          9

Your spell library contained the following spells:

 Spells                   Type           Power      Damage    Failure   Level
 Beastly Appendage        Tmut           100%       N/A       1%          1
 Foxfire                  Conj/Fire      100%       2x1d9     1%          1
 Freeze                   Ice            100%       1d11      1%          1
 Magic Dart               Conj           100%       1d8       1%          1
 Necrotise                Necr           100%       1d9       1%          1
 Sandblast                Erth           100%       2d20      1%          1
 Shock                    Conj/Air       100%       1d9       1%          1
 Slow                     Hex            100%       N/A       1%          1
 Sting                    Tmut/Pois      100%       1d8       1%          1
 Summon Small Mammal      Summ           100%       N/A       1%          1
 Call Imp                 Summ           100%       N/A       1%          2
 Ensorcelled Hibernation  Hex/Ice        100%       N/A       1%          2
 Passwall                 Tmut/Erth      100%       N/A       1%          2
 Poisonous Vapours        Pois/Air       100%       N/A       1%          2
 Scorch                   Fire           100%       2d10      1%          2
 Searing Ray              Conj           100%       2d8       1%          2
 Static Discharge         Conj/Air       100%       3-16/arc  1%          2
 Call Canine Familiar     Summ           100%       N/A       1%          3
 Confusing Touch          Hex            100%       N/A       1%          3
 Conjure Flame            Conj/Fire      100%       6-21      1%          3
 Dazzling Flash           Conj/Hex       100%       N/A       1%          3
 Frozen Ramparts          Ice            100%       1d16      1%          3
 Gell's Gravitas          Tloc           100%       N/A       1%          3
 Ignite Poison            Fire/Tmut/Pois 100%       N/A       1%          3
 Inner Flame              Hex/Fire       100%       N/A       1%          3
 Lesser Beckoning         Tloc           100%       N/A       1%          3
 Mephitic Cloud           Conj/Pois/Air  100%       N/A       1%          3
 Ozocubu's Armour         Ice            100%       N/A       1%          3
 Portal Projectile        Hex/Tloc       100%       N/A       1%          3
 Spider Form              Tmut/Pois      100%       N/A       1%          3
 Stone Arrow              Conj/Erth      100%       3d13      1%          3
 Summon Guardian Golem    Hex/Summ       100%       N/A       1%          3
 Teleport Other           Tloc           100%       N/A       1%          3
 Tukima's Dance           Hex            100%       N/A       1%          3
 Vampiric Draining        Necr           100%       2d13      1%          3
 Airstrike                Air            100%       2d(15-31) 1%          4
 Anguish                  Hex/Necr       96%        N/A       1%          4
 Animate Armour           Summ/Erth      100%       N/A       1%          4
 Animate Dead             Necr           100%       N/A       1%          4
 Cause Fear               Hex            96%        N/A       1%          4
 Corpse Rot               Necr/Pois/Air  100%       N/A       1%          4
 Dispel Undead            Necr           100%       3d31      1%          4
 Flame Wave               Conj/Fire      100%       2d21      1%          4
 Fulminant Prism          Conj/Hex       96%        3d39      1%          4
 Hailstorm                Conj/Ice       100%       3d20      1%          4
 Ice Form                 Ice/Tmut       100%       N/A       1%          4
 Iskenderun's Mystic Bla  Conj/Tloc      100%       2d19      1%          4
 Leda's Liquefaction      Hex/Erth       100%       N/A       1%          4
 Olgreb's Toxic Radiance  Pois           100%       N/A       1%          4
 Petrify                  Tmut/Erth      100%       N/A       1%          4
 Sticky Flame             Conj/Fire      100%       2d11      1%          4
 Summon Ice Beast         Ice/Summ       100%       N/A       1%          4
 Summon Lightning Spire   Summ/Air       100%       N/A       1%          4
 Agony                    Necr           100%       N/A       1%          5
 Alistair's Intoxication  Tmut/Pois      100%       N/A       1%          5
 Blade Hands              Tmut           96%        N/A       1%          5
 Borgnjor's Vile Clutch   Necr/Erth      100%       N/A       1%          5
 Fireball                 Conj/Fire      100%       3d36      1%          5
 Freezing Cloud           Conj/Ice/Air   100%       6-21      1%          5
 Iskenderun's Battlesphe  Conj           100%       2d15      1%          5
 Lee's Rapid Deconstruct  Erth           100%       3d45*     1%          5
 Lightning Bolt           Conj/Air       100%       1d131     1%          5
 Manifold Assault         Tloc           100%       N/A       1%          5
 Metabolic Englaciation   Hex/Ice        100%       N/A       1%          5
 Silence                  Hex/Air        100%       N/A       1%          5
 Summon Forest            Summ/Tloc      96%        N/A       1%          5
 Summon Mana Viper        Hex/Summ       100%       N/A       1%          5
 Yara's Violent Unravell  Hex/Tmut       96%        3d35      1%          5
 Conjure Ball Lightning   Conj/Air       100%       3x3d38    1%          6
 Death Channel            Necr           96%        N/A       1%          6
 Dispersal                Tloc           96%        N/A       1%          6
 Eringya's Noxious Bog    Tmut/Pois      96%        N/A       1%          6
 Iron Shot                Conj/Erth      100%       9d18      1%          6
 Simulacrum               Ice/Necr       100%       N/A       1%          6
 Starburst                Conj/Fire      100%       6d25      1%          6
 Summon Cactus Giant      Summ           96%        N/A       1%          6
 Dragon Form              Tmut           96%        N/A       1%          7
 Enfeeble                 Hex            96%        N/A       1%          7
 Haunt                    Necr/Summ      96%        N/A       1%          7
 Malign Gateway           Summ/Tloc      96%        N/A       1%          7
 Monstrous Menagerie      Summ           96%        N/A       1%          7
 Orb of Destruction       Conj           96%        9d21      1%          7
 Ozocubu's Refrigeration  Ice            100%       4d29      1%          7
 Spellforged Servitor     Conj/Summ      96%        N/A       1%          7
 Storm Form               Tmut/Air       100%       N/A       1%          7
 Summon Hydra             Summ           96%        N/A       1%          7
 Discord                  Hex            96%        N/A       1%          8
 Disjunction              Tloc           96%        N/A       1%          8
 Ignition                 Fire           100%       3d25      1%          8
 Infestation              Necr           96%        N/A       1%          8
 Lehudib's Crystal Spear  Conj/Erth      100%       10d22     1%          8
 Maxwell's Capacitive Co  Air            100%       ∞         1%          8
 Summon Horrible Things   Summ           96%        N/A       1%          8
 Chain Lightning          Conj/Air       100%       3d133     1%          9
 Dragon's Call            Summ           96%        N/A       1%          9


Dungeon Overview and Level Annotations

Branches:
Dungeon (15/15)            Temple (1/1) D:6            Lair (5/5) D:11
 Shoals (4/4) Lair:2        Snake (4/4) Lair:3        Slime (5/5) Lair:4
    Orc (2/2) D:11            Elf (3/3) Orc:2        Vaults (5/5) D:13
  Crypt (3/3) Vaults:3       Tomb (3/3) Crypt:3      Depths (4/4) D:15
   Hell (visited)             Dis (7/7) Hell            Geh (7/7) Hell
    Coc (7/7) Hell            Tar (7/7) Hell            Zot (5/5) Depths:4
  Sewer (visited)           IceCv (visited)         Volcano (visited)
Gauntlet (visited)

Altars:
Ashenzari
Elyvilon
Gozag
Hepliaklqana
Makhleb
Qazlal
Trog
Uskayaw
Vehumet
Xom
Yredelemnul
Zin
The Shining One
Beogh
Jiyva
Lugonu

Shops:
D:3 (   D:7 ?   D:9 *   D:14 [   Orc:1 ?*   Orc:2 =(*((*!(   Elf:2 *([[
Shoals:4 *?   Snake:1 ::=   Vaults:1 =   Vaults:2 (

Portals:
Hell: Depths:1 Depths:2 Depths:3 Depths:4
Abyss: Lair:5 Depths:2 Depths:3 Depths:4
Pandemonium: Depths:1 Depths:2 Depths:3

Annotations:
Shoals:2 exclusion: downstairs
Elf:2 5 runed translucent doors
Dis:6 11 runed doors
Geh:2 1 runed door


Innate Abilities, Weirdness & Mutations

You have sharp toenails.
You are partially covered in iridescent scales. (AC +2)
You are agile. (Dex +4, Str/Int -1)
Your magical capacity is low. (-10% MP)
Your system is resistant to poisons. (rPois)
You are covered in fur. (AC +1)
Your spells are a little harder to cast, but a little more powerful.
Your movements are slightly less encumbered by armour. (ER -2)


Message History

You kill the sixfirhy!
Vehumet accepts your kill.
You feel your power returning.
Ka-crash!
Unknown command.
Unknown command.
Unknown command.
Casting: Shatter (mildly dangerous; 1% risk of failure)
Confirm with . or Enter, or press ? or * to list all spells.
You feel a huge surge of power!
The dungeon rumbles!
You kill the cacodemon!
Vehumet accepts your kill.
You feel your power returning.
Ka-crash!
Unknown command.
Unknown command.
Casting: Shatter (mildly dangerous; 1% risk of failure)
Confirm with . or Enter, or press ? or * to list all spells.
You feel a huge surge of power!
The dungeon rumbles!
The hellephant is heavily wounded.
Ka-crash!
Unknown command.
Unknown command.
Unknown command.
Casting: Shatter (mildly dangerous; 1% risk of failure)
Confirm with . or Enter, or press ? or * to list all spells.
You feel a huge surge of power!
The dungeon rumbles!
You kill the hellephant!
Vehumet accepts your kill.
You feel your power returning.
Ka-crash!
A hellwing and a soul eater come into view.
There is a staircase leading out of the dungeon here.
Unknown command.
Unknown command.
The hellwing gives a chilling moan.
You have escaped!

#.## #......................#.###
#..###.........#.............)#..
#....#.........#..........#.#.#..
#.......##.........43.##......#..
#.#.....##.............#.....>#..
#.#..............................
..............................#..
##...##........>.........#....#..
##..##.........@.........#......
#...........................#..
#...........................###
#.....##............##......#
#.....##.............#.....>#
####...[......#.............#
#..........#.........#..##
#....................#.##
##.....................#


You could see a soul eater and a hellwing.

Vanquished Creatures
  Cerebov (Pan)
  Asmodeus (Geh:7)
  The ghost of Haitsiopt the Axe Maniac, a legendary DsGl of Makhleb (Zig:7)
  Antaeus (Coc:7)
  The ghost of SevenDeadlySins the Archmage, a legendary DrCj of Vehumet (Zig:22)
  Ereshkigal (Tar:7)
  the Royal Jelly (Slime:5)
  Gloorx Vloq (Pan)
  the Serpent of Hell (Coc:7)
  Mnoleg (Pan)
  Lom Lobon (Pan)
  Dispater (Dis:7)
  The ghost of Lysca the Sorcerer, a legendary BaSu of Gozag (Zig:22)
  The ghost of Seidenschwarz the Archmage, a legendary DECj of Vehumet (Zig:22)
  The ghost of Piginabag the Conqueror, a legendary DsSk of Gozag (Zig:22)
  The ghost of Teaz Xo Upt the Hoplite, a legendary GnFE of Ashenzari (Zig:22)
  The ghost of swap the Archmage, a legendary DEFE of Vehumet (Zig:7)
  94 dread liches
  8 orbs of fire
  The ghost of wingedge the Lord of Darkness, a legendary MeWn of Kikubaaqudgha (Zig:22)
  The ghost of Rueful the Heavyweight Champion, a legendary TrWr of Qazlal (Zig:7)
  124 ancient liches
  The ghost of reasonance the Bringer of Law, a legendary HOMo of Zin (Zig:22)
  The ghost of Xorhowon the Invulnerable, a legendary MiBe of Trog (Zig:22)
  Khufu (Tomb:3)
  268 pandemonium lords
  The ghost of Lysca the Worldbinder, a legendary FoSu of Uskayaw (Zig:22)
  56 juggernauts
  The ghost of Talannal the Sharpshooter, a legendary GnHW of Cheibriados (Zig:7)
  91 royal mummies
  The ghost of leetdood the Invulnerable, a veteran MiFi of Okawaru (Zig:22)
  34 shard shrikes
  The ghost of Piginabag the Drop of Water, a veteran GnMo of Ru (Zig:7)
  124 Killer Klowns
  2 curse toes
  42 caustic shrikes
  Vashnia (Snake:4)
  A caustic shrike (shapeshifter) (Zig:20)
  Geryon (Hell)
  55 profane servitors
  160 golden dragons
  Nikola (Shoals:3)
  A golden dragon (shapeshifter) (Zig:21)
  4 pearl dragons
  122 bone dragons
  31 Tzitzimimeh
  52 iron giants
  13 doom hounds
  37 electric golems
  64 Brimstone Fiends
  81 Ice Fiends
  88 hellephants
  4 iron giants (shapeshifter)
  29 Orb Guardians
  109 Hell Sentinels
  160 tentacled monstrosities
  Jorgrun (D:15)
  A shard shrike skeleton (Tomb:2)
  49 deep elf master archers
  17 tainted leviathans
  108 searing wretches
  92 liches
  3 walking earthen tomes
  The ghost of mkat the Convoker, an adept DrSu of Ashenzari (Snake:4)
  53 deep elf blademasters
  128 titans
  Asterion (Elf:1)
  An eldritch tentacle (Zig:22)
  29 quicksilver dragons
  9 quicksilver dragons (shapeshifter)
  63 Executioners
  A walking divine tome (Zig:11)
  116 acid blobs
  An acid blob (shapeshifter) (Zig:24)
  108 ancient champions
  44 sphinxes
  88 tentacled starspawn
  4 death cobs
  16 thorn hunters
  Kirke (Elf:1)
  11 shadow dragons (shapeshifter)
  55 storm dragons
  32 tengu reavers
  4 sphinxes (shapeshifter)
  Frances (Shoals:2)
  Donald (Vaults:4)
  6 fenstrider witches (shapeshifter)
  17 fenstrider witches
  3 azure jellies (shapeshifter)
  37 shadow dragons
  A storm dragon (shapeshifter) (Zig:11)
  13 daevas
  79 narguns
  10 fire giants (shapeshifter)
  84 draconian knights
  35 demonspawn warmongers
  The ghost of fortdeath9 the Stickfighter, a journeyman DrBe of Trog (Elf:2)
  190 nagarajas
  79 draconian monks
  39 rockslimes
  90 revenants
  6 frost giants (shapeshifter)
  18 deep elf sorcerers
  105 emperor scorpions
  69 fire giants
  144 orc warlords
  51 azure jellies
  53 vault wardens
  53 quicksilver elementals
  41 iron dragons
  A ghost moth (shapeshifter) (Zig:24)
  206 balrugs
  2 spectral caustic shrikes
  76 curse skulls
  63 draconian scorchers
  61 draconian shifters
  2 iron dragons (shapeshifter) (Zig:24)
  An emperor scorpion (shapeshifter) (Zig:24)
  41 cacodemons
  48 frost giants
  2 caustic shrike zombies
  37 ghouls
  159 ghost moths
  Aizul (Snake:4)
  13 shard shrike simulacra
  A juggernaut zombie (Zig:13)
  62 draconian stormcallers
  9 angels
  51 reapers
  18 broodmothers
  2 spriggan defenders
  44 quicksilver oozes
  9 deep elf elementalists
  4 caustic shrike skeletons
  5 ophanim
  35 demonspawn blood saints
  115 demonspawn corrupters
  47 ironbound preservers
  64 war gargoyles
  89 draconian annihilators
  85 very ugly things
  119 stone giants
  3 juggernaut skeletons
  84 vampire knights
  13 apis
  7 stone giants (shapeshifter)
  A broodmother (shapeshifter) (Zig:20)
  57 deep elf demonologists
  41 green draconians
  16 putrid mouths
  54 bunyips
  43 black draconians
  20 bennus
  33 lorocyprocas
  27 white draconians
  Azrael (D:14)
  16 elemental wellsprings
  22 dire elephants
  3 entropy weavers (shapeshifter)
  A minotaur (Gauntlet)
  8 ironbound thunderhulks
  40 purple draconians
  2 minotaurs (shapeshifter)
  67 eleionomae
  68 deep elf annihilators
  39 red draconians
  12 eleionomae (shapeshifter)
  72 wendigos
  107 entropy weavers
  4 spark wasps (shapeshifter)
  25 yellow draconians
  50 demonspawn black suns
  76 eidola
  42 spark wasps
  9 dire elephants (shapeshifter)
  128 green deaths
  Snorg (Orc:1)
  30 merfolk impalers
  25 jiangshi
  The ghost of TrollFarmer the Fighter, a journeyman GrEE of Sif Muna (Lair:3)
  3 ettins (shapeshifter)
  26 fire dragons
  47 ettins
  58 iron golems
  22 crystal guardians
  80 merfolk javelineers
  A great orb of eyes (shapeshifter) (Zig:24)
  47 deep elf death magi
  59 blizzard demons
  89 mummy priests
  A quicksilver dragon zombie (Zig:13)
  38 great orbs of eyes
  121 shambling mangroves
  57 yaktaur captains
  A spectral spriggan (Crypt:3)
  189 hydras
  10 rakshasas
  33 vault guards
  2 ice dragons (shapeshifter)
  40 ice dragons
  38 ghost crabs
  100 salamander tyrants
  81 deep elf high priests
  2 catoblepae (shapeshifter)
  33 hell beasts
  2 peacekeepers
  8 juggernaut simulacra
  3 boulder beetles (shapeshifter)
  11 caustic shrike simulacra
  4 spriggan zombies
  11 centaur warriors
  12 boulder beetles
  6 alligator snapping turtles (shapeshifter)
  6 catoblepae
  16 merfolk avatars
  A jorogumo (shapeshifter) (Zig:21)
  45 spriggan air magi
  36 naga warriors
  A quicksilver dragon skeleton (Zig:13)
  20 two-headed ogres
  18 jorogumos
  A two-headed ogre (shapeshifter) (Zig:3)
  13 ogre magi
  22 radroaches
  6 spriggan skeletons
  2 radroaches (shapeshifter)
  6 ironbound frosthearts
  8 anacondas (shapeshifter)
  3 hydras (shapeshifter)
  25 anacondas
  6 satyrs
  A spectral frost giant (Zig:1)
  7 deep troll shamans
  14 stokers
  32 alligator snapping turtles
  79 merfolk aquamancers
  An alligator (shapeshifter) (Zig:24)
  107 dancing weapons
  76 death scarabs
  5 tengu warriors
  43 alligators
  13 spriggan berserkers
  23 death yaks
  5 shock serpents (shapeshifter)
  63 hell hogs
  A quicksilver ooze zombie (Crypt:2)
  54 naga sharpshooters
  144 orc high priests
  95 vampire magi
  132 thrashing horrors
  65 shock serpents
  13 deep troll earth magi
  2 spectral nagas
  2 titan zombies
  A bennu skeleton (Crypt:2)
  Urug (Lair:5)
  26 hell knights
  4 titan skeletons
  A spectral storm dragon (Crypt:3)
  Sonja (Lair:5)
  53 sun demons
  72 deep elf knights
  4 storm dragon zombies (Zig:17)
  50 soul eaters
  32 crystal echidnas
  A spectral bunyip (Tar:2)
  64 shadow wraiths
  45 goliath frogs
  181 wretched stars
  13 salamander mystics
  21 skeletal warriors
  55 pharaoh ants
  3 death drakes (shapeshifter)
  32 sixfirhies
  55 deep trolls
  3 goliath frogs (shapeshifter)
  62 iron trolls
  A spectral anaconda (Tar:2)
  2 sea snakes (shapeshifter)
  60 spatial maelstroms
  85 death drakes
  3 iron trolls (shapeshifter)
  7 fire crabs
  30 shadow demons
  18 glowing orange brains
  4 glowing orange brains (shapeshifter)
  5 storm dragon skeletons
  13 sun moths
  3 cherubim
  A spriggan rider (Zig:17)
  3 golden dragon zombies (Zig:20)
  2 anaconda zombies
  165 swamp dragons
  31 sea snakes
  69 flayed ghosts
  20 naga ritualists
  3 deep trolls (shapeshifter)
  7 steelbarb worms (shapeshifter)
  4 orb spiders (shapeshifter)
  A bunyip skeleton (Crypt:2)
  77 orb spiders
  15 wizards
  38 ironbound convokers
  48 spriggan druids
  7 spriggan simulacra
  8 lindwurms
  2 kraken simulacra (Coc:7)
  22 orange crystal statues
  64 deep elf archers
  An iron dragon zombie (Zig:13)
  2 swamp dragons (shapeshifter)
  33 steelbarb worms
  6 quicksilver dragon simulacra
  32 bog bodies
  75 phantasmal warriors
  4 tengu zombies
  23 obsidian statues
  110 deep elf zephyrmancers
  3 lindwurms (shapeshifter)
  4 shadow dragon zombies
  An anaconda skeleton (Hell)
  123 deep elf pyromancers
  4 golden dragon skeletons
  A spectral iron dragon (Crypt:3)
  22 oklob plants (Zig:18)
  A sphinx zombie (Zig:19)
  7 wolf spiders (shapeshifter)
  5 tengu skeletons
  62 ugly things
  60 wolf spiders
  60 orc knights
  27 mana vipers
  7 mana vipers (shapeshifter)
  9 necromancers
  62 harpies
  A shining eye (shapeshifter) (Zig:27)
  21 cyclopes
  2 glowing shapeshifters
  75 orc sorcerers
  3 shadow dragon skeletons
  3 cyclopes (shapeshifter)
  4 manticores (shapeshifter)
  33 manticores
  A frost giant zombie (Crypt:1)
  52 will-o-the-wisps
  A stone giant zombie (Zig:2)
  41 shining eyes
  10 worldbinders
  6 moths of wrath (shapeshifter)
  2 toenail golems
  11 fauns
  8 rust devils
  2 salamanders (shapeshifter)
  7 elephants (shapeshifter)
  28 elephants
  6 fauns (shapeshifter)
  2 fire giant skeletons
  20 merfolk sirens
  2 iron dragon skeletons
  134 black mambas
  A frost giant skeleton (Zig:8)
  6 water nymphs (shapeshifter)
  126 moths of wrath
  74 naga magi
  12 molten gargoyles (Geh:7)
  65 guardian serpents
  A naga zombie (Geh:3)
  Joseph (D:8)
  A black mamba (shapeshifter) (Zig:15)
  21 eyes of devastation
  70 apocalypse crabs
  2 guardian serpents (shapeshifter)
  22 ice statues
  8 titan simulacra
  82 torpor snails
  24 salamanders
  36 vault sentinels
  114 smoke demons
  4 torpor snails (shapeshifter)
  22 orange demons
  A dire elephant skeleton (Tomb:3)
  54 water nymphs
  2 storm dragon simulacra
  4 unseen horrors (shapeshifter)
  14 gargoyles
  28 cane toads
  2 eyes of devastation (shapeshifter)
  2 cane toads (shapeshifter)
  3 komodo dragons (shapeshifter)
  22 rime drakes
  A kobold demonologist (D:14)
  13 efreet
  5 unseen horrors
  108 hellions
  2 purple draconian zombies
  5 anaconda simulacra
  83 tormentors
  2 sea snake zombies (Hell)
  44 demonic crawlers
  29 freezing wraiths
  2 yaktaurs (shapeshifter)
  8 tengu conjurers
  110 ancient zymes
  A rime drake (shapeshifter) (Abyss:3)
  An alligator snapping turtle skeleton (Crypt:3)
  An iron giant simulacrum (Coc:7)
  2 bunyip simulacra (Coc:2)
  26 hellwings
  59 yaktaurs
  111 merfolk
  135 guardian mummies
  2 harpy zombies
  2 hydra zombies
  A purple draconian skeleton (Crypt:1)
  2 golden dragon simulacra
  15 ice devils
  2 spectral harpies
  20 komodo dragons
  A polar bear (shapeshifter) (Zig:22)
  32 tyrant leeches
  3 meliai (shapeshifter)
  19 red devils
  186 hornets
  A sea snake skeleton (Crypt:1)
  A troll (shapeshifter) (Zig:21)
  A silent spectre (Zig:22)
  3 polar bears
  17 bloated husks
  5 merfolk (shapeshifter)
  7 meliai
  31 trolls
  2 shadow dragon simulacra (Zig:24)
  29 tarantellas
  A harpy skeleton (Crypt:2)
  7 tarantellas (shapeshifter)
  23 wind drakes
  3 queen bees (shapeshifter)
  An iron dragon simulacrum (Zig:16)
  A wind drake (shapeshifter) (Zig:24)
  2 wolf spider simulacra
  2 sphinx simulacra
  2 hornets (shapeshifter)
  A tyrant leech (shapeshifter) (Zig:22)
  5 snapping turtles (shapeshifter)
  2 blink frogs (shapeshifter)
  4 dream sheep (shapeshifter)
  An ettin zombie (Tomb:3)
  Grinder (D:3)
  4 hydra skeletons (Hell)
  60 raiju
  7 dream sheep
  3 slime creatures (shapeshifter)
  206 slime creatures
  17 blink frogs
  31 snapping turtles
  2 tengu simulacra (Zig:19)
  69 flying skulls
  2 centaur simulacra
  3 jumping spiders (shapeshifter)
  A culicivora (shapeshifter) (Zig:27)
  29 jumping spiders
  An alligator skeleton (Hell)
  20 small abominations
  8 vampires
  16 shadows
  28 air elementals
  12 wraiths
  24 culicivoras
  32 spriggans
  3 spriggans (shapeshifter)
  45 water elementals
  4 dire elephant simulacra
  2 humans (shapeshifter)
  3 fire bats (Pan)
  2 hogs (shapeshifter) (Zig:24)
  2 yaks (shapeshifter)
  An alligator snapping turtle simulacrum (Coc:2)
  A fire bat (shapeshifter) (Zig:24)
  47 ushabtiu
  6 basilisks
  2 hogs (Elf:1)
  67 yaks
  An unseen horror simulacrum (D:9)
  A basilisk (shapeshifter) (Zig:22)
  8 wyverns
  47 ynoxinuls
  32 fire elementals
  39 chaos spawn
  42 redbacks
  23 golden eyes
  8 steam dragons (Zig:17)
  7 redbacks (shapeshifter)
  27 vampire mosquitoes
  96 neqoxecs
  11 harpy simulacra
  A naga (shapeshifter) (Zig:22)
  43 wargs
  Menkaure (D:7)
  24 spatial vortices
  6 swamp worms (shapeshifter)
  2 hydra simulacra
  183 large abominations
  2 glowing shapeshifter zombies
  29 water moccasins
  90 nagas
  15 floating eyes
  10 acid dragons
  3 glowing shapeshifter skeletons
  A faun skeleton (Crypt:1)
  23 hell hounds
  A water moccasin (shapeshifter) (Zig:24)
  159 orc warriors
  2 floating eyes (shapeshifter)
  2 ice beasts (shapeshifter)
  A sky beast (D:8)
  2 black bears (shapeshifter)
  6 ice beasts
  A merfolk simulacrum (Coc:2)
  6 black bears
  4 ettin simulacra
  5 great orb of eyes simulacra (IceCv)
  An ogre (shapeshifter) (Zig:24)
  13 swamp drakes
  84 ogres
  2 wolves
  A centaur (shapeshifter) (Lair:5)
  A tengu (shapeshifter) (Zig:23)
  8 centaurs
  A snapping turtle skeleton (Crypt:1)
  4 slime creature simulacra (IceCv)
  2 kobold brigands
  12 bullfrogs
  30 earth elementals
  6 glowing shapeshifter simulacra
  4 scorpions
  A scorpion (shapeshifter) (Zig:24)
  A demonspawn simulacrum (Crypt:1)
  4 naga simulacra
  4 necrophages
  14 wights
  8 killer bees (D:11)
  5 howler monkeys
  A wolf zombie (Crypt:2)
  An electric eel (D:6)
  434 starcursed masses
  A quasit (Abyss:3)
  A black bear zombie (Crypt:2)
  2 hounds (D:5)
  30 orc priests
  2 jellies
  3 gnoll boudas
  3 iguanas
  33 orc wizards
  A hell rat (Zig:4)
  A sky beast zombie (Crypt:2)
  A naga skeleton (Crypt:3)
  208 mummies
  16 adders
  2 river rats (Sewer)
  6 white imps
  An ufetubus (D:9)
  2 worms
  A worm (shapeshifter) (Zig:27)
  3 dart slugs
  64 orcs
  8 bats
  6 endoplasms
  4 giant cockroaches
  5 goblins
  10 hobgoblins
  2 jackals (D:4)
  7 quokkas
  18 ball pythons
  6 frilled lizards
  A hobgoblin zombie (Crypt:1)
  17 kobolds
  A quokka zombie (Crypt:2)
  16 rats
  12 ball lightnings
  3 blocks of ice
  76 briar patches
  2 bushes
  5 creeping infernos
  673 fire vortices
  6 plants
  17 starspawn tentacles
  A tentacle (Coc:7)
17783 creatures vanquished.

Vanquished Creatures (collateral kills)
  2 ancient liches
  A juggernaut (Zig:21)
  4 pandemonium lords
  2 Killer Klowns
  A caustic shrike (Zig:25)
  2 bone dragons
  A Tzitzimitl (Zig:9)
  A hellephant (Zig:23)
  An Ice Fiend (Zig:17)
  4 acid blobs
  A titan (Zig:20)
  A sphinx (shapeshifter) (Zig:22)
  An ancient champion (Crypt:1)
  A storm dragon (Zig:15)
  A draconian monk (Zig:8)
  3 shadow dragons
  A shadow dragon (shapeshifter) (Zig:24)
  A revenant (Zig:23)
  A rockslime (Zig:21)
  2 draconian knights
  An emperor scorpion (Zig:17)
  A draconian scorcher (Zig:23)
  A cacodemon (Zig:17)
  A frost giant (Zig:12)
  A fire giant (Zig:27)
  A draconian stormcaller (Zig:11)
  2 draconian shifters
  An orc warlord (Zig:21)
  A broodmother (Zig:18)
  A ghost moth (Zig:26)
  A stone giant (Depths:3)
  2 curse skulls (Zig:23)
  A demonspawn corrupter (Zig:19)
  2 reapers (Zig:17)
  2 very ugly things
  An ironbound preserver (Vaults:1)
  A draconian annihilator (Zig:24)
  A juggernaut skeleton (Crypt:2)
  An ironbound thunderhulk (Vaults:2)
  A vampire knight (Crypt:2)
  3 red draconians
  An apis (Zig:9)
  4 yellow draconians
  A dire elephant (Vaults:1)
  A white draconian (Zig:24)
  A purple draconian (Zig:24)
  A deep elf death mage (Elf:3)
  A green death (Zig:17)
  A shambling mangrove (Zig:15)
  A fire dragon (Depths:1)
  A jiangshi (Crypt:2)
  An eidolon (Zig:22)
  A great orb of eyes (Zig:15)
  A hydra (Zig:15)
  A caustic shrike simulacrum (Coc:7)
  An alligator snapping turtle (shapeshifter) (Zig:15)
  A death scarab (Zig:20)
  An orc high priest (Zig:21)
  2 thrashing horrors
  2 soul eaters
  A deep troll (Vaults:2)
  A storm dragon skeleton (Crypt:3)
  A spatial maelstrom (Zig:22)
  An orange crystal statue (Zig:15)
  3 wizards
  A deep elf archer (Zig:12)
  2 large abominations
  A stone giant zombie (Crypt:2)
  6 slime creatures
  An eye of devastation (Slime:1)
  An apocalypse crab (Zig:20)
  An orange demon (Zig:17)
  A storm dragon simulacrum (Zig:15)
  A rime drake (Zig:16)
  An ice devil (Zig:25)
  An ancient zyme (Zig:22)
  A meliai (Zig:18)
  A tengu simulacrum (Zig:24)
  A blink frog (Zig:22)
  A meliai zombie (Crypt:3)
  A fire dragon zombie (Crypt:3)
  A dream sheep (shapeshifter) (Vaults:5)
  A flying skull (Zig:20)
  3 shadows
  A ynoxinul (Pan)
  A spriggan (shapeshifter) (Zig:11)
  A culicivora (shapeshifter) (Zig:15)
  3 water elementals
  A golden eye (Zig:19)
  A wraith (Zig:22)
  3 chaos spawn
  A neqoxec (Zig:27)
  3 redbacks
  A harpy simulacrum (Coc:2)
  2 water moccasins
  A floating eye (Pan)
  3 floating eyes (shapeshifter)
  An ice beast (Zig:16)
  A centaur (Zig:11)
  A necrophage (Crypt:2)
  A glowing shapeshifter simulacrum (Zig:24)
  46 starcursed masses
  An orc priest (Zig:21)
  5 mummies
  A gnoll skeleton (Crypt:3)
  A quokka zombie (Crypt:3)
  2 briar patches (Zig:26)
  2 fire vortices
  2 foxfires (D:6)
  5 starspawn tentacles
208 creatures vanquished.

Vanquished Creatures (others)
  4 Killer Klowns (Zig:24)
  2 tentacled monstrosities
  6 pandemonium lords (Zig:24)
  2 eldritch tentacles
  A sphinx (shapeshifter) (Zig:21)
  2 thorn hunters
  A shadow dragon (shapeshifter) (Zig:24)
  A shadow dragon (Zig:22)
  A fenstrider witch (shapeshifter) (Zig:24)
  An azure jelly (shapeshifter) (Zig:21)
  A draconian knight (Zig:11)
  A vault warden (Zig:27)
  A fire giant (shapeshifter) (Zig:24)
  A ghost moth (Zig:18)
  2 cacodemons (Zig:25)
  A draconian shifter (Zig:23)
  A ghoul (Zig:20)
  7 very ugly things
  A demonspawn black sun (Zig:22)
  A spark wasp (Zig:18)
  A lorocyproca (Zig:25)
  A black draconian (Zig:4)
  A white draconian (Zig:16)
  A red draconian (Zig:16)
  A deep elf death mage (Zig:22)
  A shambling mangrove (Zig:19)
  A hell beast (Zig:25)
  3 ghost crabs (Zig:22)
  A juggernaut simulacrum (Coc:2)
  A soul eater (Zig:22)
  A wretched star (Zig:27)
  3 death drakes
  A spriggan druid (Zig:19)
  7 swamp dragons
  A steelbarb worm (Zig:27)
  A glowing orange brain (Pan)
  A harpy (Zig:26)
  A deep elf pyromancer (Zig:18)
  A wolf spider (Zig:26)
  3 ugly things
  5 will-o-the-wisps
  8 apocalypse crabs
  A titan simulacrum (Coc:4)
  A torpor snail (Zig:27)
  A rime drake (Zig:16)
  A rime drake (shapeshifter) (Zig:21)
  A komodo dragon (shapeshifter) (Zig:24)
  A golden dragon simulacrum (Coc:7)
  4 bloated husks
  A tarantella (Zig:26)
  17 hornets
  A slime creature (shapeshifter) (Zig:24)
  3 water elementals
  2 spriggans
  A fire bat (Pan)
  A fire bat (shapeshifter) (Zig:24)
  A golden eye (shapeshifter) (Zig:24)
  A vampire mosquito (Zig:19)
  A redback (shapeshifter) (Zig:21)
  3 chaos spawn
  A harpy simulacrum (Coc:7)
  An acid dragon (shapeshifter) (Zig:21)
  A swamp drake (Zig:19)
  A tengu (shapeshifter) (Zig:21)
  An ufetubus (D:8)
  9 ball lightnings
  A block of ice (Zig:21)
  2 briar patches (Zig:18)
  2 bushes (Lair:5)
  A creeping inferno (Geh:3)
  4 demonic plants (Abyss:3)
  4568 fire vortices
  906 foxfires
  83 fungi
  A lurking horror (Abyss:3)
  169 plants
  66 starspawn tentacles
  7 tentacles (Coc:7)
5949 creatures vanquished.

Grand Total: 23940 creatures vanquished

Notes
Turn   | Place    | Note
-------+----------+-------------------------------------------
     0 | D:1      | TittyCrusher the Hill Orc Fire Elementalist began the quest
                  | for the Orb.
     0 | D:1      | Reached XP level 1. HP: 14/14 MP: 3/3
   181 | D:1      | Reached XP level 2. HP: 20/20 MP: 1/5
   184 | D:1      | Learned a level 2 spell: Scorch
  1026 | D:2      | Reached XP level 3. HP: 26/26 MP: 4/6
  1092 | D:2      | Found a faded altar of an unknown god.
  1543 | D:2      | Learned a level 3 spell: Conjure Flame
  2451 | D:3      | Found Duxit's Weapon Emporium.
  2554 | D:3      | Reached XP level 4. HP: 33/33 MP: 4/8
  2989 | D:3      | Noticed Grinder
  2998 | D:3      | Killed Grinder
  2999 | D:3      | Reached XP level 5. HP: 38/38 MP: 9/9
  2999 | D:3      | Reached XP level 6. HP: 45/45 MP: 10/10
  3010 | D:3      | Learned a level 4 spell: Flame Wave
  3241 | D:4      | Reached skill level 5 in Fire Magic
  3254 | D:4      | Found a glowing drain.
  3258 | Sewer    | Entered a sewer
  3410 | Sewer    | Reached XP level 7. HP: 50/50 MP: 8/11
  4308 | D:4      | Found a stormy altar of Qazlal.
  4769 | D:4      | Found a basalt altar of Yredelemnul.
  4969 | D:5      | Entered Level 5 of the Dungeon
  5059 | D:5      | Identified the +1 leather armour "Jiejorev" {rElec Regen+}
  5222 | D:5      | Reached XP level 8. HP: 57/57 MP: 9/12
  5256 | D:5      | Reached skill level 5 in Conjurations
  5699 | D:6      | Noticed a yak
  5700 | D:6      | Noticed a yak
  5708 | D:6      | Killed a yak
  5720 | D:6      | Killed a yak
  5838 | D:6      | Noticed a yak
  5838 | D:6      | Noticed a yak
  5847 | D:6      | Killed a yak
  5873 | D:6      | Noticed a yak
  5879 | D:6      | Killed a yak
  5888 | D:6      | Killed a yak
  5889 | D:6      | Reached XP level 9. HP: 62/62 MP: 8/13
  6020 | D:6      | You are sucked into a shaft and drop 1 floor!
  6181 | D:7      | Found Ameogor's Magic Scroll Boutique.
  6211 | D:7      | Bought a scroll of poison for 44 gold pieces
  6211 | D:7      | Bought a scroll of identify for 22 gold pieces
  6211 | D:7      | Bought a scroll of blinking for 82 gold pieces
  6212 | D:7      | Bought a scroll of teleportation for 33 gold pieces
  6303 | D:6      | Found a staircase to the Ecumenical Temple.
  6312 | Temple   | Entered the Ecumenical Temple
  6335 | Temple   | Became a worshipper of Vehumet
  7081 | D:7      | Found an opulent altar of Gozag.
  7095 | D:7      | Noticed Menkaure
  7101 | D:7      | Killed Menkaure
  7835 | D:7      | Found a broken altar of Ashenzari.
  7862 | D:7      | Found a white marble altar of Elyvilon.
  7965 | D:8      | Reached skill level 1 in Shields
  8046 | D:8      | Reached skill level 5 in Shields
  8046 | D:8      | Reached XP level 10. HP: 68/69 MP: 0/16
  8089 | D:8      | Reached * piety under Vehumet
  8089 | D:8      | Offered knowledge of Sandblast by Vehumet.
  8272 | D:8      | Reached skill level 1 in Armour
  8552 | D:8      | Noticed Joseph
  8562 | D:8      | Killed Joseph
  8819 | D:8      | Reached skill level 5 in Armour
  8983 | D:8      | Found a bloodstained altar of Trog.
  9592 | D:9      | Reached ** piety under Vehumet
  9592 | D:9      | Offered knowledge of Searing Ray by Vehumet.
  9649 | D:9      | Reached skill level 1 in Fighting
  9697 | D:9      | Found Jisehepta's General Store.
  9706 | D:9      | Bought a scroll of enchant armour for 90 gold pieces
  9706 | D:9      | Bought a scroll of teleportation for 36 gold pieces
  9706 | D:9      | Bought a scroll of identify for 24 gold pieces
  9775 | D:9      | Reached XP level 11. HP: 85/85 MP: 3/17
  9941 | D:9      | Reached skill level 5 in Fighting
 10191 | D:9      | Noticed a two-headed ogre
 10205 | D:9      | Killed a two-headed ogre
 10396 | D:9      | Found a hazy altar of Hepliaklqana.
 10435 | D:9      | Offered knowledge of Static Discharge by Vehumet.
 10696 | D:10     | Entered Level 10 of the Dungeon
 10714 | D:10     | Reached *** piety under Vehumet
 11014 | D:10     | Reached skill level 5 in Spellcasting
 11015 | D:10     | Offered knowledge of Stone Arrow by Vehumet.
 11092 | D:10     | Found a portal to a secret trove of treasure.
 11708 | D:10     | Learned a level 3 spell: Stone Arrow
 11742 | D:11     | Noticed a cyclops
 11775 | D:11     | Killed a cyclops
 11826 | D:11     | Reached **** piety under Vehumet
 11931 | D:11     | Offered knowledge of Irradiate by Vehumet.
 11939 | D:11     | Learned a level 5 spell: Irradiate
 12203 | D:11     | Found a staircase to the Lair.
 12385 | D:11     | Noticed a cyclops
 12396 | D:11     | Killed a cyclops
 12419 | D:11     | Reached skill level 10 in Conjurations
 12419 | D:11     | Reached XP level 12. HP: 101/101 MP: 4/22
 12525 | D:11     | Identified the +5 dagger "Demonslayer" {protect, rElec rC+
                  | Str-3 Dex+4}
 12792 | D:11     | Found a staircase to the Orcish Mines.
 13074 | Lair:1   | Entered Level 1 of the Lair of Beasts
 13977 | Lair:1   | Learned a level 2 spell: Blink
 14273 | Lair:2   | Reached skill level 1 in Translocations
 14484 | Lair:2   | Reached ***** piety under Vehumet
 14608 | Lair:2   | Found a staircase to the Shoals.
 14681 | Lair:2   | Learned a level 3 spell: Frozen Ramparts
 14695 | Lair:2   | Offered knowledge of Fireball by Vehumet.
 14696 | Lair:2   | Reached skill level 1 in Ice Magic
 14943 | Lair:2   | Identified the +9 sling "Grim Tooth" {vorpal, Int+6 Dex-2}
 15137 | Lair:3   | Identified the +0 ring mail of Vuighan {Drain Str+4 Slay+2}
 15184 | Lair:3   | Found a transporter.
 15188 | Lair:3   | Found a transporter.
 15212 | Lair:3   | Reached skill level 5 in Ice Magic
 15212 | Lair:3   | Reached XP level 13. HP: 103/107 MP: 13/23
 15232 | Lair:3   | Noticed TrollFarmer's ghost (journeyman GrEE)
 15278 | Lair:3   | Found a dark tunnel.
 15286 | Volcano  | Entered a volcano
 15602 | Lair:3   | Found a staircase to the Snake Pit.
 15750 | Lair:3   | Identified the +0 ring mail "Arphat Ukeq" {rElec Will++
                  | rCorr Str-4}
 16298 | Lair:4   | Learned a level 5 spell: Fireball
 16911 | Lair:4   | Found a staircase to the Slime Pits.
 16911 | Lair:4   | Found a viscous altar of Jiyva.
 17332 | Lair:5   | Entered Level 5 of the Lair of Beasts
 17351 | Lair:5   | Reached skill level 10 in Fire Magic
 17408 | Lair:5   | Reached XP level 14. HP: 100/114 MP: 22/26
 17455 | Lair:5   | Noticed Urug
 17489 | Lair:5   | Noticed Sonja
 17494 | Lair:5   | Killed Sonja
 17636 | Lair:5   | Found a gate leading to a gauntlet.
 17647 | Gauntlet | Entered a Gauntlet
 17647 | Gauntlet | Found a transporter.
 17647 | Gauntlet | Found a transporter.
 17652 | Gauntlet | Found a transporter.
 17667 | Gauntlet | Found a transporter.
 17681 | Gauntlet | Found a transporter.
 17694 | Gauntlet | Found a transporter.
 17783 | Gauntlet | Found a transporter.
 17798 | Gauntlet | Found a transporter.
 17820 | Gauntlet | Found a transporter.
 17827 | Gauntlet | Found a transporter.
 17902 | Gauntlet | Found a transporter.
 17912 | Gauntlet | Found a transporter.
 17922 | Gauntlet | Found a transporter.
 17922 | Gauntlet | Found a transporter.
 17946 | Gauntlet | Found a transporter.
 17957 | Gauntlet | Found a transporter.
 18373 | Gauntlet | Identified the +1 pair of gloves of Kureas {rPois rC- Str+5
                  | Dex+2}
 18926 | Lair:5   | Killed Urug
 18937 | Lair:5   | Offered knowledge of Iskenderun's Battlesphere by Vehumet.
 19063 | Lair:5   | Reached XP level 15. HP: 69/121 MP: 6/28
 19436 | Lair:5   | Reached skill level 10 in Spellcasting
 19601 | Lair:5   | Found a corrupted altar of Lugonu.
 19678 | Lair:5   | Found a one-way gate to the infinite horrors of the Abyss.
 19688 | Lair:5   | Identified the +2 robe of Polish {rPois Regen+ Str-3
                  | Archmagi}
 20703 | D:13     | Identified a scroll of acquirement
 20706 | D:13     | Acquired the ring of Haps {rElec SInv Stlth+}
 20810 | D:13     | Paralysed by an ogre mage for 2 turns
 20928 | D:13     | Found a gate to the Vaults.
 21273 | D:14     | Offered knowledge of Lightning Bolt by Vehumet.
 21434 | D:14     | Noticed Azrael
 21448 | D:14     | Killed Azrael
 21527 | D:14     | Found a glowing golden altar of the Shining One.
 21695 | D:14     | Identified the -2 pair of boots of Imnakk {rC+ Str+4 Int-3}
 21795 | D:14     | Found Ixtibb Bucru's Armour Shoppe.
 21896 | D:15     | Entered Level 15 of the Dungeon
 21939 | D:15     | Found a frozen archway.
 21948 | IceCv    | Entered an ice cave
 22267 | IceCv    | Reached skill level 15 in Conjurations
 22314 | IceCv    | Noticed an azure jelly
 22317 | IceCv    | Noticed an azure jelly
 22319 | IceCv    | Killed an azure jelly
 22320 | IceCv    | Reached XP level 16. HP: 127/127 MP: 23/31
 22321 | IceCv    | Killed an azure jelly
 22321 | IceCv    | Noticed a rockslime
 22486 | IceCv    | Identified the +0 ring mail of Limited Liability {rC+
                  | Regen+}
 22551 | IceCv    | Killed a rockslime
 22653 | IceCv    | Found a viscous altar of Jiyva.
 22701 | IceCv    | Learned a level 5 spell: Freezing Cloud
 22953 | D:15     | Reached ****** piety under Vehumet
 23133 | D:15     | Offered knowledge of Spellforged Servitor by Vehumet.
 23137 | D:15     | Found a staircase to the Depths.
 23211 | D:15     | Noticed Jorgrun
 23215 | D:15     | Killed Jorgrun
 23509 | Orc:1    | Entered Level 1 of the Orcish Mines
 23509 | Orc:1    | Found a roughly hewn altar of Beogh.
 23704 | Orc:1    | Found a roughly hewn altar of Beogh.
 23801 | Orc:1    | Found Jaileif's Magic Scroll Boutique.
 23860 | Orc:1    | Found Lexkamna's Assorted Antiques.
 24040 | Orc:2    | Entered Level 2 of the Orcish Mines
 24040 | Orc:2    | Found Ulukheif's Antique Weapon Emporium.
 24087 | Orc:2    | Noticed Snorg
 24099 | Orc:1    | Killed Snorg
 24180 | Orc:2    | Found Beuhuff's Jewellery Boutique.
 24258 | Orc:2    | Found a staircase to the Elven Halls.
 24446 | Orc:2    | Found Goocehup's Distillery.
 24450 | Orc:2    | Reached skill level 15 in Fire Magic
 24454 | Orc:2    | Offered knowledge of Ozocubu's Refrigeration by Vehumet.
 24467 | Orc:2    | Found Kasousuqon's Antique Weapon Boutique.
 24485 | Orc:2    | Found Bueho's Antique Weapon Shoppe.
 24486 | Orc:2    | Found Koryff's General Store.
 24650 | Orc:2    | Found Oshradd's Weapon Boutique.
 24669 | Orc:2    | Found Cituj's Assorted Antiques.
 24877 | Orc:1    | Bought a golden ring for 150 gold pieces
 24883 | Orc:1    | Bought a potion of curing for 90 gold pieces
 24883 | Orc:1    | Bought a scroll of immolation for 120 gold pieces
 24883 | Orc:1    | Bought a potion of magic for 240 gold pieces
 24952 | Orc:2    | Bought a scroll of teleportation for 33 gold pieces
 24952 | Orc:2    | Bought a scroll of fog for 44 gold pieces
 24963 | Orc:2    | Bought a potion of curing for 42 gold pieces
 24963 | Orc:2    | Bought a potion of curing for 42 gold pieces
 24963 | Orc:2    | Bought a potion of curing for 42 gold pieces
 25079 | Shoals:1 | Entered Level 1 of the Shoals
 25940 | Shoals:2 | Found a transporter.
 25988 | Shoals:2 | Reached XP level 17. HP: 134/134 MP: 27/32
 25999 | Shoals:2 | Offered knowledge of Lee's Rapid Deconstruction by Vehumet.
 26008 | Shoals:2 | Noticed Frances
 26013 | Shoals:2 | Killed Frances
 26360 | Shoals:2 | Found a transporter.
 26933 | Shoals:3 | Noticed Nikola
 26943 | Shoals:3 | Killed Nikola
 27625 | Shoals:4 | Entered Level 4 of the Shoals
 27625 | Shoals:4 | Found Gahoall's Magic Scroll Shop.
 27757 | Shoals:4 | Reached XP level 18. HP: 141/141 MP: 27/33
 27864 | Shoals:4 | Found Cudosmo's Assorted Antiques.
 27893 | Shoals:4 | Got a barnacled rune of Zot
 28039 | Shoals:4 | Got the Book of the Kinetic Voyage
 28213 | Shoals:4 | Found the +7 great mace "Firestarter" {inner flame, rF++}
 28281 | Shoals:4 | Reached XP level 19. HP: 108/147 MP: 13/34
 28332 | Shoals:4 | Identified the +2 pair of boots of Woaluzug {rElec rC+
                  | Regen+ Dex-2}
 28573 | Snake:1  | Entered Level 1 of the Snake Pit
 28767 | Snake:1  | Found Alownus's Jewellery Shoppe.
 28767 | Snake:1  | Found Weusedgh's Book Boutique.
 28768 | Snake:1  | Found Retiet's Book Boutique.
 28773 | Snake:1  | Bought a book of Spectacle for 608 gold pieces
 28780 | Snake:1  | Learned a level 6 spell: Starburst
 28786 | Snake:1  | Bought a +6 ring of intelligence for 504 gold pieces
 29055 | Snake:1  | Offered knowledge of Orb of Destruction by Vehumet.
 29377 | Snake:1  | Identified the +6 war axe of Fyij {protect, rElec Str-5
                  | Int+4 Dex+4}
 30278 | Orc:2    | Bought a scroll of amnesia for 124 gold pieces
 30287 | Orc:2    | Learned a level 7 spell: Orb of Destruction
 30759 | Snake:3  | Offered knowledge of Fire Storm by Vehumet.
 30759 | Snake:3  | Offered knowledge of Shatter by Vehumet.
 30759 | Snake:3  | Offered knowledge of Ignition by Vehumet.
 31917 | Snake:3  | Identified the +3 scimitar "Sarcophage" {drain, Str+2}
 32331 | Snake:4  | Entered Level 4 of the Snake Pit
 32331 | Snake:4  | Found a transporter.
 32334 | Snake:4  | Noticed Vashnia
 32341 | Snake:4  | Noticed mkat's ghost (adept DrSu)
 32344 | Snake:4  | Found a transporter.
 32347 | Snake:4  | Killed Vashnia
 32783 | Snake:4  | Noticed Aizul
 32786 | Snake:4  | Killed Aizul
 32829 | Snake:4  | Reached XP level 20. HP: 155/155 MP: 25/38
 33254 | Snake:4  | Got a serpentine rune of Zot
 33467 | Lair:3   | Killed TrollFarmer's ghost
 33504 | Lair:3   | Identified the +0 ring mail of the Snake Pit {rC++ Will+
                  | Int+4}
 33648 | Elf:1    | Entered Level 1 of the Elven Halls
 33928 | Elf:1    | Reached skill level 15 in Spellcasting
 34154 | Elf:1    | Identified the ring "Ymadur" {+Blink Will+ Int+6 Dex+2}
 34238 | Elf:1    | Noticed Asterion
 34242 | Elf:1    | Killed Asterion
 34273 | Elf:1    | Noticed Kirke
 34282 | Elf:1    | Killed Kirke
 34743 | Elf:2    | Found Jogum's General Store.
 34873 | Elf:2    | Found Memal's Armour Shoppe.
 34921 | Elf:2    | Found a runed translucent door.
 34924 | Elf:2    | Noticed fortdeath9's ghost (journeyman DrBe)
 34933 | Elf:2    | Killed fortdeath9's ghost
 34995 | Elf:2    | Found Zocynoop's Armour Shop.
 35021 | Elf:2    | Found Levvurec's Antique Weapon Emporium.
 35228 | Elf:2    | Found a huge runed translucent gate.
 35228 | Elf:2    | Found a huge runed translucent gate.
 35228 | Elf:2    | Found a huge runed translucent gate.
 35228 | Elf:2    | Found a huge runed translucent gate.
 35231 | Elf:2    | Found a huge runed translucent gate.
 35310 | Elf:2    | Learned a level 9 spell: Fire Storm
 35513 | Elf:3    | Entered Level 3 of the Elven Halls
 36184 | Elf:3    | Reached XP level 21. HP: 54/160 MP: 41/41
 36755 | Elf:3    | Identified the +7 spear of Homal Poo {flame, MP+9 Dex+3}
 36755 | Elf:3    | Identified the +8 shadow dragon scales of Dofinkao {rC+
                  | Int+2 Dex-5 Stlth++++}
 36823 | Elf:3    | Got the Tome of Vapour
 37173 | Orc:2    | Bought a scroll of enchant armour for 82 gold pieces
 37469 | Shoals:4 | Bought a scroll of enchant armour for 112 gold pieces
 37469 | Shoals:4 | Bought a scroll of enchant armour for 112 gold pieces
 37469 | Shoals:4 | Bought a scroll of teleportation for 45 gold pieces
 37469 | Shoals:4 | Bought a scroll of teleportation for 45 gold pieces
 37722 | Snake:4  | Killed mkat's ghost
 37954 | Vaults:1 | Entered Level 1 of the Vaults
 38489 | Vaults:1 | You fall into a shaft and drop 1 floor!
 38662 | Vaults:2 | Found Utruel's Weapon Shop.
 38713 | Vaults:2 | Reached XP level 22. HP: 144/168 MP: 42/42
 38939 | Vaults:1 | Found Itro's Jewellery Emporium.
 39595 | Vaults:2 | Reached skill level 10 in Fighting
 40548 | Vaults:3 | Found a staircase to the Crypt.
 40557 | Crypt:1  | Entered Level 1 of the Crypt
 40897 | Crypt:1  | Acquired 1040 gold pieces
 41336 | Crypt:2  | Reached skill level 1 in Evocations
 41568 | Crypt:2  | Reached XP level 23. HP: 198/198 MP: 35/43
 41575 | Crypt:2  | Reached skill level 5 in Evocations
 42022 | Crypt:3  | Entered Level 3 of the Crypt
 42164 | Crypt:3  | Identified the +2 long sword of Sacewa Dabb {vorpal, rPois
                  | rN+}
 42345 | Crypt:3  | Found a staircase to the Tomb.
 42580 | Crypt:3  | Reached skill level 10 in Evocations
 42774 | Crypt:3  | Found a basalt altar of Yredelemnul.
 42962 | Crypt:3  | Identified the ring "Gupte" {Fly rN+}
 42962 | Crypt:3  | Identified the ring of Firhu {rN+ Will+}
 43199 | Crypt:3  | Identified the +7 demon blade of Greed {elec, rPois SInv}
 43201 | Crypt:3  | Identified the ring "Xutiz" {rF- rCorr MP+9 Int+2 Stlth+}
 43766 | Vaults:3 | Reached skill level 5 in Dodging
 43806 | Vaults:3 | Learned a level 9 spell: Polar Vortex
 44236 | Vaults:4 | Reached XP level 24. HP: 204/205 MP: 32/43
 44453 | Vaults:4 | Noticed Donald
 44454 | Vaults:4 | Killed Donald
 45376 | Slime:1  | Entered Level 1 of the Pits of Slime
 46073 | Slime:2  | Reached skill level 10 in Dodging
 46555 | Slime:3  | Gained mutation: You have hidden genetic defects. [a
                  | shining eye]
 46557 | Slime:3  | Lost mutation: You have hidden genetic defects. [potion of
                  | mutation]
 46557 | Slime:3  | Gained mutation: Your flesh is cold resistant. (rC+)
                  | [potion of mutation]
 47497 | Slime:5  | Entered Level 5 of the Pits of Slime
 47526 | Slime:5  | Killed the Royal Jelly
 47694 | Slime:5  | Found the ring of the Hare {EV+8}
 47712 | Slime:5  | Got the Guidebook on the Toxic Grave
 47737 | Slime:5  | Got Iwamerch's Papyrus of the Undead and the Sky
 47741 | Slime:5  | Got a slimy rune of Zot
 47758 | Slime:5  | Identified the ring "Jerus" {Will++ Int+6}
 48011 | D:10     | You paid a toll of 6 scrolls of blinking to enter a
                  | treasure trove
 48012 | Trove    | Entered a treasure trove
 48017 | Trove    | Found the +2 cloak of the Thief {*Fog Slay-2 SInv Stlth+}
 48030 | Trove    | Identified the amulet "Juanic" {Spirit -Tele Contam rCorr
                  | Slay+4}
 48035 | Trove    | Identified the amulet "Nuuraryg" {Spirit rElec}
 48037 | Trove    | Identified the ring of Cinn {rC+ Slay+4}
 48039 | Trove    | Identified the +1 pair of gloves of the Abyss {Harm Rampage
                  | Str+7 Dex-2}
 48404 | Vaults:5 | Entered Level 5 of the Vaults
 48407 | Vaults:5 | Reached XP level 25. HP: 212/212 MP: 43/43
 48607 | Vaults:5 | Identified the +0 scale mail "Qytsazaph" {Str+2}
 48622 | Vaults:5 | Noticed a dread lich
 48624 | Vaults:5 | Noticed an ancient lich
 48625 | Vaults:5 | Killed an ancient lich
 48625 | Vaults:5 | Killed a dread lich
 48627 | Vaults:5 | Noticed an ancient lich
 48632 | Vaults:5 | Killed an ancient lich
 49069 | Vaults:5 | Identified the ring of Disaster {rElec rPois Will- Str+6
                  | Int+4}
 49191 | Vaults:5 | Got a silver rune of Zot
 49675 | Vaults:5 | Identified the +4 ring mail of the Equator {Will+ MP+9}
 50017 | Orc:2    | Bought a smoking broad axe for 342 gold pieces
 50017 | Orc:2    | Identified the +5 broad axe of the Brain {freeze, Str+5}
                  | (You bought it in a shop on level 2 of the Orcish Mines)
 50892 | Shoals:4 | Bought a scroll of enchant weapon for 112 gold pieces
 51614 | Depths:1 | Entered Level 1 of the Depths
 51618 | Depths:1 | Reached XP level 26. HP: 220/220 MP: 31/45
 51748 | Depths:1 | Reached skill level 10 in Ice Magic
 51887 | Depths:1 | Found a gateway to Hell.
 52774 | Depths:1 | Found a one-way gate leading to the halls of Pandemonium.
 53191 | Depths:2 | Found a glowing silver altar of Zin.
 53191 | Depths:2 | Found a radiant altar of Vehumet.
 53192 | Depths:2 | Found a burning altar of Makhleb.
 53737 | Depths:2 | Identified the +9 dagger "Muhuojaj" {speed, rElec rPois
                  | Dex-3}
 54080 | Depths:2 | Identified the +0 troll leather armour of Obatuv {Regen+
                  | Str+3}
 54130 | Depths:2 | Got the Compilation of Ghastly Interference
 54400 | Depths:3 | Reached XP level 27. HP: 226/226 MP: 27/45
 55064 | Depths:3 | Reached skill level 15 in Ice Magic
 55204 | Depths:3 | Found a shimmering altar of Xom.
 55454 | Depths:4 | Entered Level 4 of the Depths
 55454 | Depths:4 | Found a one-way gateway to a ziggurat.
 55731 | Depths:4 | Found a hazy altar of Hepliaklqana.
 55838 | Depths:4 | Found a gate to the Realm of Zot.
 56064 | Zig:1    | Entered Level 1 of a ziggurat
 56080 | Zig:2    | Entered Level 2 of a ziggurat
 56111 | Zig:3    | Entered Level 3 of a ziggurat
 56138 | Zig:3    | Identified the amulet of Orit {RegenMP rF+ Str+4 Int+2
                  | Dex+3}
 56158 | Zig:4    | Entered Level 4 of a ziggurat
 56194 | Zig:4    | Learned a level 9 spell: Shatter
 56196 | Zig:4    | Learned a level 1 spell: Apportation
 56199 | Zig:5    | Entered Level 5 of a ziggurat
 56244 | Zig:6    | Entered Level 6 of a ziggurat
 56282 | Zig:6    | Identified the ring of Makhleb's Fury {rF+ Will+ Dex+6}
 56289 | Zig:7    | Entered Level 7 of a ziggurat
 56295 | Zig:7    | Noticed a juggernaut
 56295 | Zig:7    | Noticed a juggernaut
 56296 | Zig:7    | Killed a juggernaut
 56296 | Zig:7    | Killed a juggernaut
 56316 | Zig:7    | Identified the +9 mace of Propriety {freeze, *Noise rPois
                  | rC- Dex+3}
 56323 | Zig:8    | Entered Level 8 of a ziggurat
 56430 | Zig:8    | Identified the +1 sling of the Shoals {freeze, *Corrode rC+
                  | Int+5}
 56433 | Zig:9    | Entered Level 9 of a ziggurat
 56465 | Zig:9    | Identified the +5 whip of Causeol {vorpal, rC+}
 56472 | Zig:9    | Identified the +0 robe of Cuofov {Will+}
 56477 | Zig:10   | Entered Level 10 of a ziggurat
 56535 | Zig:11   | Entered Level 11 of a ziggurat
 56591 | Zig:11   | Identified the amulet "Dimpufib" {RegenMP +Blink Will+}
 56624 | Zig:12   | Entered Level 12 of a ziggurat
 56635 | Zig:12   | Noticed Impa the pandemonium lord
 56636 | Zig:12   | Noticed Vizaoklar the pandemonium lord
 56637 | Zig:12   | Killed Irhassyu the pandemonium lord
 56638 | Zig:12   | Killed Vizaoklar the pandemonium lord
 56639 | Zig:12   | Killed Impa the pandemonium lord
 56642 | Zig:12   | Noticed Happug the pandemonium lord
 56643 | Zig:12   | Killed Happug the pandemonium lord
 56753 | Zig:12   | Identified the ring of Tiggaitt {rPois Will+ Str+2 Int+4}
 56755 | Zig:12   | Identified the +3 leather armour of the Hall of Blades {rN+
                  | rCorr Dex+4}
 56756 | Zig:12   | Identified the +4 mace of the Countless Suns {vorpal,
                  | *Noise rElec Dex+3 Stlth+}
 56757 | Zig:12   | Identified the ring of the Gnashing Gods {rF+ rN+ MP+9
                  | Str+3 Stlth-}
 56777 | Zig:13   | Entered Level 13 of a ziggurat
 56790 | Zig:13   | Noticed an orb of fire
 56793 | Zig:13   | Killed an orb of fire
 56795 | Zig:13   | Noticed an orb of fire
 56798 | Zig:13   | Killed an orb of fire
 56851 | Zig:14   | Entered Level 14 of a ziggurat
 56911 | Zig:15   | Entered Level 15 of a ziggurat
 56943 | Zig:15   | Identified the +9 chain mail of Death's Door {Harm rF-
                  | Regen+ Dex-5}
 56957 | Zig:15   | Identified the +2 ring mail "Pyclo" {MP+9 Stlth+}
 56959 | Zig:15   | Identified the +10 spear of Insomnia {vorpal, rC+}
 56962 | Zig:15   | Identified the +8 hand axe of Contradiction {vorpal, Fly
                  | rPois Str-2 Stlth-}
 56963 | Zig:15   | Identified the +0 helmet of Hide-and-Seek {rElec}
 56964 | Zig:15   | Identified the +7 hand axe of the Bedazzling Gods {freeze,
                  | Will+ Int+2}
 56965 | Zig:15   | Identified the +5 chain mail of the Cricket {rCorr}
 56970 | Zig:15   | Identified the ring of Boismeab {Fly MP+9}
 56973 | Zig:15   | Identified the +0 ring mail "Xoneif" {*Corrode rC+++ rN+++
                  | Str-2}
 56978 | Zig:16   | Entered Level 16 of a ziggurat
 56988 | Zig:16   | Reached skill level 1 in Earth Magic
 56997 | Zig:16   | Reached skill level 5 in Earth Magic
 57017 | Zig:16   | Found the +9 staff of Wucad Mu {*channel}
 57018 | Zig:16   | Found the +3 pair of gauntlets of War {Slay+5}
 57019 | Zig:16   | Found the +7 captain's cutlass {speed, disarm}
 57023 | Zig:16   | Identified the +10 hand axe of Dithmenos's Approval {chaos,
                  | rElec rC++}
 57056 | Zig:16   | Identified the +4 scale mail of the Swamp {Rampage rF-
                  | rCorr Int+8}
 57066 | Zig:17   | Entered Level 17 of a ziggurat
 57129 | Zig:17   | Reached skill level 10 in Earth Magic
 57130 | Zig:17   | Identified the +2 buckler of Prudence {rC+ Int+3 Stlth+}
 57158 | Zig:17   | Got Sif Muna's Volume of Grim Congelation
 57166 | Zig:17   | Identified the +1 bardiche of Rotation {flame, rN+ Dex-5
                  | SInv}
 57180 | Zig:17   | Identified the +2 plate armour of Makhleb's Displeasure
                  | {+Inv Fly Int+2}
 57187 | Zig:18   | Entered Level 18 of a ziggurat
 57230 | Zig:18   | Found the brooch of Shielding {Spirit SH+8}
 57259 | Zig:18   | Identified the +6 scimitar of Guroroso {holy, *Noise Int+6
                  | Dex+3 Stlth+}
 57265 | Zig:18   | Identified the ring "Moomey" {rElec rPois rC+ rCorr Str+7}
 57279 | Zig:18   | Identified the +3 long sword "Yliheumn" {flame, *Corrode
                  | Str+6 Dex+6}
 57282 | Zig:18   | Identified the +1 shortbow of Gubrujuo {speed, rF++ SInv}
 57283 | Zig:18   | Identified the amulet "Vupsuquz" {Spirit -Tele MP+9 Stlth+}
 57304 | Zig:19   | Entered Level 19 of a ziggurat
 57325 | Zig:19   | Noticed an ancient lich
 57326 | Zig:19   | Killed an ancient lich
 57329 | Zig:19   | Reached skill level 15 in Earth Magic
 57446 | Zig:19   | Identified the +8 great mace "Hiydwiubu" {vorpal, rPois
                  | rCorr Int+3}
 57452 | Zig:19   | Identified the +3 morningstar "Itirolul" {vorpal, Fragile
                  | rC++ rCorr Int+4}
 57466 | Zig:19   | Got the Guidebook on Blistering Profane Deeds
 57468 | Zig:19   | Identified the ring "Qyutyjae" {Dex+6 Stlth+}
 57482 | Zig:20   | Entered Level 20 of a ziggurat
 57529 | Zig:20   | Found the +8 Vampire's Tooth {vamp}
 57530 | Zig:20   | Found the +5 demon whip "Spellbinder" {antimagic, Will+}
 57532 | Zig:20   | Found the +2 Maxwell's thermic engine {flame, freeze}
 57536 | Zig:20   | Identified the +1 scale mail of Fuaneo {Str-3 Int+7}
 57542 | Zig:20   | Identified the +5 great mace "Sepner Zora" {antimagic,
                  | *Noise rPois rCorr Int+7}
 57545 | Zig:20   | Identified the +8 sling of a Thousand Friends {flame, rPois
                  | rC- rN+}
 57571 | Zig:21   | Entered Level 21 of a ziggurat
 57584 | Zig:21   | Noticed a juggernaut
 57587 | Zig:21   | Killed a juggernaut
 57590 | Zig:21   | Noticed a juggernaut
 57592 | Zig:21   | Noticed a juggernaut
 57593 | Zig:21   | Killed a juggernaut
 57595 | Zig:21   | Killed a juggernaut
 57595 | Zig:21   | Noticed a juggernaut
 57595 | Zig:21   | Noticed a juggernaut
 57596 | Zig:21   | Killed a juggernaut
 57597 | Zig:21   | Killed a juggernaut
 57602 | Zig:21   | Noticed a juggernaut
 57604 | Zig:21   | Killed a juggernaut
 57626 | Zig:21   | Found the +8 demon trident "Rift" {distort, reach+}
 57640 | Zig:21   | Identified the +0 robe of the Turtle {rPois}
 57643 | Zig:21   | Identified the +0 leather armour "Casum" {Dex+4}
 57674 | Zig:21   | Identified the +6 plate armour of Baldness {Regen+}
 57681 | Zig:22   | Entered Level 22 of a ziggurat
 57702 | Zig:22   | Noticed Xorhowon's ghost (legendary MiBe)
 57703 | Zig:22   | Noticed Piginabag's ghost (legendary DsSk)
 57705 | Zig:22   | Noticed Lysca's ghost (legendary BaSu)
 57705 | Zig:22   | Noticed Teaz Xo Upt's ghost (legendary GnFE)
 57705 | Zig:22   | Noticed Seidenschwarz's ghost (legendary DECj)
 57706 | Zig:22   | Killed Seidenschwarz's ghost
 57706 | Zig:22   | Noticed Lysca's ghost (legendary FoSu)
 57708 | Zig:22   | Killed Teaz Xo Upt's ghost
 57708 | Zig:22   | Killed Lysca's ghost
 57709 | Zig:22   | Killed Lysca's ghost
 57712 | Zig:22   | Killed Piginabag's ghost
 57714 | Zig:22   | Killed Xorhowon's ghost
 57714 | Zig:22   | Noticed reasonance's ghost (legendary HOMo)
 57715 | Zig:22   | Noticed SevenDeadlySins's ghost (legendary DrCj)
 57720 | Zig:22   | Killed SevenDeadlySins's ghost
 57720 | Zig:22   | Noticed leetdood's ghost (veteran MiFi)
 57724 | Zig:22   | Killed reasonance's ghost
 57725 | Zig:22   | Killed leetdood's ghost
 57729 | Zig:22   | Noticed wingedge's ghost (legendary MeWn)
 57730 | Zig:22   | Killed wingedge's ghost
 57793 | Zig:22   | Identified the +5 short sword "Bejimnug" {spect, rElec}
 57807 | Zig:22   | Identified the +6 morningstar of the Nexus {flame, rElec
                  | Will+++ Str-2 Int-3}
 57818 | Zig:23   | Entered Level 23 of a ziggurat
 57839 | Zig:23   | Reached skill level 15 in Fighting
 57877 | Zig:23   | Learned a level 6 spell: Statue Form
 57878 | Zig:23   | Found the ring of the Tortoise {AC+8}
 57883 | Zig:23   | Identified the ring of Jealousy {rN+ Will- rCorr Int+2}
 57900 | Zig:23   | Identified the +6 scimitar of Exoneration {flame, rPois
                  | Dex+5}
 57901 | Zig:23   | Identified the +11 mace of Doos Jek {freeze, MP+9 Dex+4
                  | Stlth+}
 57913 | Zig:23   | Identified the +6 halberd of Majestic Exoneration {freeze,
                  | Fly rF+}
 57931 | Zig:24   | Entered Level 24 of a ziggurat
 57970 | Zig:24   | Reached skill level 10 in Axes
 58031 | Zig:24   | Identified the ring "Weckez" {rC+ Str+6 Slay+6}
 58037 | Zig:24   | Identified the +2 scimitar "Eviscerator" {venom, Int+4}
 58053 | Zig:24   | Identified the amulet of Ucew {Regen+ Int+2}
 58054 | Zig:24   | Identified the +1 dagger "Bikkoniu" {holy, rElec}
 58060 | Zig:24   | Identified the ring "Likucoi" {Fly rN+++ Str+7 Int+6 Dex-2}
 58070 | Zig:25   | Entered Level 25 of a ziggurat
 58095 | Zig:25   | Reached skill level 15 in Axes
 58167 | Zig:25   | Identified the ring "Myewk" {rPois rF+ rCorr Int+4 Dex+3}
 58177 | Zig:25   | Identified the +11 plate armour of Springtime {Drain
                  | Will+++ Stlth+}
 58185 | Zig:25   | Identified the amulet "Ydy Efeth" {Faith Drain rN+ Regen+
                  | MP+9}
 58186 | Zig:25   | Identified the ring "Cumint" {Wiz Fly Int+6}
 58192 | Zig:25   | Identified the +2 spear "Gakk" {pain, rPois Str+2 Dex+3
                  | SInv}
 58197 | Zig:25   | Identified the +8 longbow "Eturoc" {freeze, Int+4}
 58200 | Zig:25   | Identified the +4 acid dragon scales of Sasipt {rElec Will+
                  | rCorr Int-5 Slay+5}
 58208 | Zig:26   | Entered Level 26 of a ziggurat
 58292 | Zig:26   | Identified the +6 short sword of Income {vorpal, rF+ rCorr
                  | MP+9}
 58294 | Zig:26   | Identified the +0 leather armour of the Wilderness {Regen+
                  | Dex+3 SInv}
 58305 | Zig:26   | Reached skill level 15 in Dodging
 58317 | Zig:27   | Entered Level 27 of a ziggurat
 58344 | Zig:27   | Reached skill level 10 in Shields
 58365 | Zig:27   | Reached skill level 15 in Shields
 58428 | Zig:27   | Identified the ring of Iplirrap {rElec Will+ Str+3}
 58435 | Zig:27   | Learned a level 2 spell: Wereblood
 58440 | Zig:27   | Learned a level 4 spell: Passage of Golubria
 58444 | Zig:27   | Learned a level 3 spell: Swiftness
 58448 | Zig:27   | Learned a level 2 spell: Sublimation of Blood
 58471 | Zig:27   | Identified the +2 morningstar of Xor Dacwi {pain, rC+}
 58473 | Zig:27   | Identified the ring "Duphofix" {rF+ Dex+4}
 58485 | Zig:27   | Identified the ring "Raesenah" {+Blink rC+ Will+}
 58527 | Depths:4 | Acquired the +1 pair of gloves of Mordant Tender Moments
                  | {Int+2}
 58528 | Depths:4 | Acquired 407 gold pieces
 58529 | Depths:4 | Acquired a manual of Evocations
 58542 | Depths:4 | Lost mutation: Your flesh is cold resistant. (rC+) [potion
                  | of mutation]
 58542 | Depths:4 | Gained mutation: You have hidden genetic defects. [potion
                  | of mutation]
 58542 | Depths:4 | Gained mutation: You are partially covered in iridescent
                  | scales. (AC +2) [potion of mutation]
 58542 | Depths:4 | Gained mutation: Your spells are a little harder to cast,
                  | but a little more powerful. [potion of mutation]
 58849 | Snake:1  | Bought a manual of Necromancy for 1520 gold pieces
 58853 | Snake:1  | Bought a manual of Unarmed Combat for 1280 gold pieces
 59190 | Zig:1    | Entered Level 1 of a ziggurat
 59217 | Zig:2    | Entered Level 2 of a ziggurat
 59247 | Zig:3    | Entered Level 3 of a ziggurat
 59266 | Zig:4    | Entered Level 4 of a ziggurat
 59388 | Zig:5    | Entered Level 5 of a ziggurat
 59424 | Zig:5    | Identified the +3 war axe "Goblinbane" {vorpal, rF- Int+3}
 59433 | Zig:6    | Entered Level 6 of a ziggurat
 59439 | Zig:6    | Found the necklace of Bloodlust {*Rage Will++ Int-3 Slay+6}
 59441 | Zig:6    | Reached skill level 15 in Evocations
 59445 | Zig:6    | Gained mutation: You are clumsy. (Dex -2) [hidden defects]
 59446 | Zig:6    | Lost mutation: You are clumsy. (Dex -2) [potion of
                  | mutation]
 59446 | Zig:6    | Lost mutation: You have hidden genetic defects. [potion of
                  | mutation]
 59446 | Zig:6    | Gained mutation: You are strong-willed. (Will+) [potion of
                  | mutation]
 59446 | Zig:6    | Gained mutation: Your spells are harder to cast, but more
                  | powerful. [potion of mutation]
 59446 | Zig:6    | Gained mutation: You occasionally shout uncontrollably at
                  | your foes. [potion of mutation]
 59446 | Zig:6    | Gained mutation: You expend magic power (3 MP) to
                  | strengthen your wands. [potion of mutation]
 59470 | Zig:7    | Entered Level 7 of a ziggurat
 59476 | Zig:7    | Killed Ontyvipa the pandemonium lord
 59505 | Zig:7    | Identified the +1 chain mail "Nyfo" {*Slow MP+9 Str+2
                  | Dex+5}
 59508 | Zig:8    | Entered Level 8 of a ziggurat
 59557 | Zig:8    | Identified the +7 trident of Imefrul {venom, rElec Dex+3
                  | Stlth-}
 59565 | Zig:9    | Entered Level 9 of a ziggurat
 59599 | Zig:9    | Identified the +8 tower shield of the Blessed Realm {+Inv
                  | Str+4} (You took it off a daeva on level 9 of a ziggurat)
 59623 | Zig:10   | Entered Level 10 of a ziggurat
 59661 | Zig:10   | Identified the +5 rapier "Uluhasuq" {protect, rN+}
 59685 | Zig:11   | Entered Level 11 of a ziggurat
 59702 | Zig:11   | Noticed Yfearik the pandemonium lord
 59705 | Zig:11   | Killed Yfearik the pandemonium lord
 59720 | Zig:11   | Identified the amulet "Haiwk" {RegenMP -Tele rN++ Str+2}
 59727 | Zig:11   | Identified the +0 long sword "Inwux" {pain, Str+4}
 59738 | Zig:11   | Identified the +8 war axe of Poverty {protect, Int+6}
 59744 | Zig:11   | Identified the ring "Xear" {Fly Int+6 Dex+5}
 59755 | Zig:12   | Entered Level 12 of a ziggurat
 59819 | Zig:12   | Identified the +3 long sword "Jexyil" {vorpal, Drain rPois
                  | rF+++ Dex-2}
 59835 | Zig:13   | Entered Level 13 of a ziggurat
 59846 | Zig:13   | Noticed a juggernaut
 59851 | Zig:13   | Killed a juggernaut
 59891 | Zig:13   | Identified the +2 spear "Imiaj" {drain, Str+2}
 59896 | Zig:13   | Identified the +0 scale mail of Conscience {rN++ Will+ MP-9
                  | Dex+4}
 59911 | Zig:14   | Entered Level 14 of a ziggurat
 59925 | Zig:14   | Noticed a dread lich
 59927 | Zig:14   | Noticed a dread lich
 59928 | Zig:14   | Killed a dread lich
 59929 | Zig:14   | Killed a dread lich
 59929 | Zig:14   | Killed an ancient lich
 59931 | Zig:14   | Noticed an ancient lich
 59933 | Zig:14   | Killed an ancient lich
 59969 | Zig:14   | Identified the +8 war axe "Qughaf" {antimagic, +Blink Fly
                  | rC+++ Stlth-}
 59990 | Zig:14   | Identified the +7 plate armour of Disaster {rN+ Int+2
                  | Dex+2}
 59997 | Zig:15   | Entered Level 15 of a ziggurat
 60018 | Zig:15   | Noticed an ancient lich
 60020 | Zig:15   | Killed an ancient lich
 60052 | Zig:15   | Identified the +6 scimitar of Victory {drain, Int+2}
 60053 | Zig:15   | Identified the +7 quarterstaff "Mifrat" {freeze, rPois rC++
                  | Int+4}
 60062 | Zig:15   | Identified the +2 robe of Fyina {Int+6 Stlth+}
 60066 | Zig:16   | Entered Level 16 of a ziggurat
 60085 | Zig:16   | Killed a dread lich
 60086 | Zig:16   | Killed a dread lich
 60088 | Zig:16   | Killed an ancient lich
 60182 | Zig:16   | Identified the ring "Ziskory" {rC+ rN+ EV+4 Dex+4}
 60185 | Zig:16   | Identified the +9 dire flail of Fedhas's Approval {venom,
                  | Stlth+}
 60196 | Zig:16   | Identified the amulet "Oloqy" {Faith Harm Fragile Regen+
                  | Dex+5}
 60200 | Zig:16   | Identified the +2 flail "Ommeagikh" {vorpal, rC+ Str+2
                  | Int+6 Dex-4}
 60203 | Zig:16   | Identified the +7 quarterstaff "Wussiy Isoang" {flame, Fly
                  | Stlth+}
 60209 | Zig:16   | Identified the ring of Detonere {rF+ rC+ rN+ Dex+2 Stlth+}
 60214 | Zig:17   | Entered Level 17 of a ziggurat
 60228 | Zig:17   | Killed Verietos the pandemonium lord
 60293 | Zig:17   | Found the macabre finger necklace {rN+}
 60304 | Zig:17   | Identified the +1 scale mail "Esuluk" {+Blink rF- rN++
                  | Str+3}
 60309 | Zig:17   | Identified the +7 short sword of Wookh {vorpal, Fragile
                  | +Blink rElec Stlth-}
 60310 | Zig:17   | Identified the +1 robe of Activism {-Tele +Inv Will- Str+7}
 60316 | Zig:17   | Identified the +6 quarterstaff of the Sheltering Gods
                  | {spect, +Blink Int+4}
 60317 | Zig:17   | Identified the +6 bardiche "Hellblazer" {spect, Str+4
                  | Dex-2}
 60323 | Zig:17   | Identified the ring "Meipt" {EV+4 Str-2 Int-2 Dex+8 Stlth+}
 60331 | Zig:18   | Entered Level 18 of a ziggurat
 60478 | Zig:18   | Identified the ring "Plog" {rN+ MP+9 Str+4}
 60501 | Zig:19   | Entered Level 19 of a ziggurat
 60571 | Zig:19   | Identified the +10 long sword of Doum {speed, rElec Str+7
                  | Int-4}
 60573 | Zig:19   | Identified the +0 scale mail of the Shore {Dex+5}
 60577 | Zig:19   | Identified the +5 scale mail "Wioptauq" {rElec rPois rC-
                  | rCorr}
 60584 | Zig:20   | Entered Level 20 of a ziggurat
 60605 | Zig:20   | Noticed an ancient lich
 60606 | Zig:20   | Killed an ancient lich
 60610 | Zig:20   | Noticed a dread lich
 60610 | Zig:20   | Noticed a dread lich
 60612 | Zig:20   | Killed a dread lich
 60612 | Zig:20   | Killed a dread lich
 60615 | Zig:20   | Killed an ancient lich
 60625 | Zig:20   | Found the +0 pair of fencer's gloves {Riposte Dex+3}
 60658 | Zig:21   | Entered Level 21 of a ziggurat
 60676 | Zig:21   | Reached skill level 10 in Armour
 60702 | Zig:21   | Identified the ring "Uwegesch" {Wiz rN+ Dex+3}
 60720 | Zig:21   | Identified the ring of Xunoh {Wiz *Corrode rPois Int+7
                  | Slay+2}
 60745 | Zig:21   | Identified the ring of Naoj {*Slow rPois rCorr MP+9 Dex+5}
 60757 | Zig:22   | Entered Level 22 of a ziggurat
 60781 | Zig:22   | HP: 10/269 [acid (6)]
 60872 | Zig:22   | Reached skill level 15 in Armour
 60947 | Zig:22   | Found the ring of the Octopus King
 60948 | Zig:22   | Found the +6 Majin-Bo {vamp, MP+6 Int+6}
 60956 | Zig:22   | Identified the +3 scale mail of the New World {rElec}
 60958 | Zig:22   | Identified the +7 rapier of Eternal Night {antimagic, Str-2
                  | Int+4 Dex+4 Stlth+}
 60960 | Zig:22   | Identified the ring of Zynates {Fly rN++ MP+9 Str-3 SInv}
 60966 | Zig:22   | Identified a ring of the Octopus King {HP+2 MP+9 AC+2 EV+2
                  | SH+2}
 60967 | Zig:22   | Identified the +1 broad axe of Wema {protect, Fly}
 60970 | Zig:22   | Identified the +0 ring mail "Dabusm" {+Blink rCorr}
 61015 | Zig:23   | Entered Level 23 of a ziggurat
 61061 | Zig:23   | Found the +9 staff of Olgreb {rPois∞}
 61062 | Zig:23   | Found the +8 autumn katana {vorpal, manifold assault}
 61086 | Zig:23   | Identified the ring "Necy" {rC+ AC+4 Str+3 Int+3 Dex-4}
 61104 | Zig:24   | Entered Level 24 of a ziggurat
 61132 | Zig:24   | Killed an ancient lich
 61132 | Zig:24   | Noticed a dread lich
 61133 | Zig:24   | Killed a dread lich
 61142 | Zig:24   | Killed a dread lich
 61143 | Zig:24   | Noticed a dread lich
 61144 | Zig:24   | Killed a dread lich
 61154 | Zig:24   | Noticed a dread lich
 61155 | Zig:24   | Killed a dread lich
 61159 | Zig:24   | Noticed an ancient lich
 61159 | Zig:24   | Noticed a dread lich
 61160 | Zig:24   | Killed an ancient lich
 61160 | Zig:24   | Killed a dread lich
 61161 | Zig:24   | Killed an ancient lich
 61182 | Zig:24   | Identified the +6 short sword "Plog" {vorpal, rElec rF-
                  | Str+6}
 61185 | Zig:24   | Identified the +1 plate armour of Love and Death {rF+ rC+}
 61191 | Zig:24   | Identified the +4 bardiche "Qavumuceco" {holy, rElec rN+++
                  | Will- Str-4}
 61200 | Zig:24   | Identified the amulet of the Jester {Acrobat rElec Int-5
                  | Stlth+}
 61210 | Zig:24   | Identified the +3 leather armour "Xileny Qotz" {Int+4}
 61313 | Zig:25   | Entered Level 25 of a ziggurat
 61478 | Zig:25   | Identified the +4 sling "Embalmer" {flame, rElec rF- Int+4}
 61517 | Zig:26   | Entered Level 26 of a ziggurat
 61635 | Zig:26   | Identified the ring of Ozantiun {EV+4 Dex+5}
 61663 | Zig:26   | Identified the +3 halberd of Risk Management {drain, rElec
                  | rC++ rCorr Int-2}
 61680 | Zig:27   | Entered Level 27 of a ziggurat
 61760 | Zig:27   | Identified the ring "Fomnauro" {Dex+6 Stlth+}
 61763 | Zig:27   | Identified the +7 battleaxe "Zithrom" {venom, Str+6 Int-4
                  | SInv}
 61772 | Zig:27   | Got the Tome of Remoulded Peregrination
 61783 | Zig:27   | Identified the +7 spear of Instinct {holy, rC+ rCorr Int+7}
 61813 | Depths:4 | Acquired the +0 buckler "Emebbon" {Regen+ Int+2}
 61814 | Depths:4 | Acquired the amulet "Uwkisesu" {RegenMP Contam Int+8 Dex-5
                  | Stlth+}
 61815 | Depths:4 | Acquired the +4 executioner's axe of the Immovable Mystics
                  | {flame, rElec Str+4 Dex-4}
 61816 | Depths:4 | Acquired 944 gold pieces
 61817 | Depths:4 | Acquired 1261 gold pieces
 61818 | Depths:4 | Acquired the +2 pair of gloves of Corock Wewa {rN+ Int+4}
 62022 | Zig:1    | Entered Level 1 of a ziggurat
 62049 | Zig:2    | Entered Level 2 of a ziggurat
 62064 | Zig:2    | Identified the +7 chain mail of Thoughtfulness {rC++}
 62079 | Zig:3    | Entered Level 3 of a ziggurat
 62082 | Zig:3    | Noticed an orb of fire
 62083 | Zig:3    | Lost mutation: You occasionally shout uncontrollably at
                  | your foes. [an orb of fire]
 62085 | Zig:3    | Killed an orb of fire
 62086 | Zig:3    | Noticed an orb of fire
 62089 | Zig:3    | Killed an orb of fire
 62150 | Zig:4    | Entered Level 4 of a ziggurat
 62202 | Zig:5    | Entered Level 5 of a ziggurat
 62205 | Zig:5    | Noticed a juggernaut
 62208 | Zig:5    | Killed a juggernaut
 62237 | Zig:6    | Entered Level 6 of a ziggurat
 62325 | Zig:7    | Entered Level 7 of a ziggurat
 62327 | Zig:7    | Noticed an orb of fire
 62331 | Zig:7    | Killed an orb of fire
 62331 | Zig:7    | Noticed an orb of fire
 62335 | Zig:7    | Killed an orb of fire
 62376 | Zig:8    | Entered Level 8 of a ziggurat
 62380 | Zig:8    | Noticed an ancient lich
 62383 | Zig:8    | Killed an ancient lich
 62383 | Zig:8    | Noticed an ancient lich
 62384 | Zig:8    | Killed an ancient lich
 62384 | Zig:8    | Killed a dread lich
 62432 | Zig:8    | Identified the +6 morningstar of the Everdark {vorpal,
                  | Stlth+}
 62436 | Zig:9    | Entered Level 9 of a ziggurat
 62505 | Zig:10   | Entered Level 10 of a ziggurat
 62559 | Zig:10   | Identified the +0 robe "Xiarunie" {Contam Dex+4 SInv}
 62562 | Zig:11   | Entered Level 11 of a ziggurat
 62709 | Zig:11   | Identified the ring "Riozxaimeu" {rN+ Str+6}
 62722 | Zig:11   | Identified the +3 quarterstaff of Vapp {flame, rC- Will++
                  | SInv}
 62727 | Zig:12   | Entered Level 12 of a ziggurat
 62739 | Zig:12   | Noticed Ilomid the pandemonium lord
 62744 | Zig:12   | Killed Ilomid the pandemonium lord
 62783 | Zig:12   | Identified the +2 scale mail "Vidghiwni" {Harm}
 62784 | Zig:12   | Identified the +6 glaive of Checks and Balances {vorpal,
                  | Dex+3}
 62788 | Zig:12   | Identified the +7 falchion of Sin {elec, *Rage Fly rF+ rN+}
 62814 | Zig:13   | Entered Level 13 of a ziggurat
 62846 | Zig:13   | Identified the ring of Yvodghaipn {Str+2 Int+6}
 62861 | Zig:13   | Identified the +0 short sword of Doom {holy, rN+ Will+
                  | Int+2}
 62869 | Zig:14   | Entered Level 14 of a ziggurat
 62877 | Zig:14   | Noticed an ancient lich
 62877 | Zig:14   | Noticed a dread lich
 62877 | Zig:14   | Noticed an ancient lich
 62880 | Zig:14   | Killed an ancient lich
 62881 | Zig:14   | Killed a dread lich
 62882 | Zig:14   | Killed an ancient lich
 62884 | Zig:14   | Killed an ancient lich
 62893 | Zig:14   | Found the +7 mace of Variability {chain chaos}
 62925 | Zig:14   | Identified the +2 hat of the Known World {rC+}
 62942 | Zig:15   | Entered Level 15 of a ziggurat
 62972 | Zig:15   | Found the +4 robe of Folly {Brilliance Will-∞ Int+8}
 62979 | Zig:15   | Acquired a manual of Dodging
 62996 | Zig:15   | Identified the +9 scimitar of Tydgh {vamp, Fly rF- Int+7
                  | Stlth+}
 63003 | Zig:16   | Entered Level 16 of a ziggurat
 63043 | Zig:16   | Found the ring of the Octopus King
 63063 | Zig:16   | Identified a ring of the Octopus King {rF+ HP+2 AC+2 EV+2
                  | SH+2}
 63077 | Zig:16   | Identified the +8 great mace "Yqos" {vorpal, rF++ rN+++
                  | Int-2 Stlth+}
 63087 | Zig:16   | Identified the ring "Kaymusas" {rF+ rC+ rN+ Str-5 Slay+2}
 63098 | Zig:17   | Entered Level 17 of a ziggurat
 63128 | Zig:17   | Noticed Daosafip the pandemonium lord
 63130 | Zig:17   | Killed Daosafip the pandemonium lord
 63227 | Zig:17   | Found the +8 trident of the Octopus King {venom, rElec
                  | rPois}
 63238 | Zig:17   | Identified the +9 mace "Leviticus" {protect, rF+ Str+4
                  | Int+4 Dex-3}
 63248 | Zig:17   | Identified the ring of Efealloy {rC+ Will+ Int+4}
 63289 | Zig:18   | Entered Level 18 of a ziggurat
 63311 | Zig:18   | Found the +2 shield of Resistance {rF++ rC++ Will++}
 63319 | Zig:18   | Found the amulet of the Air {Inacc Air Fly rElec RMsl}
 63320 | Zig:18   | Found the +3 salamander hide armour {Flames rF++ rC--}
 63354 | Zig:18   | Identified the +7 dagger "Fexaf" {elec, +Blink rElec Str+8
                  | Int-5}
 63359 | Zig:18   | Identified the ring "Xikeza" {Ice rN+ MP+9 Stlth-}
 63366 | Zig:19   | Entered Level 19 of a ziggurat
 63440 | Zig:19   | Identified the ring "Quuhewem" {Wiz Int+3}
 63450 | Zig:19   | Identified the +11 trident "Becigriatz" {flame, Will++}
 63455 | Zig:19   | Identified the ring of Viege {rC+ Will++ rCorr}
 63459 | Zig:19   | Identified the ring of Fusoowk {Will+ MP+9 Dex+2}
 63464 | Zig:19   | Identified the amulet of the Dancing Saviour {Faith +Inv
                  | Regen+ Str+7 Dex-5}
 63472 | Zig:19   | Identified the +1 pair of gloves of the Beggar {rN+}
 63474 | Zig:19   | Identified the +6 sling "Uguroaph" {venom, rC- Int+3 Dex+4}
 63481 | Zig:20   | Entered Level 20 of a ziggurat
 63486 | Zig:20   | Noticed a royal mummy
 63487 | Zig:20   | Noticed a royal mummy
 63490 | Zig:20   | Killed a royal mummy
 63490 | Zig:20   | Killed a royal mummy
 63491 | Zig:20   | Noticed a royal mummy
 63492 | Zig:20   | Killed a royal mummy
 63493 | Zig:20   | Killed a royal mummy
 63493 | Zig:20   | Noticed a royal mummy
 63494 | Zig:20   | Noticed a royal mummy
 63495 | Zig:20   | Killed a royal mummy
 63495 | Zig:20   | Killed a royal mummy
 63496 | Zig:20   | Noticed a royal mummy
 63497 | Zig:20   | Noticed a royal mummy
 63497 | Zig:20   | Noticed a royal mummy
 63497 | Zig:20   | Noticed a royal mummy
 63499 | Zig:20   | Killed a royal mummy
 63500 | Zig:20   | Killed a royal mummy
 63500 | Zig:20   | Noticed a royal mummy
 63503 | Zig:20   | Killed a royal mummy
 63503 | Zig:20   | Killed a royal mummy
 63503 | Zig:20   | Noticed a royal mummy
 63504 | Zig:20   | Killed a royal mummy
 63505 | Zig:20   | Noticed a royal mummy
 63507 | Zig:20   | Killed a royal mummy
 63507 | Zig:20   | Killed a royal mummy
 63507 | Zig:20   | Noticed a royal mummy
 63507 | Zig:20   | Noticed a royal mummy
 63508 | Zig:20   | Noticed a royal mummy
 63509 | Zig:20   | Noticed a royal mummy
 63510 | Zig:20   | Killed a royal mummy
 63510 | Zig:20   | Killed a royal mummy
 63511 | Zig:20   | Killed a royal mummy
 63512 | Zig:20   | Killed a royal mummy
 63514 | Zig:20   | Noticed a royal mummy
 63518 | Zig:20   | Killed a royal mummy
 63555 | Zig:20   | Found the +15 Maxwell's patent armour {-Cast -Tele rElec
                  | Will+ rCorr}
 63560 | Zig:20   | Identified the +9 falchion "Norphele" {drain, Int-5 SInv
                  | Stlth+}
 63587 | Zig:20   | Identified the +6 great sword of Kauschutu {flame, Int+8
                  | Dex+4}
 63588 | Zig:20   | Identified the +16 crystal plate armour "Axaforat" {Contam
                  | +Inv Fly}
 63610 | Zig:20   | Identified the ring of Foatam {rN+ Int+3}
 63635 | Zig:21   | Entered Level 21 of a ziggurat
 63641 | Zig:21   | Noticed an ancient lich
 63643 | Zig:21   | Killed an ancient lich
 63648 | Zig:21   | Noticed an ancient lich
 63649 | Zig:21   | Noticed a dread lich
 63650 | Zig:21   | Killed an ancient lich
 63650 | Zig:21   | Noticed an ancient lich
 63650 | Zig:21   | Noticed an ancient lich
 63652 | Zig:21   | Killed a dread lich
 63652 | Zig:21   | Killed an ancient lich
 63653 | Zig:21   | Killed an ancient lich
 63653 | Zig:21   | Noticed an ancient lich
 63654 | Zig:21   | Noticed an ancient lich
 63656 | Zig:21   | Killed an ancient lich
 63656 | Zig:21   | Killed an ancient lich
 63656 | Zig:21   | Noticed an ancient lich
 63657 | Zig:21   | Killed an ancient lich
 63683 | Zig:21   | Identified the amulet "Wal Las" {Spirit rC+}
 63695 | Zig:21   | Identified the ring "Kemoo" {Str+4 SInv Stlth+}
 63725 | Zig:22   | Entered Level 22 of a ziggurat
 63738 | Zig:22   | Noticed an ancient lich
 63739 | Zig:22   | Noticed a dread lich
 63739 | Zig:22   | Noticed a dread lich
 63740 | Zig:22   | Noticed a dread lich
 63740 | Zig:22   | Noticed an ancient lich
 63740 | Zig:22   | Noticed a dread lich
 63741 | Zig:22   | Noticed an ancient lich
 63741 | Zig:22   | Killed a dread lich
 63741 | Zig:22   | Killed an ancient lich
 63741 | Zig:22   | Killed a dread lich
 63742 | Zig:22   | Killed a dread lich
 63742 | Zig:22   | Killed a dread lich
 63742 | Zig:22   | Killed an ancient lich
 63742 | Zig:22   | Noticed a dread lich
 63742 | Zig:22   | Noticed a dread lich
 63743 | Zig:22   | Killed an ancient lich
 63744 | Zig:22   | Noticed a dread lich
 63745 | Zig:22   | Killed a dread lich
 63745 | Zig:22   | Killed a dread lich
 63747 | Zig:22   | Killed a dread lich
 63752 | Zig:22   | Noticed an ancient lich
 63754 | Zig:22   | Killed an ancient lich
 63766 | Zig:22   | Identified the +5 storm dragon scales of Zeisuz {Fly rElec
                  | rF++ Int-4 Stlth+}
 63774 | Zig:22   | Identified the +3 leather armour of Ceilih {rElec Str-5
                  | Dex+4 Stlth+}
 63818 | Zig:23   | Entered Level 23 of a ziggurat
 63826 | Zig:23   | Noticed an ancient lich
 63828 | Zig:23   | Noticed an ancient lich
 63828 | Zig:23   | Killed an ancient lich
 63828 | Zig:23   | Killed an ancient lich
 63829 | Zig:23   | Noticed an ancient lich
 63831 | Zig:23   | Killed an ancient lich
 63831 | Zig:23   | Noticed an ancient lich
 63832 | Zig:23   | Killed an ancient lich
 63835 | Zig:23   | Noticed an ancient lich
 63840 | Zig:23   | Killed an ancient lich
 63862 | Zig:23   | Identified the ring "Nuolerae" {Wiz Dex+3}
 63882 | Zig:23   | Identified the amulet "Fuodas" {Reflect -Tele Rampage Int+3
                  | SH+5}
 63884 | Zig:23   | Identified the amulet "Puicylla" {RegenMP Harm rN++ rCorr}
 63905 | Zig:24   | Entered Level 24 of a ziggurat
 63982 | Zig:24   | Found the +7 Spriggan's Knife {stab, EV+4 Stlth+}
 63997 | Zig:24   | Identified the +6 lajatang "Yxott" {flame, rF+ Int+4 Dex+4}
 64005 | Zig:24   | Identified the +1 pair of boots of the Ditch-Digger {-Tele
                  | Dex+4 Slay+3}
 64006 | Zig:24   | Identified the +1 short sword of Instant Death {venom,
                  | rElec rC+ Dex+7}
 64009 | Zig:24   | Identified the +2 troll leather armour of the Thistle
                  | {Regen+ Str+5}
 64026 | Zig:25   | Entered Level 25 of a ziggurat
 64052 | Zig:25   | Killed Yraomi the pandemonium lord
 64100 | Zig:25   | Found the +3 pair of mountain boots {steadfast, rC+}
 64121 | Zig:25   | Identified the +8 scimitar of a wizard's laboratory
                  | {antimagic, Fragile rF+ Will+}
 64127 | Zig:25   | Identified the ring of Noin {+Blink rPois rN+}
 64135 | Zig:25   | Identified the +1 hat of Daris {Harm rF+}
 64140 | Zig:25   | Identified the +0 buckler of Golden Curiosity {rPois rCorr
                  | Str-4}
 64151 | Zig:26   | Entered Level 26 of a ziggurat
 64163 | Zig:26   | Reached skill level 27 in Evocations
 64167 | Zig:26   | Reached skill level 27 in Fighting
 64178 | Zig:26   | Reached skill level 27 in Axes
 64203 | Zig:26   | Found the +8 frozen axe "Frostbite" {freezing cloud, *Noise
                  | Fly rC+}
 64238 | Zig:26   | Found the +8 whip "Snakebite" {venom, curare, rPois}
 64262 | Zig:26   | Identified the +8 dagger of the Apocalypse {holy, Dex+2
                  | Stlth+}
 64294 | Zig:26   | Identified the +0 cloak of Weowivaa {Str+5 Slay+2}
 64352 | Zig:26   | Reached skill level 27 in Armour
 64368 | Zig:26   | Learned a level 8 spell: Necromutation
 64370 | Zig:27   | Entered Level 27 of a ziggurat
 64378 | Zig:27   | Reached skill level 5 in Necromancy
 64379 | Zig:27   | Noticed a juggernaut
 64380 | Zig:27   | Noticed a juggernaut
 64381 | Zig:27   | Reached skill level 5 in Transmutations
 64381 | Zig:27   | Killed a juggernaut
 64382 | Zig:27   | Killed a juggernaut
 64384 | Zig:27   | Noticed a juggernaut
 64385 | Zig:27   | Killed a juggernaut
 64386 | Zig:27   | Reached skill level 10 in Necromancy
 64389 | Zig:27   | Noticed a juggernaut
 64389 | Zig:27   | Noticed a juggernaut
 64391 | Zig:27   | Killed a juggernaut
 64392 | Zig:27   | Killed a juggernaut
 64398 | Zig:27   | Reached skill level 10 in Transmutations
 64406 | Zig:27   | Found the +8 trishula "Condemnation" {holy, anguish, *Noise
                  | Fly rN+}
 64419 | Zig:27   | Identified the +6 flail of Jafrat {freeze, rC+ rCorr}
 64427 | Zig:27   | Identified the +10 spear "Spiderbane" {elec, rElec rC+
                  | Dex+4}
 64480 | Zig:1    | Entered Level 1 of a ziggurat
 64493 | Zig:2    | Entered Level 2 of a ziggurat
 64519 | Zig:3    | Entered Level 3 of a ziggurat
 64550 | Zig:4    | Entered Level 4 of a ziggurat
 64577 | Zig:4    | Identified the +1 leather armour of a treasure trove
                  | {Stlth+}
 64583 | Zig:5    | Entered Level 5 of a ziggurat
 64600 | Zig:5    | Found the +7 Throatcutter {drain, coup de grace}
 64618 | Zig:5    | Identified the +3 flail of the Endless March {vorpal,
                  | *Noise rElec rPois Dex+6}
 64627 | Zig:6    | Entered Level 6 of a ziggurat
 64635 | Zig:6    | Reached skill level 15 in Necromancy
 64680 | Zig:7    | Entered Level 7 of a ziggurat
 64735 | Zig:7    | Identified the ring "Rizxat" {+Blink rC- Str+6 Dex+7}
 64738 | Zig:7    | Identified the amulet of the Invisible Hand {Spirit Str+3
                  | Int+2}
 64764 | Zig:8    | Entered Level 8 of a ziggurat
 64782 | Zig:8    | Found the ring of the Octopus King
 64804 | Zig:8    | Identified a ring of the Octopus King {Wiz HP+2 AC+2 EV+2
                  | SH+2}
 64825 | Zig:8    | Identified the +6 long sword of Severance {flame, rF+}
 64830 | Zig:9    | Entered Level 9 of a ziggurat
 64997 | Zig:10   | Entered Level 10 of a ziggurat
 65021 | Zig:10   | Found the +4 moon troll leather armour {Spirit, Regen++
                  | MP+5}
 65046 | Zig:10   | Identified the ring "Zuefuz" {+Blink rPois}
 65051 | Zig:10   | Identified the amulet of the Shrike {Acrobat +Inv rF+
                  | Slay+3}
 65090 | Zig:11   | Entered Level 11 of a ziggurat
 65099 | Zig:11   | Reached skill level 15 in Transmutations
 65148 | Zig:12   | Entered Level 12 of a ziggurat
 65193 | Zig:12   | Identified the +3 shadow dragon scales "Wuilil" {Fly Dex+3
                  | Stlth++++}
 65217 | Zig:13   | Entered Level 13 of a ziggurat
 65270 | Zig:13   | Identified the +1 helmet of Reatiw {rC+ rCorr Str+3 Dex+3}
 65295 | Zig:13   | Identified the ring "Menguydu" {rN+ Slay+3 Stlth+}
 65312 | Zig:14   | Entered Level 14 of a ziggurat
 65366 | Zig:14   | Identified the amulet of Coedain {Faith -Cast rPois Dex+2}
 65375 | Zig:15   | Entered Level 15 of a ziggurat
 65427 | Zig:15   | Found the +9 sword of Zonguldrok {reap}
 65448 | Zig:15   | Identified the ring of Pich {Drain rF+ Str+4 Dex+5}
 65453 | Zig:15   | Identified the ring "Reagut" {rPois rC+ Int+7}
 65456 | Zig:15   | Identified the amulet of Waenorch {Reflect Fragile rF+
                  | Dex+6 SH+5 Stlth+}
 65467 | Zig:16   | Entered Level 16 of a ziggurat
 65554 | Zig:16   | Identified the ring of Ziudghu {rF+ rCorr Dex+6}
 65575 | Zig:16   | Identified the +6 spear "Iquemm" {holy, Dex+3}
 65587 | Zig:17   | Entered Level 17 of a ziggurat
 65603 | Zig:17   | Noticed a royal mummy
 65606 | Zig:17   | Killed a royal mummy
 65606 | Zig:17   | Noticed a royal mummy
 65607 | Zig:17   | Noticed a royal mummy
 65607 | Zig:17   | Noticed a royal mummy
 65608 | Zig:17   | Killed a royal mummy
 65609 | Zig:17   | Killed a royal mummy
 65609 | Zig:17   | Noticed a royal mummy
 65611 | Zig:17   | Killed a royal mummy
 65611 | Zig:17   | Noticed a royal mummy
 65611 | Zig:17   | Noticed a royal mummy
 65612 | Zig:17   | Killed a royal mummy
 65612 | Zig:17   | Noticed a royal mummy
 65613 | Zig:17   | Killed a royal mummy
 65613 | Zig:17   | Noticed a royal mummy
 65614 | Zig:17   | Killed a royal mummy
 65615 | Zig:17   | Killed a royal mummy
 65616 | Zig:17   | Reached skill level 27 in Earth Magic
 65616 | Zig:17   | Killed a royal mummy
 65616 | Zig:17   | Noticed a royal mummy
 65618 | Zig:17   | Noticed a royal mummy
 65619 | Zig:17   | Noticed a royal mummy
 65619 | Zig:17   | Noticed a royal mummy
 65621 | Zig:17   | Killed a royal mummy
 65621 | Zig:17   | Killed a royal mummy
 65621 | Zig:17   | Noticed a royal mummy
 65622 | Zig:17   | Noticed a royal mummy
 65622 | Zig:17   | Killed a royal mummy
 65622 | Zig:17   | Killed a royal mummy
 65625 | Zig:17   | Killed a royal mummy
 65625 | Zig:17   | Killed a royal mummy
 65625 | Zig:17   | Noticed a royal mummy
 65627 | Zig:17   | Killed a royal mummy
 65631 | Zig:17   | Reached skill level 27 in Ice Magic
 65639 | Zig:17   | Found the +12 pair of quick blades "Gyre" and "Gimble"
                  | {protect}
 65644 | Zig:17   | Identified the ring "Voysuph" {rElec Will- AC+4 Str+2}
 65649 | Zig:17   | Identified the +0 scale mail of Durable Salvation {+Inv Fly
                  | rN+ Int-4}
 65652 | Zig:17   | Identified the +1 ring mail of Dogma {-Cast rPois Will-
                  | rCorr}
 65663 | Zig:17   | Identified the ring "Joph" {MP+9 Int+5}
 65686 | Zig:18   | Entered Level 18 of a ziggurat
 65700 | Zig:18   | Reached skill level 27 in Dodging
 65705 | Zig:18   | Reached skill level 27 in Fire Magic
 65713 | Zig:18   | Reached skill level 27 in Conjurations
 65751 | Zig:18   | Identified the +7 longbow of Benevolence {vorpal, rN+ Dex+2
                  | SInv}
 65753 | Zig:18   | Identified the +1 ring mail of Qodeul {Harm *Slow rCorr
                  | Str+5}
 65775 | Zig:19   | Entered Level 19 of a ziggurat
 65786 | Zig:19   | Noticed a royal mummy
 65786 | Zig:19   | Noticed a royal mummy
 65788 | Zig:19   | Killed a royal mummy
 65788 | Zig:19   | Killed a royal mummy
 65788 | Zig:19   | Noticed a royal mummy
 65790 | Zig:19   | Killed a royal mummy
 65791 | Zig:19   | Noticed a royal mummy
 65793 | Zig:19   | Killed a royal mummy
 65793 | Zig:19   | Noticed a royal mummy
 65793 | Zig:19   | Noticed a royal mummy
 65794 | Zig:19   | Noticed a royal mummy
 65795 | Zig:19   | Killed a royal mummy
 65795 | Zig:19   | Killed a royal mummy
 65795 | Zig:19   | Noticed a royal mummy
 65795 | Zig:19   | Noticed a royal mummy
 65797 | Zig:19   | Killed a royal mummy
 65797 | Zig:19   | Killed a royal mummy
 65797 | Zig:19   | Killed a royal mummy
 65797 | Zig:19   | Noticed a royal mummy
 65799 | Zig:19   | Reached skill level 27 in Spellcasting
 65799 | Zig:19   | Noticed a royal mummy
 65799 | Zig:19   | Noticed a royal mummy
 65800 | Zig:19   | Reached skill level 1 in Polearms
 65800 | Zig:19   | Killed a royal mummy
 65800 | Zig:19   | Noticed a royal mummy
 65801 | Zig:19   | Noticed a royal mummy
 65802 | Zig:19   | Killed a royal mummy
 65802 | Zig:19   | Killed a royal mummy
 65803 | Zig:19   | Reached skill level 5 in Polearms
 65803 | Zig:19   | Killed a royal mummy
 65803 | Zig:19   | Killed a royal mummy
 65812 | Zig:19   | Noticed an ancient lich
 65812 | Zig:19   | Noticed a royal mummy
 65813 | Zig:19   | Noticed a royal mummy
 65814 | Zig:19   | Killed a royal mummy
 65815 | Zig:19   | Killed an ancient lich
 65815 | Zig:19   | Killed a royal mummy
 65828 | Zig:19   | Found the +14 obsidian axe {vorpal, Mesm Drain Fly SInv}
 65846 | Zig:19   | Identified the +1 helmet "Oppuom" {*Corrode MP+9 Str+4
                  | Stlth+}
 65847 | Zig:19   | Identified the +6 battleaxe of Conscience {flame, rC+
                  | rCorr}
 65852 | Zig:19   | Reached skill level 10 in Polearms
 65881 | Zig:19   | Learned a level 9 spell: Death's Door
 65902 | Zig:20   | Entered Level 20 of a ziggurat
 65912 | Zig:20   | Noticed a juggernaut
 65917 | Zig:20   | Killed a juggernaut
 65921 | Zig:20   | Noticed a juggernaut
 65922 | Zig:20   | Noticed a juggernaut
 65923 | Zig:20   | Noticed a juggernaut
 65924 | Zig:20   | Killed a juggernaut
 65925 | Zig:20   | Killed a juggernaut
 65925 | Zig:20   | Killed a juggernaut
 65927 | Zig:20   | Noticed a juggernaut
 65929 | Zig:20   | Killed a juggernaut
 65979 | Zig:20   | Identified the +2 dagger of Immorality {holy, rPois Will-
                  | Stlth+}
 65981 | Zig:20   | Identified the amulet "Vilaoc Zeva" {Acrobat MP+9}
 65982 | Zig:20   | Identified the +6 scimitar of Icoluoge {drain, rPois Str-5
                  | Int+2 Stlth+}
 65988 | Zig:20   | Identified the amulet "Qeniq" {Faith rC+ Will- Regen+}
 65994 | Zig:20   | Identified the +4 spear of Balance {flame, rF- Int+5}
 66000 | Zig:21   | Entered Level 21 of a ziggurat
 66069 | Zig:21   | Identified the +7 mace "Kieng" {venom, rElec rC+ rCorr}
 66076 | Zig:21   | Identified the +8 mace of Frustration {vorpal, Str+3}
 66089 | Zig:21   | Identified the ring of Gozag's Grace {Will+ MP+9 Stlth+}
 66091 | Zig:21   | Identified the amulet of Otucrenn {rF+ Regen+}
 66099 | Zig:21   | Identified the amulet "Noquj" {Reflect rC+ Regen+ SH+5}
 66100 | Zig:21   | Identified the amulet "Hine" {Reflect rF++ rC++ SH+5}
 66114 | Zig:22   | Entered Level 22 of a ziggurat
 66135 | Zig:22   | Noticed Roxevenu the pandemonium lord
 66136 | Zig:22   | Noticed Orroleze the pandemonium lord
 66137 | Zig:22   | Killed Roxevenu the pandemonium lord
 66138 | Zig:22   | Killed Orroleze the pandemonium lord
 66138 | Zig:22   | Noticed Ukeufetz the pandemonium lord
 66139 | Zig:22   | Killed Ukeufetz the pandemonium lord
 66139 | Zig:22   | Noticed Egiu the pandemonium lord
 66143 | Zig:22   | Killed Egiu the pandemonium lord
 66144 | Zig:22   | Noticed Hiapref the pandemonium lord
 66145 | Zig:22   | Noticed Rurit the pandemonium lord
 66145 | Zig:22   | Killed Qiavirr the pandemonium lord
 66146 | Zig:22   | Killed Rurit the pandemonium lord
 66146 | Zig:22   | Noticed Kegien the pandemonium lord
 66148 | Zig:22   | Killed Hiapref the pandemonium lord
 66148 | Zig:22   | Killed Lavor the pandemonium lord
 66149 | Zig:22   | Killed Seppouw the pandemonium lord
 66149 | Zig:22   | Killed Kegien the pandemonium lord
 66149 | Zig:22   | Noticed Resuser the pandemonium lord
 66149 | Zig:22   | Noticed Gaunku the pandemonium lord
 66149 | Zig:22   | Noticed Cyhuj the pandemonium lord
 66150 | Zig:22   | Killed Cyhuj the pandemonium lord
 66150 | Zig:22   | Noticed Gikelisch the pandemonium lord
 66150 | Zig:22   | Noticed Virahiosk the pandemonium lord
 66151 | Zig:22   | Killed Gikelisch the pandemonium lord
 66151 | Zig:22   | Killed Gaunku the pandemonium lord
 66153 | Zig:22   | Killed Virahiosk the pandemonium lord
 66153 | Zig:22   | Noticed Pissou the pandemonium lord
 66154 | Zig:22   | Killed Resuser the pandemonium lord
 66155 | Zig:22   | Noticed Wuqiliuh the pandemonium lord
 66156 | Zig:22   | Reached skill level 27 in Necromancy
 66157 | Zig:22   | Killed Pissou the pandemonium lord
 66157 | Zig:22   | Noticed Qifuicox the pandemonium lord
 66158 | Zig:22   | Killed Sejue the pandemonium lord
 66159 | Zig:22   | Killed Wuqiliuh the pandemonium lord
 66159 | Zig:22   | Killed Ewih the pandemonium lord
 66159 | Zig:22   | Noticed Arizet the pandemonium lord
 66161 | Zig:22   | Killed Arizet the pandemonium lord
 66161 | Zig:22   | Killed Qifuicox the pandemonium lord
 66162 | Zig:22   | Noticed Detz the pandemonium lord
 66162 | Zig:22   | Noticed Area the pandemonium lord
 66164 | Zig:22   | Killed Detz the pandemonium lord
 66165 | Zig:22   | Killed Area the pandemonium lord
 66165 | Zig:22   | Killed Xuapul the pandemonium lord
 66166 | Zig:22   | Noticed Rililiu the pandemonium lord
 66168 | Zig:22   | Killed Rililiu the pandemonium lord
 66168 | Zig:22   | Killed Eteuwuis the pandemonium lord
 66184 | Zig:22   | Killed Geddos the pandemonium lord
 66192 | Zig:22   | Noticed Qicos the pandemonium lord
 66194 | Zig:22   | Killed Obecih the pandemonium lord
 66196 | Zig:22   | Killed Qicos the pandemonium lord
 66288 | Zig:22   | Found the +0 mask of the Dragon {Will+ Slay+3 SInv}
 66319 | Zig:22   | Identified the ring of Xom's Flight of Fancy {rC+ Str+3
                  | Int+4}
 66327 | Zig:22   | Identified the +1 robe of the Moon {Int+4 Dex+5 SInv}
 66339 | Zig:23   | Entered Level 23 of a ziggurat
 66351 | Zig:23   | Noticed an ancient lich
 66354 | Zig:23   | Killed an ancient lich
 66362 | Zig:23   | Noticed a dread lich
 66364 | Zig:23   | Killed a dread lich
 66368 | Zig:23   | Noticed an ancient lich
 66371 | Zig:23   | Killed an ancient lich
 66374 | Zig:23   | Killed an ancient lich
 66377 | Zig:23   | Noticed a dread lich
 66377 | Zig:23   | Noticed a dread lich
 66378 | Zig:23   | Noticed a dread lich
 66379 | Zig:23   | Killed a dread lich
 66379 | Zig:23   | Killed a dread lich
 66381 | Zig:23   | Killed a dread lich
 66383 | Zig:23   | Killed a dread lich
 66386 | Zig:23   | Noticed a dread lich
 66387 | Zig:23   | Noticed a dread lich
 66388 | Zig:23   | Killed a dread lich
 66388 | Zig:23   | Noticed an ancient lich
 66389 | Zig:23   | Killed a dread lich
 66389 | Zig:23   | Killed an ancient lich
 66421 | Zig:23   | Identified the ring "Leewai" {rN++ MP+9 EV+4 Str-3}
 66431 | Zig:23   | Identified the +7 fire dragon scales of Fotath {rElec rF++
                  | rC- Str+2}
 66446 | Zig:23   | Identified the +9 eveningstar "Diruveg" {speed, Drain rElec
                  | rCorr Stlth+}
 66453 | Zig:23   | Lost mutation: Your spells are harder to cast, but more
                  | powerful. [potion of mutation]
 66453 | Zig:23   | Lost mutation: You are strong-willed. (Will+) [potion of
                  | mutation]
 66453 | Zig:23   | Lost mutation: You expend magic power (3 MP) to strengthen
                  | your wands. [potion of mutation]
 66453 | Zig:23   | Gained mutation: You are dopey. (Int -2) [potion of
                  | mutation]
 66453 | Zig:23   | Gained mutation: You have sharp fingernails. [potion of
                  | mutation]
 66454 | Zig:23   | Lost mutation: You are partially covered in iridescent
                  | scales. (AC +2) [potion of mutation]
 66454 | Zig:23   | Lost mutation: Your spells are a little harder to cast, but
                  | a little more powerful. [potion of mutation]
 66454 | Zig:23   | Lost mutation: You are dopey. (Int -2) [potion of mutation]
 66454 | Zig:23   | Gained mutation: You are dopey. (Int -2) [potion of
                  | mutation]
 66454 | Zig:23   | Gained mutation: You are frail. (-10% HP) [potion of
                  | mutation]
 66454 | Zig:23   | Gained mutation: You expend magic power (3 MP) to
                  | strengthen your wands. [potion of mutation]
 66455 | Zig:23   | Lost mutation: You expend magic power (3 MP) to strengthen
                  | your wands. [potion of mutation]
 66455 | Zig:23   | Lost mutation: You have sharp fingernails. [potion of
                  | mutation]
 66455 | Zig:23   | Gained mutation: You have sharp fingernails. [potion of
                  | mutation]
 66456 | Zig:23   | Lost mutation: You are dopey. (Int -2) [potion of mutation]
 66456 | Zig:23   | Lost mutation: You are frail. (-10% HP) [potion of
                  | mutation]
 66456 | Zig:23   | Gained mutation: You passively dampen the noise of your
                  | surroundings. [potion of mutation]
 66457 | Zig:23   | Lost mutation: You have sharp fingernails. [potion of
                  | mutation]
 66457 | Zig:23   | Lost mutation: You passively dampen the noise of your
                  | surroundings. [potion of mutation]
 66457 | Zig:23   | Gained mutation: Your spells are a little easier to cast,
                  | but a little less powerful. [potion of mutation]
 66457 | Zig:23   | Gained mutation: You are clumsy. (Dex -2) [potion of
                  | mutation]
 66457 | Zig:23   | Gained mutation: You have large cloven feet. [potion of
                  | mutation]
 66458 | Zig:23   | Lost mutation: You have large cloven feet. [potion of
                  | mutation]
 66458 | Zig:23   | Lost mutation: Your spells are a little easier to cast, but
                  | a little less powerful. [potion of mutation]
 66458 | Zig:23   | Gained mutation: You are somewhat resistant to further
                  | mutation. [potion of mutation]
 66458 | Zig:23   | Gained mutation: You occasionally lose the ability to read
                  | scrolls when taking damage. [potion of mutation]
 66459 | Zig:23   | Lost mutation: You occasionally lose the ability to read
                  | scrolls when taking damage. [potion of mutation]
 66459 | Zig:23   | Lost mutation: You are clumsy. (Dex -2) [potion of
                  | mutation]
 66459 | Zig:23   | Gained mutation: Your body sometimes deteriorates upon
                  | taking damage. [potion of mutation]
 66459 | Zig:23   | Gained mutation: You are robust. (+10% HP) [potion of
                  | mutation]
 66460 | Zig:23   | Lost mutation: You are robust. (+10% HP) [potion of
                  | mutation]
 66460 | Zig:23   | Lost mutation: Your body sometimes deteriorates upon taking
                  | damage. [potion of mutation]
 66460 | Zig:23   | Gained mutation: Your magical capacity is low. (-10% MP)
                  | [potion of mutation]
 66461 | Zig:23   | Lost mutation: Your magical capacity is low. (-10% MP)
                  | [potion of mutation]
 66461 | Zig:23   | Lost mutation: You are somewhat resistant to further
                  | mutation. [potion of mutation]
 66461 | Zig:23   | Gained mutation: You are partially covered in large bone
                  | plates. (SH +4) [potion of mutation]
 66461 | Zig:23   | Gained mutation: You are weak. (Str -2) [potion of
                  | mutation]
 66461 | Zig:23   | Lost mutation: You are weak. (Str -2) [potion of mutation]
 66462 | Zig:23   | Lost mutation: You are partially covered in large bone
                  | plates. (SH +4) [potion of mutation]
 66462 | Zig:23   | Gained mutation: You expend magic power (3 MP) to
                  | strengthen your wands. [potion of mutation]
 66463 | Zig:23   | Lost mutation: You expend magic power (3 MP) to strengthen
                  | your wands. [potion of mutation]
 66463 | Zig:23   | Gained mutation: Your body sometimes deteriorates upon
                  | taking damage. [potion of mutation]
 66463 | Zig:23   | Gained mutation: You have a pair of small horns on your
                  | head. [potion of mutation]
 66463 | Zig:23   | Gained mutation: You are weak. (Str -2) [potion of
                  | mutation]
 66464 | Zig:23   | Lost mutation: You are weak. (Str -2) [potion of mutation]
 66464 | Zig:23   | Lost mutation: You have a pair of small horns on your head.
                  | [potion of mutation]
 66464 | Zig:23   | Lost mutation: Your body sometimes deteriorates upon taking
                  | damage. [potion of mutation]
 66464 | Zig:23   | Gained mutation: You are somewhat resistant to further
                  | mutation. [potion of mutation]
 66465 | Zig:23   | Lost mutation: You are somewhat resistant to further
                  | mutation. [potion of mutation]
 66465 | Zig:23   | Gained mutation: You are clumsy. (Dex -2) [potion of
                  | mutation]
 66465 | Zig:23   | Gained mutation: You have large cloven feet. [potion of
                  | mutation]
 66466 | Zig:23   | Lost mutation: You have large cloven feet. [potion of
                  | mutation]
 66466 | Zig:23   | Lost mutation: You are clumsy. (Dex -2) [potion of
                  | mutation]
 66466 | Zig:23   | Gained mutation: You are resistant to electric shocks.
                  | (rElec) [potion of mutation]
 66466 | Zig:23   | Gained mutation: You are robust. (+10% HP) [potion of
                  | mutation]
 66466 | Zig:23   | Gained mutation: You possess an exceptional clarity of
                  | mind. [potion of mutation]
 66502 | Zig:23   | Lost mutation: You are resistant to electric shocks.
                  | (rElec) [potion of mutation]
 66502 | Zig:23   | Lost mutation: You are robust. (+10% HP) [potion of
                  | mutation]
 66502 | Zig:23   | Gained mutation: You passively map a small area around you.
                  | [potion of mutation]
 66502 | Zig:23   | Gained mutation: You have large cloven feet. [potion of
                  | mutation]
 66502 | Zig:23   | Gained mutation: Your muscles are strong. (Str +4, Int/Dex
                  | -1) [potion of mutation]
 66502 | Zig:23   | Gained mutation: Your movements are slightly less
                  | encumbered by armour. (ER -2) [potion of mutation]
 66503 | Zig:23   | Lost mutation: Your muscles are strong. (Str +4, Int/Dex
                  | -1) [potion of mutation]
 66503 | Zig:23   | Lost mutation: You have large cloven feet. [potion of
                  | mutation]
 66503 | Zig:23   | Gained mutation: You occasionally lose the ability to drink
                  | potions when taking damage. [potion of mutation]
 66504 | Zig:23   | Lost mutation: Your movements are slightly less encumbered
                  | by armour. (ER -2) [potion of mutation]
 66504 | Zig:23   | Lost mutation: You possess an exceptional clarity of mind.
                  | [potion of mutation]
 66504 | Zig:23   | Lost mutation: You occasionally lose the ability to drink
                  | potions when taking damage. [potion of mutation]
 66504 | Zig:23   | Gained mutation: You have a pair of small antennae on your
                  | head. [potion of mutation]
 66504 | Zig:23   | Gained mutation: Armour fits poorly on your strangely
                  | shaped body. [potion of mutation]
 66504 | Zig:23   | Gained mutation: Your body sometimes deteriorates upon
                  | taking damage. [potion of mutation]
 66504 | Zig:23   | Gained mutation: You are partially covered in iridescent
                  | scales. (AC +2) [potion of mutation]
 66505 | Zig:23   | Lost mutation: You have a pair of small antennae on your
                  | head. [potion of mutation]
 66505 | Zig:23   | Lost mutation: Armour fits poorly on your strangely shaped
                  | body. [potion of mutation]
 66505 | Zig:23   | Gained mutation: Your muscles are strong. (Str +4, Int/Dex
                  | -1) [potion of mutation]
 66505 | Zig:23   | Gained mutation: You possess an exceptional clarity of
                  | mind. [potion of mutation]
 66506 | Zig:23   | Lost mutation: You possess an exceptional clarity of mind.
                  | [potion of mutation]
 66506 | Zig:23   | Lost mutation: Your body sometimes deteriorates upon taking
                  | damage. [potion of mutation]
 66506 | Zig:23   | Gained mutation: Your spells are a little easier to cast,
                  | but a little less powerful. [potion of mutation]
 66506 | Zig:23   | Lost mutation: Your spells are a little easier to cast, but
                  | a little less powerful. [potion of mutation]
 66507 | Zig:23   | Lost mutation: Your muscles are strong. (Str +4, Int/Dex
                  | -1) [potion of mutation]
 66507 | Zig:23   | Lost mutation: You passively map a small area around you.
                  | [potion of mutation]
 66507 | Zig:23   | Lost mutation: You are partially covered in iridescent
                  | scales. (AC +2) [potion of mutation]
 66507 | Zig:23   | Gained mutation: You occasionally shout uncontrollably at
                  | your foes. [potion of mutation]
 66507 | Zig:23   | Gained mutation: You are strong-willed. (Will+) [potion of
                  | mutation]
 66508 | Zig:23   | Lost mutation: You are strong-willed. (Will+) [potion of
                  | mutation]
 66508 | Zig:23   | Lost mutation: You occasionally shout uncontrollably at
                  | your foes. [potion of mutation]
 66508 | Zig:23   | Gained mutation: You have a pair of small antennae on your
                  | head. [potion of mutation]
 66509 | Zig:23   | Lost mutation: You have a pair of small antennae on your
                  | head. [potion of mutation]
 66509 | Zig:23   | Gained mutation: You are weak. (Str -2) [potion of
                  | mutation]
 66509 | Zig:23   | Gained mutation: You possess an exceptional clarity of
                  | mind. [potion of mutation]
 66509 | Zig:23   | Gained mutation: A frigid envelope surrounds you and
                  | freezes all who hurt you. [potion of mutation]
 66510 | Zig:23   | Lost mutation: A frigid envelope surrounds you and freezes
                  | all who hurt you. [potion of mutation]
 66510 | Zig:23   | Lost mutation: You possess an exceptional clarity of mind.
                  | [potion of mutation]
 66510 | Zig:23   | Lost mutation: You are weak. (Str -2) [potion of mutation]
 66510 | Zig:23   | Gained mutation: You have a pair of small horns on your
                  | head. [potion of mutation]
 66510 | Zig:23   | Gained mutation: Your magical capacity is low. (-10% MP)
                  | [potion of mutation]
 66510 | Zig:23   | Gained mutation: You are partially covered in large bone
                  | plates. (SH +4) [potion of mutation]
 66511 | Zig:23   | Lost mutation: You are partially covered in large bone
                  | plates. (SH +4) [potion of mutation]
 66511 | Zig:23   | Lost mutation: Your magical capacity is low. (-10% MP)
                  | [potion of mutation]
 66511 | Zig:23   | Gained mutation: You are partially covered in iridescent
                  | scales. (AC +2) [potion of mutation]
 66511 | Zig:23   | Lost mutation: You have a pair of small horns on your head.
                  | [potion of mutation]
 66511 | Zig:23   | Gained mutation: You have a pair of small horns on your
                  | head. [potion of mutation]
 66512 | Zig:23   | Lost mutation: You are partially covered in iridescent
                  | scales. (AC +2) [potion of mutation]
 66512 | Zig:23   | Lost mutation: You have a pair of small horns on your head.
                  | [potion of mutation]
 66512 | Zig:23   | Gained mutation: You occasionally lose the ability to drink
                  | potions when taking damage. [potion of mutation]
 66512 | Zig:23   | Gained mutation: You do not regenerate when monsters are
                  | visible. [potion of mutation]
 66513 | Zig:23   | Lost mutation: You do not regenerate when monsters are
                  | visible. [potion of mutation]
 66513 | Zig:23   | Lost mutation: You occasionally lose the ability to drink
                  | potions when taking damage. [potion of mutation]
 66513 | Zig:23   | Gained mutation: You have large cloven feet. [potion of
                  | mutation]
 66513 | Zig:23   | Gained mutation: Your system is resistant to poisons.
                  | (rPois) [potion of mutation]
 66513 | Zig:23   | Gained mutation: You have hidden genetic defects. [potion
                  | of mutation]
 66514 | Zig:23   | Lost mutation: You have hidden genetic defects. [potion of
                  | mutation]
 66514 | Zig:23   | Lost mutation: Your system is resistant to poisons. (rPois)
                  | [potion of mutation]
 66514 | Zig:23   | Gained mutation: You are resistant to electric shocks.
                  | (rElec) [potion of mutation]
 66514 | Zig:23   | Gained mutation: You expend magic power (3 MP) to
                  | strengthen your wands. [potion of mutation]
 66515 | Zig:23   | Lost mutation: You expend magic power (3 MP) to strengthen
                  | your wands. [potion of mutation]
 66515 | Zig:23   | Lost mutation: You are resistant to electric shocks.
                  | (rElec) [potion of mutation]
 66515 | Zig:23   | Lost mutation: You have large cloven feet. [potion of
                  | mutation]
 66515 | Zig:23   | Gained mutation: You are robust. (+10% HP) [potion of
                  | mutation]
 66516 | Zig:23   | Lost mutation: You are robust. (+10% HP) [potion of
                  | mutation]
 66516 | Zig:23   | Gained mutation: You are covered in fur. (AC +1) [potion of
                  | mutation]
 66516 | Zig:23   | Gained mutation: You have a pair of small antennae on your
                  | head. [potion of mutation]
 66516 | Zig:23   | Gained mutation: Your flesh is heat resistant. (rF+)
                  | [potion of mutation]
 66516 | Zig:23   | Gained mutation: You have a pair of antennae on your head.
                  | [potion of mutation]
 66517 | Zig:23   | Lost mutation: Your flesh is heat resistant. (rF+) [potion
                  | of mutation]
 66517 | Zig:23   | Lost mutation: You are covered in fur. (AC +1) [potion of
                  | mutation]
 66517 | Zig:23   | Lost mutation: You have a pair of antennae on your head.
                  | [potion of mutation]
 66517 | Zig:23   | Gained mutation: Your natural rate of healing is unusually
                  | fast. [potion of mutation]
 66517 | Zig:23   | Gained mutation: Your flesh is heat resistant. (rF+)
                  | [potion of mutation]
 66518 | Zig:23   | Lost mutation: You have a pair of small antennae on your
                  | head. [potion of mutation]
 66518 | Zig:23   | Lost mutation: Your natural rate of healing is unusually
                  | fast. [potion of mutation]
 66518 | Zig:23   | Gained mutation: You have a beak for a mouth. [potion of
                  | mutation]
 66518 | Zig:23   | Gained mutation: You are strong-willed. (Will+) [potion of
                  | mutation]
 66519 | Zig:23   | Lost mutation: You are strong-willed. (Will+) [potion of
                  | mutation]
 66519 | Zig:23   | Lost mutation: You have a beak for a mouth. [potion of
                  | mutation]
 66519 | Zig:23   | Lost mutation: Your flesh is heat resistant. (rF+) [potion
                  | of mutation]
 66519 | Zig:23   | Gained mutation: You are strong-willed. (Will+) [potion of
                  | mutation]
 66519 | Zig:23   | Gained mutation: You are highly strong-willed. (Will++)
                  | [potion of mutation]
 66519 | Zig:23   | Gained mutation: You are covered in fur. (AC +1) [potion of
                  | mutation]
 66520 | Zig:23   | Lost mutation: You are covered in fur. (AC +1) [potion of
                  | mutation]
 66520 | Zig:23   | Lost mutation: You are highly strong-willed. (Will++)
                  | [potion of mutation]
 66520 | Zig:23   | Lost mutation: You are strong-willed. (Will+) [potion of
                  | mutation]
 66520 | Zig:23   | Gained mutation: You are weak. (Str -2) [potion of
                  | mutation]
 66520 | Zig:23   | Gained mutation: You expend magic power (3 MP) to
                  | strengthen your wands. [potion of mutation]
 66521 | Zig:23   | Lost mutation: You are weak. (Str -2) [potion of mutation]
 66521 | Zig:23   | Lost mutation: You expend magic power (3 MP) to strengthen
                  | your wands. [potion of mutation]
 66521 | Zig:23   | Gained mutation: You sometimes lose your temper in combat.
                  | [potion of mutation]
 66521 | Zig:23   | Gained mutation: You are robust. (+10% HP) [potion of
                  | mutation]
 66521 | Zig:23   | Gained mutation: You have large cloven feet. [potion of
                  | mutation]
 66522 | Zig:23   | Lost mutation: You are robust. (+10% HP) [potion of
                  | mutation]
 66522 | Zig:23   | Lost mutation: You have large cloven feet. [potion of
                  | mutation]
 66522 | Zig:23   | Lost mutation: You sometimes lose your temper in combat.
                  | [potion of mutation]
 66522 | Zig:23   | Gained mutation: You are covered in fur. (AC +1) [potion of
                  | mutation]
 66522 | Zig:23   | Gained mutation: You have supernaturally acute eyesight.
                  | (SInv) [potion of mutation]
 66522 | Zig:23   | Gained mutation: You are agile. (Dex +4, Str/Int -1)
                  | [potion of mutation]
 66523 | Zig:23   | Lost mutation: You are covered in fur. (AC +1) [potion of
                  | mutation]
 66523 | Zig:23   | Lost mutation: You are agile. (Dex +4, Str/Int -1) [potion
                  | of mutation]
 66523 | Zig:23   | Gained mutation: Your magical capacity is low. (-10% MP)
                  | [potion of mutation]
 66523 | Zig:23   | Gained mutation: You passively map a small area around you.
                  | [potion of mutation]
 66524 | Zig:23   | Lost mutation: Your magical capacity is low. (-10% MP)
                  | [potion of mutation]
 66524 | Zig:23   | Lost mutation: You have supernaturally acute eyesight.
                  | (SInv) [potion of mutation]
 66524 | Zig:23   | Lost mutation: You passively map a small area around you.
                  | [potion of mutation]
 66524 | Zig:23   | Gained mutation: You occasionally lose the ability to drink
                  | potions when taking damage. [potion of mutation]
 66524 | Zig:23   | Gained mutation: You have large cloven feet. [potion of
                  | mutation]
 66524 | Zig:23   | Gained mutation: You have a pair of small horns on your
                  | head. [potion of mutation]
 66524 | Zig:23   | Gained mutation: You passively map a small area around you.
                  | [potion of mutation]
 66525 | Zig:23   | Lost mutation: You have a pair of small horns on your head.
                  | [potion of mutation]
 66525 | Zig:23   | Lost mutation: You have large cloven feet. [potion of
                  | mutation]
 66525 | Zig:23   | Gained mutation: You have large cloven feet. [potion of
                  | mutation]
 66525 | Zig:23   | Gained mutation: Your flesh is cold resistant. (rC+)
                  | [potion of mutation]
 66526 | Zig:23   | Lost mutation: You occasionally lose the ability to drink
                  | potions when taking damage. [potion of mutation]
 66526 | Zig:23   | Lost mutation: Your flesh is cold resistant. (rC+) [potion
                  | of mutation]
 66526 | Zig:23   | Lost mutation: You passively map a small area around you.
                  | [potion of mutation]
 66526 | Zig:23   | Gained mutation: You are clumsy. (Dex -2) [potion of
                  | mutation]
 66526 | Zig:23   | Gained mutation: Your magical capacity is low. (-10% MP)
                  | [potion of mutation]
 66526 | Zig:23   | Lost mutation: Your magical capacity is low. (-10% MP)
                  | [potion of mutation]
 66527 | Zig:23   | Lost mutation: You are clumsy. (Dex -2) [potion of
                  | mutation]
 66527 | Zig:23   | Lost mutation: You have large cloven feet. [potion of
                  | mutation]
 66527 | Zig:23   | Gained mutation: Your flesh is heat resistant. (rF+)
                  | [potion of mutation]
 66527 | Zig:23   | Gained mutation: Your body sometimes deteriorates upon
                  | taking damage. [potion of mutation]
 66527 | Zig:23   | Gained mutation: You do not regenerate when monsters are
                  | visible. [potion of mutation]
 66528 | Zig:23   | Lost mutation: Your flesh is heat resistant. (rF+) [potion
                  | of mutation]
 66528 | Zig:23   | Lost mutation: You do not regenerate when monsters are
                  | visible. [potion of mutation]
 66528 | Zig:23   | Lost mutation: Your body sometimes deteriorates upon taking
                  | damage. [potion of mutation]
 66528 | Zig:23   | Gained mutation: You are partially covered in iridescent
                  | scales. (AC +2) [potion of mutation]
 66529 | Zig:23   | Lost mutation: You are partially covered in iridescent
                  | scales. (AC +2) [potion of mutation]
 66529 | Zig:23   | Gained mutation: Potions are less effective at restoring
                  | your health. [potion of mutation]
 66530 | Zig:23   | Lost mutation: Potions are less effective at restoring your
                  | health. [potion of mutation]
 66530 | Zig:23   | Gained mutation: You have a pair of small antennae on your
                  | head. [potion of mutation]
 66530 | Zig:23   | Gained mutation: You have hidden genetic potential. [potion
                  | of mutation]
 66530 | Zig:23   | Gained mutation: You are occasionally teleported next to
                  | monsters. [potion of mutation]
 66530 | Zig:23   | Gained mutation: You possess an exceptional clarity of
                  | mind. [potion of mutation]
 66531 | Zig:23   | Lost mutation: You are occasionally teleported next to
                  | monsters. [potion of mutation]
 66531 | Zig:23   | Lost mutation: You have hidden genetic potential. [potion
                  | of mutation]
 66531 | Zig:23   | Lost mutation: You have a pair of small antennae on your
                  | head. [potion of mutation]
 66531 | Zig:23   | Gained mutation: You do not regenerate when monsters are
                  | visible. [potion of mutation]
 66531 | Zig:23   | Gained mutation: You expend magic power (3 MP) to
                  | strengthen your wands. [potion of mutation]
 66532 | Zig:23   | Lost mutation: You possess an exceptional clarity of mind.
                  | [potion of mutation]
 66532 | Zig:23   | Lost mutation: You do not regenerate when monsters are
                  | visible. [potion of mutation]
 66532 | Zig:23   | Gained mutation: You have hidden genetic potential. [potion
                  | of mutation]
 66532 | Zig:23   | Gained mutation: You have large cloven feet. [potion of
                  | mutation]
 66532 | Zig:23   | Gained mutation: You have great hidden genetic potential.
                  | [potion of mutation]
 66532 | Zig:23   | Gained mutation: Your movements are slightly less
                  | encumbered by armour. (ER -2) [potion of mutation]
 66542 | Zig:24   | Entered Level 24 of a ziggurat
 66567 | Zig:24   | Reached skill level 27 in Shields
 66567 | Zig:24   | Reached skill level 1 in Staves
 66572 | Zig:24   | Reached skill level 5 in Staves
 66597 | Zig:24   | Reached skill level 10 in Staves
 66693 | Zig:24   | Found the +6 arbalest "Damnation" {damnation}
 66709 | Zig:24   | Identified the ring "Saal Fen" {MP+9 Str+4 Dex+5}
 66716 | Zig:24   | Identified the ring of the Hart {rN+ rCorr Dex-3 SInv}
 66724 | Zig:24   | Identified the +7 shortbow "Xiriagg" {speed, Will+ Str-5
                  | Int+5}
 66725 | Zig:24   | Identified the +3 great mace of the Egg {vorpal, Int+4}
 66726 | Zig:24   | Identified the ring "Plog" {rPois Dex+6}
 66735 | Zig:25   | Entered Level 25 of a ziggurat
 66750 | Zig:25   | Reached skill level 1 in Ranged Weapons
 66759 | Zig:25   | Reached skill level 5 in Ranged Weapons
 66765 | Zig:25   | Gained mutation: You are agile. (Dex +4, Str/Int -1)
                  | [hidden potential]
 66786 | Zig:25   | Reached skill level 10 in Ranged Weapons
 66793 | Zig:25   | Killed an ancient lich
 66964 | Zig:25   | Identified the +1 scale mail "Voeg Dil" {Will+ Str+2}
 66977 | Zig:25   | Identified the +9 whip "Zifog" {freeze, rF++ Str+2}
 66985 | Zig:25   | Identified the +9 hand axe of Severance {protect, *Rage
                  | rElec Will++ Dex+3}
 66988 | Zig:25   | Identified the +4 trident "Fuwytar" {vorpal, rF+ Dex+3}
 67001 | Zig:25   | Lost mutation: You have great hidden genetic potential.
                  | [potion of mutation]
 67001 | Zig:25   | Lost mutation: You have large cloven feet. [potion of
                  | mutation]
 67001 | Zig:25   | Gained mutation: You have a pair of small horns on your
                  | head. [potion of mutation]
 67001 | Zig:25   | Gained mutation: Your system is resistant to poisons.
                  | (rPois) [potion of mutation]
 67002 | Zig:25   | Lost mutation: You have hidden genetic potential. [potion
                  | of mutation]
 67002 | Zig:25   | Lost mutation: You have a pair of small horns on your head.
                  | [potion of mutation]
 67002 | Zig:25   | Gained mutation: Your body sometimes deteriorates upon
                  | taking damage. [potion of mutation]
 67002 | Zig:25   | Gained mutation: You are partially covered in iridescent
                  | scales. (AC +2) [potion of mutation]
 67003 | Zig:25   | Lost mutation: Your body sometimes deteriorates upon taking
                  | damage. [potion of mutation]
 67003 | Zig:25   | Lost mutation: Your system is resistant to poisons. (rPois)
                  | [potion of mutation]
 67003 | Zig:25   | Gained mutation: You have sharp toenails. [potion of
                  | mutation]
 67003 | Zig:25   | Gained mutation: Your system is resistant to poisons.
                  | (rPois) [potion of mutation]
 67004 | Zig:25   | Lost mutation: You have sharp toenails. [potion of
                  | mutation]
 67004 | Zig:25   | Lost mutation: You expend magic power (3 MP) to strengthen
                  | your wands. [potion of mutation]
 67004 | Zig:25   | Gained mutation: Your magical capacity is low. (-10% MP)
                  | [potion of mutation]
 67004 | Zig:25   | Gained mutation: You have hidden genetic potential. [potion
                  | of mutation]
 67004 | Zig:25   | Gained mutation: Your spells are a little harder to cast,
                  | but a little more powerful. [potion of mutation]
 67014 | Zig:26   | Entered Level 26 of a ziggurat
 67042 | Zig:26   | Reached skill level 15 in Ranged Weapons
 67111 | Zig:26   | Found the +8 mithril axe "Arga" {speed, Will+}
 67119 | Zig:26   | Identified the +4 great mace of the Fortune-Teller {freeze,
                  | *Slow rPois Str+3}
 67120 | Zig:26   | Identified the +1 ring mail of the Vacuum {rElec}
 67133 | Zig:26   | Identified the +7 mace of the Blowfly {drain, *Slow Str+7}
 67137 | Zig:26   | Identified the +1 pair of boots of Red Brilliance {rC+
                  | Will+ rCorr Int+3}
 67151 | Zig:26   | Identified the +9 long sword of Calamity {drain, *Rage
                  | rElec Int+3}
 67155 | Zig:26   | Identified the ring "Zaiv" {Fire rElec rPois Str+4 Dex-4}
 67167 | Zig:27   | Entered Level 27 of a ziggurat
 67195 | Zig:27   | Gained mutation: You are covered in fur. (AC +1) [hidden
                  | potential]
 67256 | Zig:27   | Identified the +6 scale mail of Caucsis {Rampage rPois
                  | Int+2}
 67276 | Zig:27   | Learned a level 8 spell: Borgnjor's Revivification
 67283 | Zig:27   | Identified the ring of Amiatiur {rF- rCorr Int+2 Dex+6
                  | Slay-2}
 67294 | Zig:27   | Identified the amulet "Xosubek" {Reflect rPois SH+5}
 67341 | Zig:1    | Entered Level 1 of a ziggurat
 67373 | Zig:2    | Entered Level 2 of a ziggurat
 67401 | Zig:3    | Entered Level 3 of a ziggurat
 67420 | Zig:3    | Identified the +8 war axe of Nightmares {protect, *Corrode
                  | rPois rC++ Str+4}
 67424 | Zig:4    | Entered Level 4 of a ziggurat
 67427 | Zig:4    | Reached skill level 15 in Polearms
 67441 | Zig:4    | Found the +5 sword of Power {vorpal}
 67778 | Zig:5    | Entered Level 5 of a ziggurat
 67780 | Zig:5    | Noticed a juggernaut
 67780 | Zig:5    | Killed a juggernaut
 67811 | Zig:5    | Identified the +3 scale mail of the Storm King {Dex+3}
 67817 | Zig:5    | Identified the +0 plate armour "Dewnieryo" {rPois Int+6}
 67823 | Zig:6    | Entered Level 6 of a ziggurat
 67830 | Zig:6    | Reached skill level 5 in Air Magic
 67831 | Zig:6    | Gained mutation: You have sharp toenails. [hidden
                  | potential]
 67831 | Zig:6    | Lost mutation: You have hidden genetic potential. [hidden
                  | potential expressed]
 67834 | Zig:6    | Found the ring of the Mage {Wiz Archmagi}
 67872 | Zig:6    | Identified the +5 hand axe "Beastbane" {flame, Str+3 Dex+3}
 67873 | Zig:6    | Identified the +4 glaive of the Thirsty Visions {vorpal,
                  | rF+ Will+ Int-2 Dex+3}
 67955 | Zig:7    | Entered Level 7 of a ziggurat
 67956 | Zig:7    | Identified the +0 tower shield of the Hunter {Will+ Str+6}
 67985 | Zig:7    | Identified the +9 glaive of Diet Blood {antimagic, Will-
                  | Str+2 Int+5}
 68008 | Zig:8    | Entered Level 8 of a ziggurat
 68037 | Zig:8    | Identified the +1 ring mail of the Harvest Moon {Int+7}
 68042 | Zig:8    | Identified the +6 dagger of Circular Logic {protect, Str+3
                  | Int+3}
 68046 | Zig:9    | Entered Level 9 of a ziggurat
 68048 | Zig:9    | Noticed a juggernaut
 68048 | Zig:9    | Noticed a juggernaut
 68048 | Zig:9    | Noticed a juggernaut
 68050 | Zig:9    | Noticed a juggernaut
 68050 | Zig:9    | Killed a juggernaut
 68050 | Zig:9    | Noticed a juggernaut
 68051 | Zig:9    | Killed a juggernaut
 68051 | Zig:9    | Killed a juggernaut
 68051 | Zig:9    | Killed a juggernaut
 68051 | Zig:9    | Noticed a juggernaut
 68052 | Zig:9    | Killed a juggernaut
 68052 | Zig:9    | Noticed a juggernaut
 68052 | Zig:9    | Noticed a juggernaut
 68053 | Zig:9    | Reached skill level 15 in Staves
 68053 | Zig:9    | Killed a juggernaut
 68053 | Zig:9    | Noticed a juggernaut
 68054 | Zig:9    | Killed a juggernaut
 68054 | Zig:9    | Killed a juggernaut
 68055 | Zig:9    | Killed a juggernaut
 68070 | Zig:9    | Found the +18 shield of the Gong {rElec rN+ Will+ EV-5}
 68070 | Zig:9    | Found the +5 lochaber axe {reach-cleave, poleaxe}
 68099 | Zig:10   | Entered Level 10 of a ziggurat
 68104 | Zig:10   | Noticed a dread lich
 68107 | Zig:10   | Killed a dread lich
 68147 | Zig:10   | Identified the ring of Godim {rC- Will+ Str+3 Int+6}
 68154 | Zig:11   | Entered Level 11 of a ziggurat
 68210 | Zig:11   | Identified the amulet "Wanwiv" {Spirit Int+4}
 68216 | Zig:12   | Entered Level 12 of a ziggurat
 68219 | Zig:12   | Noticed a dread lich
 68219 | Zig:12   | Noticed a dread lich
 68221 | Zig:12   | Noticed a dread lich
 68222 | Zig:12   | Killed a dread lich
 68222 | Zig:12   | Killed an ancient lich
 68222 | Zig:12   | Killed a dread lich
 68223 | Zig:12   | Killed a dread lich
 68224 | Zig:12   | Noticed an ancient lich
 68224 | Zig:12   | Noticed a dread lich
 68226 | Zig:12   | Noticed an ancient lich
 68227 | Zig:12   | Killed a dread lich
 68227 | Zig:12   | Killed an ancient lich
 68227 | Zig:12   | Killed an ancient lich
 68228 | Zig:12   | Noticed an ancient lich
 68229 | Zig:12   | Killed an ancient lich
 68233 | Zig:12   | Killed an ancient lich
 68236 | Zig:12   | Killed an ancient lich
 68236 | Zig:12   | Killed an ancient lich
 68241 | Zig:12   | Noticed a dread lich
 68242 | Zig:12   | Killed a dread lich
 68242 | Zig:12   | Killed an ancient lich
 68276 | Zig:12   | Identified the +8 mace of Yheicer {vamp, Str-4 Int+5 Dex+2}
 68283 | Zig:12   | Identified the +3 hand axe "Zaijaqoa" {vorpal, rC+}
 68292 | Zig:13   | Entered Level 13 of a ziggurat
 68294 | Zig:13   | Noticed an ancient lich
 68295 | Zig:13   | Noticed a dread lich
 68295 | Zig:13   | Noticed an ancient lich
 68297 | Zig:13   | Killed a dread lich
 68297 | Zig:13   | Killed an ancient lich
 68298 | Zig:13   | Killed an ancient lich
 68298 | Zig:13   | Noticed an ancient lich
 68299 | Zig:13   | Noticed a dread lich
 68300 | Zig:13   | Killed an ancient lich
 68302 | Zig:13   | Killed a dread lich
 68303 | Zig:13   | Noticed an ancient lich
 68305 | Zig:13   | Killed an ancient lich
 68332 | Zig:13   | Identified the +1 battleaxe "Demonslayer" {flame, rElec
                  | rPois Will- Stlth+}
 68351 | Zig:13   | Identified the +2 chain mail of Vanity {*Slow rF+ rC+}
 68356 | Zig:14   | Entered Level 14 of a ziggurat
 68368 | Zig:14   | Killed an ancient lich
 68369 | Zig:14   | Noticed an ancient lich
 68371 | Zig:14   | Killed an ancient lich
 68373 | Zig:14   | Noticed an ancient lich
 68374 | Zig:14   | Killed an ancient lich
 68376 | Zig:14   | Killed an ancient lich
 68383 | Zig:14   | Killed an ancient lich
 68389 | Zig:14   | Killed an ancient lich
 68394 | Zig:14   | Noticed an ancient lich
 68396 | Zig:14   | Killed an ancient lich
 68431 | Zig:15   | Entered Level 15 of a ziggurat
 68434 | Zig:15   | Noticed Ilieschu the pandemonium lord
 68434 | Zig:15   | Noticed Watsok the pandemonium lord
 68434 | Zig:15   | Noticed Jafiatyo the pandemonium lord
 68440 | Zig:15   | Noticed Ilorouh the pandemonium lord
 68441 | Zig:15   | Killed Watsok the pandemonium lord
 68442 | Zig:15   | Killed Jafiatyo the pandemonium lord
 68443 | Zig:15   | Killed Ilorouh the pandemonium lord
 68444 | Zig:15   | Killed Toapher the pandemonium lord
 68444 | Zig:15   | Noticed Viedghaq the pandemonium lord
 68446 | Zig:15   | Killed Ilieschu the pandemonium lord
 68448 | Zig:15   | Killed Viedghaq the pandemonium lord
 68449 | Zig:15   | Noticed Ger Ely the pandemonium lord
 68449 | Zig:15   | Noticed Ruagraag the pandemonium lord
 68449 | Zig:15   | Noticed Watai the pandemonium lord
 68450 | Zig:15   | Killed Ruagraag the pandemonium lord
 68451 | Zig:15   | Killed Ger Ely the pandemonium lord
 68451 | Zig:15   | Killed Watai the pandemonium lord
 68451 | Zig:15   | Noticed Genumus the pandemonium lord
 68452 | Zig:15   | Noticed Ypriposi the pandemonium lord
 68453 | Zig:15   | Killed Genumus the pandemonium lord
 68453 | Zig:15   | Killed Poytu the pandemonium lord
 68453 | Zig:15   | Noticed Fulaic the pandemonium lord
 68453 | Zig:15   | Killed Resmetwu the pandemonium lord
 68453 | Zig:15   | Killed Taoxkyc the pandemonium lord
 68455 | Zig:15   | Noticed Plog the pandemonium lord
 68456 | Zig:15   | Killed Plog the pandemonium lord
 68456 | Zig:15   | Killed Fulaic the pandemonium lord
 68457 | Zig:15   | Killed Ypriposi the pandemonium lord
 68458 | Zig:15   | Noticed Cocexuem the pandemonium lord
 68459 | Zig:15   | Noticed Pumm the pandemonium lord
 68460 | Zig:15   | Noticed Kaid the pandemonium lord
 68460 | Zig:15   | Killed Cocexuem the pandemonium lord
 68460 | Zig:15   | Killed Pumm the pandemonium lord
 68460 | Zig:15   | Noticed Captenux the pandemonium lord
 68461 | Zig:15   | Killed Kaid the pandemonium lord
 68462 | Zig:15   | Killed Captenux the pandemonium lord
 68464 | Zig:15   | Killed Bimall the pandemonium lord
 68485 | Zig:15   | Identified the ring of Nuerudes {rPois rN+ AC+4 Str+4
                  | Dex+4}
 68504 | Zig:15   | Identified the ring of the Four Knaves {rN+ EV+4 Str+5
                  | Int-2}
 68506 | Zig:15   | Identified the +10 morningstar "Carikh" {freeze, rN+ Str+7
                  | Dex+4}
 68524 | Zig:16   | Entered Level 16 of a ziggurat
 68530 | Zig:16   | Noticed an ancient lich
 68531 | Zig:16   | Noticed a dread lich
 68532 | Zig:16   | Killed an ancient lich
 68532 | Zig:16   | Killed a dread lich
 68532 | Zig:16   | Noticed a dread lich
 68533 | Zig:16   | Noticed an ancient lich
 68533 | Zig:16   | Noticed an ancient lich
 68534 | Zig:16   | Killed a dread lich
 68534 | Zig:16   | Noticed an ancient lich
 68536 | Zig:16   | Killed an ancient lich
 68536 | Zig:16   | Killed an ancient lich
 68536 | Zig:16   | Noticed a dread lich
 68537 | Zig:16   | Noticed a dread lich
 68537 | Zig:16   | Killed an ancient lich
 68538 | Zig:16   | Killed a dread lich
 68538 | Zig:16   | Killed a dread lich
 68540 | Zig:16   | Noticed a dread lich
 68542 | Zig:16   | Reached skill level 27 in Transmutations
 68542 | Zig:16   | Noticed an ancient lich
 68543 | Zig:16   | Killed a dread lich
 68543 | Zig:16   | Killed an ancient lich
 68545 | Zig:16   | Noticed an ancient lich
 68546 | Zig:16   | Killed an ancient lich
 68569 | Zig:16   | Identified the +9 shortbow of Nightmares {freeze, rElec rF-
                  | Int+2 Dex+5}
 68589 | Zig:17   | Entered Level 17 of a ziggurat
 68620 | Zig:17   | Killed Husuisef the pandemonium lord
 68672 | Zig:17   | Found the +8 Wrath of Trog {antimagic, *Rage Rampage}
 68680 | Zig:17   | Identified the +7 battleaxe of Integrity {drain, Will-
                  | rCorr Dex+6}
 68708 | Zig:17   | Identified the +0 leather armour of the Stonemason
                  | {Rampage}
 68720 | Zig:17   | Identified the ring "Caumakus" {rPois AC+4 Str+2}
 68739 | Zig:18   | Entered Level 18 of a ziggurat
 68924 | Zig:18   | Identified the +2 plate armour of Son Ucy {Int+3}
 68937 | Zig:18   | Identified the +1 plate armour of Too Many Cooks {Rampage
                  | rElec}
 68950 | Zig:19   | Entered Level 19 of a ziggurat
 68966 | Zig:19   | Noticed an ancient lich
 68968 | Zig:19   | Killed an ancient lich
 69025 | Zig:19   | Identified the +1 leather armour of the Unbearable Heron
                  | {Rampage rC- Str+7 Int+4}
 69029 | Zig:20   | Entered Level 20 of a ziggurat
 69099 | Zig:20   | Identified the +5 great sword of the Invisible Towns
                  | {vorpal, Drain rElec rF- rCorr}
 69118 | Zig:21   | Entered Level 21 of a ziggurat
 69122 | Zig:21   | Noticed a juggernaut
 69122 | Zig:21   | Noticed a juggernaut
 69123 | Zig:21   | Killed a juggernaut
 69123 | Zig:21   | Noticed a juggernaut
 69124 | Zig:21   | Killed a juggernaut
 69124 | Zig:21   | Killed a juggernaut
 69126 | Zig:21   | Noticed a juggernaut
 69128 | Zig:21   | Killed a juggernaut
 69128 | Zig:21   | Noticed a juggernaut
 69131 | Zig:21   | Killed a juggernaut
 69135 | Zig:21   | Noticed a juggernaut
 69137 | Zig:21   | Killed a juggernaut
 69160 | Zig:21   | Identified the +6 ice dragon scales "Ochaz" {rF- rC++ rN+
                  | Will+}
 69170 | Zig:21   | Identified the ring "Wizyasah" {Drain rF+ Int+6 SInv}
 69187 | Zig:21   | Identified the +1 pair of boots of Leib {*Slow rElec rN+}
 69188 | Zig:21   | Identified the ring of Rariuleb {rPois Slay+2}
 69200 | Zig:22   | Entered Level 22 of a ziggurat
 69215 | Zig:22   | Reached skill level 27 in Ranged Weapons
 69215 | Zig:22   | Reached skill level 5 in Maces & Flails
 69223 | Zig:22   | Reached skill level 15 in Maces & Flails
 69227 | Zig:22   | Found the +9 heavy crossbow "Sniper" {vorpal, Acc+∞ SInv}
 69229 | Zig:22   | Found the ring of the Octopus King
 69235 | Zig:22   | Identified the ring "Qyntaow" {Will+ Int+4 Dex+2}
 69256 | Zig:22   | Identified a ring of the Octopus King {HP+2 AC+2 EV+2 SH+2
                  | SInv}
 69265 | Zig:22   | Identified the +4 halberd "Mouqitt" {flame, rElec rC- rN+
                  | SInv}
 69274 | Zig:22   | Identified the +2 scale mail of the Cicada {Harm *Slow
                  | Dex+6}
 69279 | Zig:23   | Entered Level 23 of a ziggurat
 69294 | Zig:23   | Reached skill level 27 in Staves
 69320 | Zig:23   | Killed an ancient lich
 69374 | Zig:23   | Identified the +2 pair of boots of Fanwasun {rN+ Int+3}
 69377 | Zig:23   | Identified the +8 flail of Osuask {vorpal, rElec rPois
                  | Dex+7}
 69396 | Zig:23   | Identified the +5 great mace of Biggoab {pain, Contam
                  | Will+++ Dex-4 SInv}
 69401 | Zig:23   | Identified the +2 pair of gloves of Cowardice {Harm rF+
                  | Stlth-}
 69415 | Zig:24   | Entered Level 24 of a ziggurat
 69424 | Zig:24   | Noticed a dread lich
 69425 | Zig:24   | Noticed an ancient lich
 69426 | Zig:24   | Killed an ancient lich
 69427 | Zig:24   | Killed a dread lich
 69427 | Zig:24   | Noticed a dread lich
 69428 | Zig:24   | Noticed an ancient lich
 69428 | Zig:24   | Noticed a dread lich
 69428 | Zig:24   | Killed a dread lich
 69429 | Zig:24   | Killed a dread lich
 69429 | Zig:24   | Killed an ancient lich
 69429 | Zig:24   | Noticed a dread lich
 69430 | Zig:24   | Noticed an ancient lich
 69430 | Zig:24   | Noticed an ancient lich
 69431 | Zig:24   | Killed a dread lich
 69431 | Zig:24   | Killed an ancient lich
 69431 | Zig:24   | Noticed a dread lich
 69432 | Zig:24   | Killed an ancient lich
 69432 | Zig:24   | Noticed an ancient lich
 69433 | Zig:24   | Noticed an ancient lich
 69433 | Zig:24   | Killed a dread lich
 69433 | Zig:24   | Killed an ancient lich
 69433 | Zig:24   | Killed an ancient lich
 69433 | Zig:24   | Noticed an ancient lich
 69433 | Zig:24   | Noticed an ancient lich
 69434 | Zig:24   | Killed an ancient lich
 69434 | Zig:24   | Killed an ancient lich
 69434 | Zig:24   | Noticed a dread lich
 69434 | Zig:24   | Noticed an ancient lich
 69435 | Zig:24   | Killed an ancient lich
 69436 | Zig:24   | Killed a dread lich
 69436 | Zig:24   | Noticed an ancient lich
 69437 | Zig:24   | Killed an ancient lich
 69438 | Zig:24   | Noticed a dread lich
 69439 | Zig:24   | Killed a dread lich
 69439 | Zig:24   | Noticed an ancient lich
 69441 | Zig:24   | Killed an ancient lich
 69441 | Zig:24   | Noticed an ancient lich
 69442 | Zig:24   | Killed an ancient lich
 69443 | Zig:24   | Noticed an ancient lich
 69444 | Zig:24   | Killed an ancient lich
 69447 | Zig:24   | Reached skill level 27 in Polearms
 69450 | Zig:24   | Noticed an ancient lich
 69452 | Zig:24   | Killed an ancient lich
 69462 | Zig:24   | Found the +11 plutonium sword {Contam Stlth-}
 69470 | Zig:24   | Identified the +5 great mace of the Cup {drain, rCorr Str+4
                  | Int+2}
 69495 | Zig:24   | Identified the +5 crystal plate armour of Wonder {rF- rC+++
                  | Int+2 Stlth+}
 69514 | Zig:25   | Entered Level 25 of a ziggurat
 69536 | Zig:25   | Noticed an ancient lich
 69537 | Zig:25   | Killed an ancient lich
 69704 | Zig:25   | Found the +2 hat of the Bear Spirit {Spirit, *Rage Will++}
 69749 | Zig:25   | Identified the amulet of Haonum {Acrobat rC+ Will+}
 69751 | Zig:25   | Identified the +8 dagger of Eluolicuank {drain, Fragile
                  | rCorr MP+9 Str-4}
 69752 | Zig:25   | Identified the ring "Loomaum" {Slay+3 SInv}
 69755 | Zig:26   | Entered Level 26 of a ziggurat
 69772 | Zig:26   | Reached skill level 27 in Maces & Flails
 69774 | Zig:26   | Reached skill level 5 in Unarmed Combat
 69790 | Zig:26   | Reached skill level 15 in Unarmed Combat
 69817 | Zig:26   | Found the amulet of Vitality {RegenMP++ Regen++}
 69818 | Zig:26   | Found the +7 staff of the Meek {protect, meekguard}
 69827 | Zig:26   | Identified the +2 quarterstaff of the Wraith {protect,
                  | Will+++ Str+4}
 69862 | Zig:26   | Identified the +1 ring mail of Qolosogg {Drain rElec Int+3
                  | Dex+4}
 69869 | Zig:26   | Identified the +1 chain mail of the Evil One {SInv}
 69885 | Zig:26   | Identified the ring "Orilu" {Fly rPois rC- MP+9 Int-4}
 69906 | Zig:27   | Entered Level 27 of a ziggurat
 69911 | Zig:27   | Noticed an ancient lich
 69913 | Zig:27   | Killed an ancient lich
 69922 | Zig:27   | Noticed an ancient lich
 69922 | Zig:27   | Noticed an ancient lich
 69922 | Zig:27   | Noticed a dread lich
 69923 | Zig:27   | Killed an ancient lich
 69923 | Zig:27   | Killed a dread lich
 69923 | Zig:27   | Noticed a dread lich
 69924 | Zig:27   | Noticed a dread lich
 69924 | Zig:27   | Noticed an ancient lich
 69925 | Zig:27   | Noticed a dread lich
 69925 | Zig:27   | Noticed a dread lich
 69925 | Zig:27   | Killed an ancient lich
 69925 | Zig:27   | Killed an ancient lich
 69925 | Zig:27   | Killed a dread lich
 69925 | Zig:27   | Noticed a dread lich
 69926 | Zig:27   | Noticed an ancient lich
 69926 | Zig:27   | Killed a dread lich
 69926 | Zig:27   | Killed a dread lich
 69926 | Zig:27   | Killed a dread lich
 69926 | Zig:27   | Killed a dread lich
 69926 | Zig:27   | Noticed an ancient lich
 69927 | Zig:27   | Killed an ancient lich
 69928 | Zig:27   | Killed an ancient lich
 69928 | Zig:27   | Noticed a dread lich
 69929 | Zig:27   | Noticed an ancient lich
 69929 | Zig:27   | Noticed an ancient lich
 69929 | Zig:27   | Killed a dread lich
 69930 | Zig:27   | Killed an ancient lich
 69931 | Zig:27   | Killed an ancient lich
 69931 | Zig:27   | Noticed an ancient lich
 69932 | Zig:27   | Noticed an ancient lich
 69932 | Zig:27   | Noticed an ancient lich
 69933 | Zig:27   | Killed an ancient lich
 69933 | Zig:27   | Killed an ancient lich
 69933 | Zig:27   | Killed an ancient lich
 69934 | Zig:27   | Noticed a dread lich
 69937 | Zig:27   | Noticed an ancient lich
 69937 | Zig:27   | Killed a dread lich
 69938 | Zig:27   | Killed an ancient lich
 69938 | Zig:27   | Noticed an ancient lich
 69940 | Zig:27   | Killed an ancient lich
 69960 | Zig:27   | Found the amulet of the Four Winds {rN+ Will+++ Clar}
 69962 | Zig:27   | Identified the ring of Satisfaction {rF+ rCorr Dex+3 SInv}
 69971 | Zig:27   | Identified the ring of the Four Nightcaps {rC+ Will++ EV+4
                  | Str+3}
 69976 | Zig:27   | Identified the amulet of Let Keox {Will++ Regen+}
 69977 | Zig:27   | Identified the +0 leather armour "Isaes" {Fly rElec MP-9}
 69988 | Zig:27   | Identified the ring "Sizot" {Wiz rN+ Dex+3}
 69990 | Zig:27   | Identified the +4 leather armour of the Turtledove {rF+
                  | Str+4}
 69998 | Zig:27   | Identified the +2 leather armour of Divine Intervention
                  | {Int+4}
 69999 | Zig:27   | Identified the +5 mace of Compulsion {pain, rPois rF+}
 70000 | Zig:27   | Identified the +7 dagger "Arbiter" {flame, rC+ SInv}
 70005 | Zig:27   | Identified the +3 falchion "Qennutik" {freeze, Str+2 Dex+3}
 70009 | Zig:27   | Identified the +6 flail of Renar {spect, rPois rC+}
 70019 | Zig:27   | Identified the +0 buckler "Gimah" {Int+2}
 70020 | Zig:27   | Identified the +0 robe of Limitation {rElec}
 70061 | Zig:1    | Entered Level 1 of a ziggurat
 70061 | Zig:1    | Noticed an ancient lich
 70061 | Zig:1    | Noticed an ancient lich
 70062 | Zig:1    | Killed an ancient lich
 70063 | Zig:1    | Killed an ancient lich
 70077 | Zig:2    | Entered Level 2 of a ziggurat
 70138 | Zig:3    | Entered Level 3 of a ziggurat
 70164 | Zig:4    | Entered Level 4 of a ziggurat
 70167 | Zig:4    | Reached skill level 27 in Unarmed Combat
 70169 | Zig:4    | Reached skill level 5 in Short Blades
 70177 | Zig:4    | Found the +3 warlock's mirror {reflect}
 70203 | Zig:5    | Entered Level 5 of a ziggurat
 70205 | Zig:5    | Noticed a dread lich
 70205 | Zig:5    | Noticed a dread lich
 70205 | Zig:5    | Noticed a dread lich
 70205 | Zig:5    | Noticed a dread lich
 70206 | Zig:5    | Killed a dread lich
 70207 | Zig:5    | Reached skill level 10 in Short Blades
 70208 | Zig:5    | Noticed an ancient lich
 70209 | Zig:5    | Killed a dread lich
 70209 | Zig:5    | Killed a dread lich
 70209 | Zig:5    | Killed a dread lich
 70209 | Zig:5    | Killed an ancient lich
 70209 | Zig:5    | Noticed a dread lich
 70211 | Zig:5    | Killed a dread lich
 70212 | Zig:5    | Noticed an ancient lich
 70214 | Zig:5    | Killed an ancient lich
 70228 | Zig:5    | Identified the +1 helmet of the Hot Ocelot {rN++ Int+3
                  | Slay-2 Stlth+}
 70233 | Zig:6    | Entered Level 6 of a ziggurat
 70235 | Zig:6    | Reached skill level 15 in Short Blades
 70271 | Zig:6    | Identified the amulet of the Empty Page {Acrobat Harm
                  | Fragile Int+3}
 70283 | Zig:7    | Entered Level 7 of a ziggurat
 70288 | Zig:7    | Noticed Rueful's ghost (legendary TrWr)
 70289 | Zig:7    | Noticed Talannal's ghost (legendary GnHW)
 70290 | Zig:7    | Noticed Haitsiopt's ghost (legendary DsGl)
 70293 | Zig:7    | Killed Talannal's ghost
 70294 | Zig:7    | Noticed Piginabag's ghost (veteran GnMo)
 70297 | Zig:7    | Killed Piginabag's ghost
 70297 | Zig:7    | Noticed swap's ghost (legendary DEFE)
 70298 | Zig:7    | Killed Rueful's ghost
 70301 | Zig:7    | Killed swap's ghost
 70307 | Zig:7    | Killed Haitsiopt's ghost
 70371 | Zig:8    | Entered Level 8 of a ziggurat
 70414 | Zig:9    | Entered Level 9 of a ziggurat
 70452 | Zig:9    | Found the +3 giant club "Skullcrusher" {speed, Str+7}
 70458 | Zig:9    | Identified the +4 chain mail "Omoqoes" {rPois}
 70464 | Zig:9    | Identified the +4 giant spiked club of the Final Decision
                  | {flame, Str+5 Dex-4}
 70469 | Zig:9    | Identified the +10 battleaxe "Mohauroc" {spect, rF+ rC+}
 70488 | Zig:10   | Entered Level 10 of a ziggurat
 70494 | Zig:10   | Noticed a dread lich
 70494 | Zig:10   | Noticed a dread lich
 70496 | Zig:10   | Killed a dread lich
 70498 | Zig:10   | Killed a dread lich
 70498 | Zig:10   | Noticed a dread lich
 70500 | Zig:10   | Killed a dread lich
 70500 | Zig:10   | Noticed an ancient lich
 70501 | Zig:10   | Killed an ancient lich
 70503 | Zig:10   | Noticed a dread lich
 70505 | Zig:10   | Killed a dread lich
 70510 | Zig:10   | Found the +6 shillelagh "Devastator" {shatter}
 70523 | Zig:10   | Identified the +8 scale mail of Follow the Leader {-Cast
                  | +Inv Fly rElec}
 70540 | Zig:10   | Identified the +2 long sword of Joyful Slaughter {vorpal,
                  | Int+6}
 70548 | Zig:11   | Entered Level 11 of a ziggurat
 70556 | Zig:11   | Noticed Naf Cosk the pandemonium lord
 70558 | Zig:11   | Noticed Vilir the pandemonium lord
 70558 | Zig:11   | Noticed Gapt the pandemonium lord
 70558 | Zig:11   | Noticed Lanwezyto the pandemonium lord
 70566 | Zig:11   | Killed Vilir the pandemonium lord
 70568 | Zig:11   | Killed Gapt the pandemonium lord
 70569 | Zig:11   | Killed Lanwezyto the pandemonium lord
 70569 | Zig:11   | Noticed Dopom the pandemonium lord
 70571 | Zig:11   | Killed Dopom the pandemonium lord
 70571 | Zig:11   | Killed Naf Cosk the pandemonium lord
 70573 | Zig:11   | Killed Fucemo Huen the pandemonium lord
 70574 | Zig:11   | Noticed Caoph the pandemonium lord
 70575 | Zig:11   | Killed Caoph the pandemonium lord
 70576 | Zig:11   | Noticed Yfehaez the pandemonium lord
 70578 | Zig:11   | Killed Yfehaez the pandemonium lord
 70579 | Zig:11   | Killed Ofilo the pandemonium lord
 70585 | Zig:11   | Noticed Veipay Widu the pandemonium lord
 70586 | Zig:11   | Noticed Watatesm the pandemonium lord
 70587 | Zig:11   | Killed Watatesm the pandemonium lord
 70588 | Zig:11   | Reached skill level 27 in Short Blades
 70588 | Zig:11   | Reached skill level 5 in Long Blades
 70594 | Zig:11   | Killed Veipay Widu the pandemonium lord
 70618 | Zig:11   | Identified the ring "Riceb" {rC- EV+4 Str+3 Dex+3}
 70636 | Zig:11   | Reached skill level 10 in Long Blades
 70641 | Zig:12   | Entered Level 12 of a ziggurat
 70651 | Zig:12   | Reached skill level 15 in Long Blades
 70712 | Zig:12   | Identified the +5 lajatang of Sharkskin {freeze, rElec
                  | rCorr Str+4 Stlth+}
 70734 | Zig:12   | Identified the +7 falchion of Benevolence {pain, rPois}
 70742 | Zig:12   | Learned a level 1 spell: Summon Small Mammal
 70747 | Zig:13   | Entered Level 13 of a ziggurat
 70792 | Zig:13   | Identified the amulet "Maewucev" {Reflect rF+ Int+7 Dex-4
                  | SH+5}
 70805 | Zig:13   | Identified the +2 great sword "Worm's Wrath" {freeze, Str-2
                  | Int+6}
 70810 | Zig:13   | Identified the ring "Sunwow" {Fire rPois Int+2 Dex-5}
 70827 | Zig:14   | Entered Level 14 of a ziggurat
 70862 | Zig:14   | Identified the +6 sling of Indomitability {venom, +Blink
                  | rElec rPois Dex-2}
 70863 | Zig:14   | Identified the ring "Kynivim" {+Blink Fly Will++ Int-3
                  | SInv}
 70873 | Zig:14   | Identified the +7 mace of Suubin {holy, Dex+3}
 70885 | Zig:15   | Entered Level 15 of a ziggurat
 70920 | Zig:15   | Reached skill level 27 in Long Blades
 70961 | Zig:15   | Identified the amulet "Joateett" {Regen+ Str+4}
 70978 | Zig:15   | Identified the +5 whip of the Eternal Warrior {vorpal,
                  | Dex+6}
 70991 | Zig:16   | Entered Level 16 of a ziggurat
 71034 | Zig:16   | Identified the ring of Jakliros {Fire rCorr}
 71052 | Zig:16   | Identified the amulet of the Puckish Guava {Reflect rC+
                  | Will- Dex+3 SH+5}
 71071 | Zig:17   | Entered Level 17 of a ziggurat
 71080 | Zig:17   | Reached skill level 15 in Stealth
 71122 | Zig:17   | Identified the +5 great mace "Dragonbane" {chaos, rN+
                  | Dex+6}
 71123 | Zig:17   | Identified the +5 whip "Yfural" {holy, *Corrode rC+ Stlth+}
 71124 | Zig:17   | Identified the +1 scale mail of the Valley of Death
                  | {Rampage +Inv rElec Dex-3}
 71126 | Zig:17   | Identified the +3 robe of Retwi {Rampage rElec Regen+
                  | Str-5}
 71133 | Zig:17   | Identified the +8 short sword of Ucrikhil {vorpal, Int+4}
 71139 | Zig:17   | Identified the ring "Ywoaptys" {rElec rN+}
 71154 | Zig:17   | Identified the +0 ring mail of the Thinker {Dex+6}
 71164 | Zig:18   | Entered Level 18 of a ziggurat
 71211 | Zig:18   | Identified the ring of Hepliaklqana, Imbibing {Wiz Str+2
                  | Dex+2 Stlth-}
 71214 | Zig:18   | Identified the ring of Otoxt {Wiz Int+4 Dex-4}
 71220 | Zig:18   | Identified the +6 flail of Befa {pain, rF+ rC+ Int+4}
 71222 | Zig:18   | Acquired 625 gold pieces
 71235 | Zig:18   | Identified the +9 broad axe of Law {speed, +Blink rN+ Will+
                  | Stlth+}
 71251 | Zig:19   | Entered Level 19 of a ziggurat
 71358 | Zig:19   | Identified the +5 great sword of Expedience {speed, *Slow
                  | rF++ Int+3}
 71377 | Zig:19   | Identified the ring of the Lily {Ice Str+2 Int+2 Dex+2}
 71380 | Zig:19   | Identified the +4 flail "Pyphaip" {elec, rElec Str+4 Int+4}
 71386 | Zig:19   | Identified the +8 sling of Womudowi {venom, Fly Int+4}
 71387 | Zig:19   | Identified the +2 robe "Erubrol" {Str+3 Dex+4}
 71388 | Zig:19   | Identified the +10 quarterstaff of Hard Scrabble {vorpal,
                  | Fly Int+5}
 71396 | Zig:19   | Identified the +1 arbalest "Paonoih" {venom, rCorr}
 71408 | Zig:20   | Entered Level 20 of a ziggurat
 71417 | Zig:20   | Noticed Vizi Yttus the pandemonium lord
 71418 | Zig:20   | Noticed Seahaleg the pandemonium lord
 71421 | Zig:20   | Noticed Guelolen the pandemonium lord
 71421 | Zig:20   | Killed Vizi Yttus the pandemonium lord
 71422 | Zig:20   | Noticed Acoezegh the pandemonium lord
 71424 | Zig:20   | Noticed Naum Pib the pandemonium lord
 71424 | Zig:20   | Noticed Ocufizi the pandemonium lord
 71424 | Zig:20   | Noticed Dimeuto the pandemonium lord
 71424 | Zig:20   | Noticed Digog the pandemonium lord
 71426 | Zig:20   | Killed Guelolen the pandemonium lord
 71426 | Zig:20   | Killed Acoezegh the pandemonium lord
 71427 | Zig:20   | Killed Dimeuto the pandemonium lord
 71427 | Zig:20   | Killed Digog the pandemonium lord
 71427 | Zig:20   | Noticed Zagab the pandemonium lord
 71427 | Zig:20   | Noticed Zuzaig the pandemonium lord
 71428 | Zig:20   | Killed Seahaleg the pandemonium lord
 71428 | Zig:20   | Noticed Laipnyov the pandemonium lord
 71428 | Zig:20   | Noticed Valytel the pandemonium lord
 71429 | Zig:20   | Killed Ocufizi the pandemonium lord
 71429 | Zig:20   | Killed Zuzaig the pandemonium lord
 71429 | Zig:20   | Noticed Okigo the pandemonium lord
 71429 | Zig:20   | Noticed Vatsoipn the pandemonium lord
 71435 | Zig:20   | Killed Naum Pib the pandemonium lord
 71435 | Zig:20   | Killed Laipnyov the pandemonium lord
 71436 | Zig:20   | Killed Valytel the pandemonium lord
 71436 | Zig:20   | Killed Vatsoipn the pandemonium lord
 71436 | Zig:20   | Killed Zagab the pandemonium lord
 71436 | Zig:20   | Noticed Meheazat the pandemonium lord
 71439 | Zig:20   | Killed Meheazat the pandemonium lord
 71440 | Zig:20   | Killed Weorhawk the pandemonium lord
 71442 | Zig:20   | Killed Xecw the pandemonium lord
 71442 | Zig:20   | Killed Okigo the pandemonium lord
 71444 | Zig:20   | Noticed Ruapp the pandemonium lord
 71444 | Zig:20   | Noticed Haxan the pandemonium lord
 71444 | Zig:20   | Noticed Oqyonode the pandemonium lord
 71445 | Zig:20   | Killed Oqyonode the pandemonium lord
 71445 | Zig:20   | Killed Haxan the pandemonium lord
 71446 | Zig:20   | Killed Ruapp the pandemonium lord
 71447 | Zig:20   | Reached skill level 27 in Stealth
 71447 | Zig:20   | Reached skill level 1 in Hexes
 71447 | Zig:20   | Noticed Pydiechai the pandemonium lord
 71450 | Zig:20   | Killed Pydiechai the pandemonium lord
 71451 | Zig:20   | Reached skill level 5 in Hexes
 71451 | Zig:20   | Noticed Mofefah the pandemonium lord
 71452 | Zig:20   | Killed Mofefah the pandemonium lord
 71452 | Zig:20   | Noticed Funues the pandemonium lord
 71453 | Zig:20   | Killed Funues the pandemonium lord
 71455 | Zig:20   | Noticed Acia the pandemonium lord
 71455 | Zig:20   | Noticed Kimiuch the pandemonium lord
 71455 | Zig:20   | Noticed Yfuerph the pandemonium lord
 71456 | Zig:20   | Noticed Maipoav the pandemonium lord
 71456 | Zig:20   | Noticed Touneofe the pandemonium lord
 71457 | Zig:20   | Killed Yfuerph the pandemonium lord
 71457 | Zig:20   | Killed Touneofe the pandemonium lord
 71458 | Zig:20   | Killed Kimiuch the pandemonium lord
 71458 | Zig:20   | Killed Luopodal the pandemonium lord
 71458 | Zig:20   | Killed Acia the pandemonium lord
 71458 | Zig:20   | Noticed Tuvysob the pandemonium lord
 71459 | Zig:20   | Killed Tuvysob the pandemonium lord
 71459 | Zig:20   | Killed Maipoav the pandemonium lord
 71460 | Zig:20   | Noticed Ofuh the pandemonium lord
 71460 | Zig:20   | Noticed Qeoxkora the pandemonium lord
 71461 | Zig:20   | Killed Ofuh the pandemonium lord
 71461 | Zig:20   | Killed Qeoxkora the pandemonium lord
 71462 | Zig:20   | Noticed Qyirok the pandemonium lord
 71462 | Zig:20   | Noticed Qeff the pandemonium lord
 71463 | Zig:20   | Noticed Omekanaudo the pandemonium lord
 71463 | Zig:20   | Killed Qeff the pandemonium lord
 71464 | Zig:20   | Killed Omekanaudo the pandemonium lord
 71464 | Zig:20   | Killed Qyirok the pandemonium lord
 71464 | Zig:20   | Killed Zevabag the pandemonium lord
 71464 | Zig:20   | Noticed Reamoj the pandemonium lord
 71464 | Zig:20   | Noticed Xocvikue the pandemonium lord
 71464 | Zig:20   | Killed Ifia the pandemonium lord
 71465 | Zig:20   | Killed Reamoj the pandemonium lord
 71467 | Zig:20   | Noticed Xilail the pandemonium lord
 71468 | Zig:20   | Killed Xocvikue the pandemonium lord
 71469 | Zig:20   | Killed Xilail the pandemonium lord
 71472 | Zig:20   | Reached skill level 15 in Hexes
 71473 | Zig:20   | Noticed Poidus the pandemonium lord
 71474 | Zig:20   | Killed Poidus the pandemonium lord
 71486 | Zig:20   | Found the +3 hat of Pondering {ponderous, Will+ MP+10
                  | Int+5}
 71491 | Zig:20   | Identified the ring "Anaadu" {Fly rPois rC+ MP+9}
 71502 | Zig:20   | Identified the ring of Baushuq {rF+ rCorr AC+4 Int+3}
 71503 | Zig:20   | Identified the +16 plate armour of the Valley of Death
                  | {rPois Stlth+}
 71553 | Zig:21   | Entered Level 21 of a ziggurat
 71560 | Zig:21   | Noticed Miebb the pandemonium lord
 71564 | Zig:21   | Killed Miebb the pandemonium lord
 71566 | Zig:21   | Noticed Feusah the pandemonium lord
 71566 | Zig:21   | Noticed Fiuzucaf the pandemonium lord
 71566 | Zig:21   | Noticed Roplulewi the pandemonium lord
 71566 | Zig:21   | Noticed Jahemaan the pandemonium lord
 71567 | Zig:21   | Noticed Yroceden the pandemonium lord
 71567 | Zig:21   | Noticed Webiqeanty the pandemonium lord
 71567 | Zig:21   | Noticed Zanozuviu the pandemonium lord
 71567 | Zig:21   | Noticed Raerr the pandemonium lord
 71570 | Zig:21   | Killed Fiuzucaf the pandemonium lord
 71578 | Zig:21   | Noticed Gifol the pandemonium lord
 71578 | Zig:21   | Noticed Nashuixa the pandemonium lord
 71578 | Zig:21   | Noticed Issilar the pandemonium lord
 71578 | Zig:21   | Noticed Rirr the pandemonium lord
 71579 | Zig:21   | Killed Roplulewi the pandemonium lord
 71579 | Zig:21   | Killed Nashuixa the pandemonium lord
 71579 | Zig:21   | Noticed Mowau the pandemonium lord
 71580 | Zig:21   | Killed Zanozuviu the pandemonium lord
 71580 | Zig:21   | Killed Raerr the pandemonium lord
 71580 | Zig:21   | Killed Webiqeanty the pandemonium lord
 71582 | Zig:21   | Killed Feusah the pandemonium lord
 71582 | Zig:21   | Killed Rirr the pandemonium lord
 71582 | Zig:21   | Killed Yroceden the pandemonium lord
 71582 | Zig:21   | Killed Issilar the pandemonium lord
 71583 | Zig:21   | Noticed Naofui Regee the pandemonium lord
 71585 | Zig:21   | Killed Naofui Regee the pandemonium lord
 71586 | Zig:21   | Killed Mowau the pandemonium lord
 71588 | Zig:21   | Killed Gifol the pandemonium lord
 71590 | Zig:21   | Noticed Hecuck the pandemonium lord
 71590 | Zig:21   | Noticed Pomafoto the pandemonium lord
 71592 | Zig:21   | Noticed Wuihat the pandemonium lord
 71592 | Zig:21   | Killed Hecuck the pandemonium lord
 71594 | Zig:21   | Killed Pomafoto the pandemonium lord
 71594 | Zig:21   | Noticed Ihe Niul the pandemonium lord
 71595 | Zig:21   | Killed Wuihat the pandemonium lord
 71596 | Zig:21   | Killed Jahemaan the pandemonium lord
 71596 | Zig:21   | Killed Zued the pandemonium lord
 71596 | Zig:21   | Killed Ihe Niul the pandemonium lord
 71596 | Zig:21   | Killed Bueliaj the pandemonium lord
 71597 | Zig:21   | Noticed Noviton the pandemonium lord
 71597 | Zig:21   | Noticed Imuomam the pandemonium lord
 71598 | Zig:21   | Killed Imuomam the pandemonium lord
 71598 | Zig:21   | Noticed Lybry the pandemonium lord
 71599 | Zig:21   | Killed Lybry the pandemonium lord
 71599 | Zig:21   | Killed Noviton the pandemonium lord
 71600 | Zig:21   | Noticed Nymoshra the pandemonium lord
 71601 | Zig:21   | Killed Dumynuw the pandemonium lord
 71601 | Zig:21   | Killed Caamas the pandemonium lord
 71602 | Zig:21   | Killed Nymoshra the pandemonium lord
 71603 | Zig:21   | Killed Koaf Bid the pandemonium lord
 71603 | Zig:21   | Killed Lutaed the pandemonium lord
 71603 | Zig:21   | Killed Fyx Leg the pandemonium lord
 71603 | Zig:21   | Noticed Edepp the pandemonium lord
 71604 | Zig:21   | Killed Edepp the pandemonium lord
 71607 | Zig:21   | Noticed Luoc the pandemonium lord
 71608 | Zig:21   | Killed Luoc the pandemonium lord
 71608 | Zig:21   | Noticed Bynkol the pandemonium lord
 71609 | Zig:21   | Noticed Yhas the pandemonium lord
 71609 | Zig:21   | Noticed Aski Ydd the pandemonium lord
 71610 | Zig:21   | Killed Yficuon the pandemonium lord
 71610 | Zig:21   | Killed Bynkol the pandemonium lord
 71610 | Zig:21   | Noticed Wegeokk the pandemonium lord
 71610 | Zig:21   | Noticed Cigiwkaod the pandemonium lord
 71611 | Zig:21   | Killed Aski Ydd the pandemonium lord
 71611 | Zig:21   | Noticed Dofuadaq the pandemonium lord
 71612 | Zig:21   | Killed Cigiwkaod the pandemonium lord
 71612 | Zig:21   | Noticed Vucew the pandemonium lord
 71613 | Zig:21   | Killed Vucew the pandemonium lord
 71614 | Zig:21   | Killed Wegeokk the pandemonium lord
 71614 | Zig:21   | Killed Yhas the pandemonium lord
 71614 | Zig:21   | Noticed Juixzut the pandemonium lord
 71615 | Zig:21   | Killed Juixzut the pandemonium lord
 71618 | Zig:21   | Killed Dofuadaq the pandemonium lord
 71619 | Zig:21   | Noticed Voquch the pandemonium lord
 71620 | Zig:21   | Killed Voquch the pandemonium lord
 71625 | Zig:21   | Killed Aleossodgh the pandemonium lord
 71637 | Zig:21   | Found the +7 sceptre of Torment {pain, torment}
 71639 | Zig:21   | Found the +5 robe of Night {Dark Will+ SInv}
 71676 | Zig:21   | Identified the ring of Cehiphai {Fire rPois Int-2 Dex+8
                  | Stlth+}
 71691 | Zig:21   | Identified the +1 chain mail of Vehaca {Int+3}
 71707 | Zig:21   | Identified the +12 morningstar "Oricw" {venom, rElec rC+
                  | Str+4}
 71729 | Zig:22   | Entered Level 22 of a ziggurat
 71834 | Zig:22   | Paralysed by accursed screaming for 1 turns
 71939 | Zig:22   | Found the +7 lajatang of Order {silver, rMut}
 71947 | Zig:22   | Identified the ring of Ugginn {*Slow rF+ rC+++ EV+4 Str-2}
 71953 | Zig:22   | Identified the ring of Unewkie {Wiz rC+ SInv}
 71983 | Zig:23   | Entered Level 23 of a ziggurat
 71995 | Zig:23   | Reached skill level 5 in Translocations
 72007 | Zig:23   | Reached skill level 10 in Translocations
 72019 | Zig:23   | Reached skill level 15 in Translocations
 72051 | Zig:23   | Identified the amulet of Jilos {Faith rC+}
 72052 | Zig:23   | Identified the +0 plate armour "Xuni Isch" {*Slow rC++
                  | Dex-5 SInv}
 72112 | Zig:24   | Entered Level 24 of a ziggurat
 72122 | Zig:24   | Noticed Kuydean the pandemonium lord
 72122 | Zig:24   | Noticed Viyt the pandemonium lord
 72130 | Zig:24   | Killed Viyt the pandemonium lord
 72131 | Zig:24   | Killed Kuydean the pandemonium lord
 72133 | Zig:24   | Noticed Putemp the pandemonium lord
 72134 | Zig:24   | Noticed Keack the pandemonium lord
 72134 | Zig:24   | Noticed Henes the pandemonium lord
 72135 | Zig:24   | Killed Henes the pandemonium lord
 72135 | Zig:24   | Killed Finimp the pandemonium lord
 72136 | Zig:24   | Reached skill level 5 in Poison Magic
 72136 | Zig:24   | Killed Konowea the pandemonium lord
 72137 | Zig:24   | Killed Keack the pandemonium lord
 72137 | Zig:24   | Killed Putemp the pandemonium lord
 72140 | Zig:24   | Noticed Myivar the pandemonium lord
 72141 | Zig:24   | Noticed Puashrar the pandemonium lord
 72142 | Zig:24   | Killed Myivar the pandemonium lord
 72143 | Zig:24   | Killed Puashrar the pandemonium lord
 72145 | Zig:24   | Noticed Necifeso the pandemonium lord
 72146 | Zig:24   | Noticed Wym Wan the pandemonium lord
 72148 | Zig:24   | Killed Necifeso the pandemonium lord
 72149 | Zig:24   | Reached skill level 10 in Poison Magic
 72149 | Zig:24   | Killed Seoce the pandemonium lord
 72149 | Zig:24   | Killed Wym Wan the pandemonium lord
 72153 | Zig:24   | Noticed Qasux the pandemonium lord
 72154 | Zig:24   | Killed Cucebi the pandemonium lord
 72154 | Zig:24   | Killed Qasux the pandemonium lord
 72156 | Zig:24   | Noticed Hagu the pandemonium lord
 72157 | Zig:24   | Noticed Palas the pandemonium lord
 72157 | Zig:24   | Killed Hagu the pandemonium lord
 72158 | Zig:24   | Killed Palas the pandemonium lord
 72158 | Zig:24   | Noticed Hutub the pandemonium lord
 72158 | Zig:24   | Noticed Yfioffoo the pandemonium lord
 72159 | Zig:24   | Noticed Moap Ruisom the pandemonium lord
 72160 | Zig:24   | Killed Kuuly the pandemonium lord
 72161 | Zig:24   | Killed Moap Ruisom the pandemonium lord
 72162 | Zig:24   | Killed Ivoesabro the pandemonium lord
 72162 | Zig:24   | Killed Yfioffoo the pandemonium lord
 72162 | Zig:24   | Killed Hutub the pandemonium lord
 72163 | Zig:24   | Noticed Toitwod the pandemonium lord
 72164 | Zig:24   | Killed Izoclefa the pandemonium lord
 72164 | Zig:24   | Noticed Quddi the pandemonium lord
 72165 | Zig:24   | Killed Ymnur the pandemonium lord
 72165 | Zig:24   | Killed Toitwod the pandemonium lord
 72165 | Zig:24   | Noticed Gyxzoczy the pandemonium lord
 72166 | Zig:24   | Killed Gyxzoczy the pandemonium lord
 72167 | Zig:24   | Killed Quddi the pandemonium lord
 72167 | Zig:24   | Killed Yprinuc the pandemonium lord
 72168 | Zig:24   | Noticed Watwaogi the pandemonium lord
 72168 | Zig:24   | Noticed Giuhivek the pandemonium lord
 72168 | Zig:24   | Noticed Ixyak the pandemonium lord
 72168 | Zig:24   | Noticed Cuotel the pandemonium lord
 72169 | Zig:24   | Killed Cuotel the pandemonium lord
 72169 | Zig:24   | Killed Rijatiyp the pandemonium lord
 72171 | Zig:24   | Killed Giuhivek the pandemonium lord
 72172 | Zig:24   | Reached skill level 15 in Poison Magic
 72172 | Zig:24   | Killed Ixyak the pandemonium lord
 72172 | Zig:24   | Noticed Gufelus the pandemonium lord
 72173 | Zig:24   | Killed Gufelus the pandemonium lord
 72173 | Zig:24   | Noticed Rutifuq the pandemonium lord
 72174 | Zig:24   | Killed Rutifuq the pandemonium lord
 72174 | Zig:24   | Killed Watwaogi the pandemonium lord
 72174 | Zig:24   | Killed Wilasine the pandemonium lord
 72175 | Zig:24   | Noticed Ecut the pandemonium lord
 72176 | Zig:24   | Killed Ecut the pandemonium lord
 72177 | Zig:24   | Noticed Guivim the pandemonium lord
 72177 | Zig:24   | Noticed Jisurr the pandemonium lord
 72177 | Zig:24   | Noticed Sehakipo the pandemonium lord
 72178 | Zig:24   | Killed Guivim the pandemonium lord
 72179 | Zig:24   | Killed Omnaon the pandemonium lord
 72179 | Zig:24   | Killed Jisurr the pandemonium lord
 72179 | Zig:24   | Noticed Boilialuri the pandemonium lord
 72180 | Zig:24   | Killed Boilialuri the pandemonium lord
 72180 | Zig:24   | Killed Cigyv the pandemonium lord
 72181 | Zig:24   | Killed Sehakipo the pandemonium lord
 72181 | Zig:24   | Noticed Tites the pandemonium lord
 72182 | Zig:24   | Killed Tites the pandemonium lord
 72182 | Zig:24   | Noticed Foveng the pandemonium lord
 72183 | Zig:24   | Killed Hycey the pandemonium lord
 72183 | Zig:24   | Killed Foveng the pandemonium lord
 72184 | Zig:24   | Noticed Daipsuh the pandemonium lord
 72185 | Zig:24   | Killed Erebimp the pandemonium lord
 72185 | Zig:24   | Killed Daipsuh the pandemonium lord
 72185 | Zig:24   | Noticed Tuvofur the pandemonium lord
 72186 | Zig:24   | Killed Tuvofur the pandemonium lord
 72186 | Zig:24   | Noticed Vedi the pandemonium lord
 72186 | Zig:24   | Noticed Vigul the pandemonium lord
 72187 | Zig:24   | Killed Vigul the pandemonium lord
 72188 | Zig:24   | Killed Vedi the pandemonium lord
 72188 | Zig:24   | Killed Buhe the pandemonium lord
 72191 | Zig:24   | Noticed Veustrin the pandemonium lord
 72192 | Zig:24   | Killed Veustrin the pandemonium lord
 72193 | Zig:24   | Noticed Reghur the pandemonium lord
 72195 | Zig:24   | Killed Reghur the pandemonium lord
 72199 | Zig:24   | Noticed Gibomug the pandemonium lord
 72202 | Zig:24   | Killed Gibomug the pandemonium lord
 72216 | Zig:24   | Found the dreamshard necklace {*Dream Drain}
 72231 | Zig:24   | Identified the ring "Qayntupp" {Fire *Corrode rPois Str+3
                  | Int+2}
 72250 | Zig:24   | Identified the +6 double sword of Glory {freeze, *Rage
                  | rCorr Int+2}
 72254 | Zig:24   | Identified the ring "Etaedo" {Fly rPois rN+ Int+3 Dex-5}
 72256 | Zig:24   | Acquired 1066 gold pieces
 72275 | Zig:25   | Entered Level 25 of a ziggurat
 72282 | Zig:25   | Noticed a juggernaut
 72285 | Zig:25   | Killed a juggernaut
 72288 | Zig:25   | Noticed a juggernaut
 72289 | Zig:25   | Reached skill level 5 in Throwing
 72289 | Zig:25   | Noticed a juggernaut
 72289 | Zig:25   | Noticed a juggernaut
 72290 | Zig:25   | Noticed a juggernaut
 72290 | Zig:25   | Noticed a juggernaut
 72291 | Zig:25   | Killed a juggernaut
 72291 | Zig:25   | Killed a juggernaut
 72292 | Zig:25   | Killed a juggernaut
 72292 | Zig:25   | Killed a juggernaut
 72293 | Zig:25   | Reached skill level 10 in Throwing
 72293 | Zig:25   | Killed a juggernaut
 72293 | Zig:25   | Noticed a juggernaut
 72294 | Zig:25   | Noticed a juggernaut
 72294 | Zig:25   | Noticed a juggernaut
 72295 | Zig:25   | Killed a juggernaut
 72295 | Zig:25   | Killed a juggernaut
 72296 | Zig:25   | Killed a juggernaut
 72296 | Zig:25   | Noticed a juggernaut
 72296 | Zig:25   | Noticed a juggernaut
 72297 | Zig:25   | Noticed a juggernaut
 72298 | Zig:25   | Noticed a juggernaut
 72298 | Zig:25   | Killed a juggernaut
 72299 | Zig:25   | Reached skill level 15 in Throwing
 72299 | Zig:25   | Killed a juggernaut
 72299 | Zig:25   | Killed a juggernaut
 72299 | Zig:25   | Killed a juggernaut
 72300 | Zig:25   | Noticed a juggernaut
 72300 | Zig:25   | Noticed a juggernaut
 72300 | Zig:25   | Noticed a juggernaut
 72302 | Zig:25   | Killed a juggernaut
 72302 | Zig:25   | Killed a juggernaut
 72302 | Zig:25   | Killed a juggernaut
 72302 | Zig:25   | Noticed a juggernaut
 72306 | Zig:25   | Killed a juggernaut
 72309 | Zig:25   | Reached skill level 5 in Invocations
 72338 | Zig:25   | Reached skill level 10 in Invocations
 72343 | Zig:25   | Identified the +0 robe of the Changing Gods {SInv Archmagi}
 72345 | Zig:25   | Identified the amulet "Vynn" {-Cast rPois rC+ Regen+}
 72365 | Zig:25   | Identified the +0 scale mail of Keli {Stlth+}
 72372 | Zig:26   | Entered Level 26 of a ziggurat
 72395 | Zig:26   | Noticed an ancient lich
 72398 | Zig:26   | Killed an ancient lich
 72400 | Zig:26   | Reached skill level 15 in Invocations
 72502 | Zig:26   | Identified the +2 robe of Tusonuu {rN+}
 72512 | Zig:26   | Identified the +7 mace "Dragon's Tongue" {flame, rN++}
 72516 | Zig:26   | Acquired a manual of Translocations
 72524 | Zig:26   | Identified the +1 chain mail of the Bursted God {rPois
                  | Str+4}
 72533 | Zig:26   | Identified the +4 ring mail of Joy {Int+3}
 72534 | Zig:26   | Identified the +4 war axe of the Valley of Death {flame,
                  | rN+}
 72537 | Zig:26   | Identified the ring "Veur" {rCorr EV+4 Int-4 SInv Stlth-}
 72551 | Zig:27   | Entered Level 27 of a ziggurat
 72599 | Zig:27   | Noticed a dread lich
 72600 | Zig:27   | Killed a dread lich
 72621 | Zig:27   | Found the +10 zealot's sword {holy, *Rage rN+ EV+3}
 72635 | Zig:27   | Reached skill level 5 in Summonings
 72641 | Zig:27   | Identified the +7 short sword of the Moon {flame, Contam
                  | rF+ rN+}
 72660 | Zig:27   | Identified the +3 arbalest of the Pariah {freeze, rElec
                  | rPois Will+ Int+2}
 72670 | Zig:27   | Identified the +7 plate armour of the Fiddle {Stlth+}
 72673 | Zig:27   | Identified the +7 glaive "Mijizuidgh" {venom, Fragile
                  | +Blink Str+3}
 72677 | Zig:27   | Identified the +9 dire flail of Havoc {vorpal, rF+ rN+
                  | Will++ Int-5}
 72683 | Zig:27   | Identified the ring "Wekufim" {rN+ Int-2 Dex+4 Slay+3}
 72696 | Zig:27   | Identified the +3 sling of the Depths {vorpal, Str+4}
 72697 | Zig:27   | Identified the ring of Relifuh {Fly Str+6 Stlth+}
 72725 | Zig:1    | Entered Level 1 of a ziggurat
 72735 | Zig:1    | Identified the ring "Intidgh" {Wiz Will++ Str+4}
 72744 | Zig:2    | Entered Level 2 of a ziggurat
 72771 | Zig:3    | Entered Level 3 of a ziggurat
 72772 | Zig:3    | Noticed an ancient lich
 72774 | Zig:3    | Killed an ancient lich
 72776 | Zig:3    | Noticed a dread lich
 72776 | Zig:3    | Killed a dread lich
 72789 | Zig:3    | Identified the ring "Usenylis" {Dex+4 Slay+4 Stlth+}
 72798 | Zig:4    | Entered Level 4 of a ziggurat
 72829 | Zig:4    | Identified the ring of the Gloaming {rC+ rN+ Str-4 Slay+5}
 72840 | Zig:5    | Entered Level 5 of a ziggurat
 72899 | Zig:6    | Entered Level 6 of a ziggurat
 72900 | Zig:6    | Noticed an ancient lich
 72901 | Zig:6    | Noticed an ancient lich
 72902 | Zig:6    | Killed an ancient lich
 72902 | Zig:6    | Killed an ancient lich
 72902 | Zig:6    | Noticed an ancient lich
 72903 | Zig:6    | Killed an ancient lich
 72905 | Zig:6    | Noticed an ancient lich
 72907 | Zig:6    | Killed an ancient lich
 72907 | Zig:6    | Noticed a dread lich
 72908 | Zig:6    | Killed a dread lich
 72951 | Zig:6    | Identified the +9 morningstar of Kemedesuaf {drain, Dex+4}
 72967 | Zig:7    | Entered Level 7 of a ziggurat
 72979 | Zig:7    | Reached skill level 27 in Invocations
 72993 | Zig:7    | Identified the +4 sling "Narem" {venom, Dex+5}
 73004 | Zig:8    | Entered Level 8 of a ziggurat
 73029 | Zig:8    | Identified the +3 ring mail of the Northern Lights {rElec
                  | Int+3}
 73032 | Zig:8    | Identified the +4 great mace of Hatt {vorpal, +Blink}
 73041 | Zig:8    | Identified the +12 dagger "Lycegig" {venom, Fragile rF+++
                  | Int+7}
 73060 | Zig:8    | Identified the +1 scale mail of the Harp {rElec Will+}
 73070 | Zig:9    | Entered Level 9 of a ziggurat
 73088 | Zig:9    | Found the +7 great mace "Undeadhunter" {disrupt, rN+}
 73143 | Zig:9    | Acquired 899 gold pieces
 73145 | Zig:9    | Acquired a manual of Air Magic
 73147 | Zig:9    | Acquired the +8 orange crystal plate armour {Archmagi,
                  | Int+3 Clar}
 73147 | Zig:9    | Found the +8 orange crystal plate armour {Archmagi, Int+3
                  | Clar}
 73252 | Zig:10   | Entered Level 10 of a ziggurat
 73278 | Zig:10   | Found the +0 staff of Battle
 73286 | Zig:10   | Identified the +2 cloak "Haicva" {Rampage *Corrode rElec
                  | Str+3}
 73322 | Zig:11   | Entered Level 11 of a ziggurat
 73333 | Zig:11   | Noticed an ancient lich
 73335 | Zig:11   | Killed an ancient lich
 73336 | Zig:11   | Reached skill level 27 in Throwing
 73341 | Zig:11   | Reached skill level 10 in Air Magic
 73359 | Zig:11   | Found the +3 Mad Mage's Maulers {Infuse+∞ RegenMP Int-3}
 73390 | Zig:11   | Acquired the +3 Elemental Staff {rElec rF++ rC++ AC+5}
 73390 | Zig:11   | Found the +3 Elemental Staff {rElec rF++ rC++ AC+5}
 73434 | Zig:12   | Entered Level 12 of a ziggurat
 73455 | Zig:12   | Reached skill level 15 in Air Magic
 73472 | Zig:12   | Identified the ring of Insomnia {Str+6 Dex+4}
 73477 | Zig:12   | Identified the +4 falchion "Zavo" {flame, Dex+5}
 73505 | Zig:13   | Entered Level 13 of a ziggurat
 73508 | Zig:13   | Noticed a royal mummy
 73509 | Zig:13   | Noticed a royal mummy
 73509 | Zig:13   | Noticed a royal mummy
 73510 | Zig:13   | Killed a royal mummy
 73510 | Zig:13   | Noticed a royal mummy
 73510 | Zig:13   | Noticed a royal mummy
 73510 | Zig:13   | Noticed a royal mummy
 73511 | Zig:13   | Killed a royal mummy
 73511 | Zig:13   | Killed a royal mummy
 73512 | Zig:13   | Killed a royal mummy
 73512 | Zig:13   | Killed a royal mummy
 73512 | Zig:13   | Noticed a royal mummy
 73513 | Zig:13   | Killed a royal mummy
 73514 | Zig:13   | Noticed a royal mummy
 73515 | Zig:13   | Killed a royal mummy
 73516 | Zig:13   | Killed a royal mummy
 73520 | Zig:13   | Noticed a royal mummy
 73521 | Zig:13   | Noticed a royal mummy
 73521 | Zig:13   | Noticed a royal mummy
 73524 | Zig:13   | Killed a royal mummy
 73524 | Zig:13   | Killed a royal mummy
 73524 | Zig:13   | Killed a royal mummy
 73544 | Zig:13   | Identified the +6 mace "Hoxiseih" {flame, rC++ Int-4}
 73589 | Zig:14   | Entered Level 14 of a ziggurat
 73610 | Zig:14   | Found the +10 dark maul {vorpal}
 73663 | Zig:14   | Acquired 681 gold pieces
 73664 | Zig:14   | Acquired a manual of Air Magic
 73669 | Zig:15   | Entered Level 15 of a ziggurat
 73678 | Zig:15   | Noticed an ancient lich
 73678 | Zig:15   | Noticed a dread lich
 73679 | Zig:15   | Noticed a dread lich
 73679 | Zig:15   | Killed a dread lich
 73680 | Zig:15   | Killed a dread lich
 73680 | Zig:15   | Noticed a dread lich
 73681 | Zig:15   | Killed an ancient lich
 73681 | Zig:15   | Killed a dread lich
 73682 | Zig:15   | Noticed an ancient lich
 73683 | Zig:15   | Killed an ancient lich
 73683 | Zig:15   | Noticed a dread lich
 73683 | Zig:15   | Noticed an ancient lich
 73684 | Zig:15   | Killed an ancient lich
 73685 | Zig:15   | Killed a dread lich
 73686 | Zig:15   | Noticed a dread lich
 73687 | Zig:15   | Killed a dread lich
 73687 | Zig:15   | Noticed an ancient lich
 73688 | Zig:15   | Killed an ancient lich
 73692 | Zig:15   | Noticed an ancient lich
 73694 | Zig:15   | Found the ring of the Octopus King
 73694 | Zig:15   | Killed an ancient lich
 73703 | Zig:15   | Identified a ring of the Octopus King {rC+ HP+2 AC+2 EV+2
                  | SH+2}
 73737 | Zig:15   | Identified the +8 sling "Worm" {vorpal, Str+5}
 73741 | Zig:15   | Identified the +8 lajatang of the Extremes {freeze, rN+
                  | rCorr Dex-4}
 73754 | Zig:16   | Entered Level 16 of a ziggurat
 73796 | Zig:16   | Identified the amulet of Ru, Keeping {Faith rN+ Str+2}
 73800 | Zig:16   | Identified the amulet "Efunic" {Reflect *Slow +Inv Regen+
                  | Int+3 SH+5}
 73814 | Zig:17   | Entered Level 17 of a ziggurat
 73826 | Zig:17   | Reached skill level 27 in Air Magic
 73836 | Zig:17   | Reached skill level 27 in Hexes
 73849 | Zig:17   | Identified the +7 trident "Sesova Kuni" {vorpal, rCorr
                  | Int+6}
 73861 | Zig:17   | Identified the ring of Wuyrghaeff {rC- Int+6 Dex+9 SInv
                  | Stlth+}
 73867 | Zig:17   | Identified the ring of the Enfolding Fool {*Slow rF+ Str-5
                  | Dex+7 Stlth+}
 73881 | Zig:18   | Entered Level 18 of a ziggurat
 73896 | Zig:18   | Reached skill level 10 in Summonings
 73912 | Zig:18   | Reached skill level 15 in Summonings
 73928 | Zig:18   | Identified the +5 war axe of Success {flame, rPois Will-
                  | Int+5 Dex+6}
 73936 | Zig:18   | Identified the ring "Vuacufas" {Fire Contam Str+5 Int+2
                  | SInv}
 73948 | Zig:18   | Identified the +0 robe "Beady" {Fly Str+2}
 73949 | Zig:18   | Identified the +5 trident of Okawaru's Whim {vorpal, rF+}
 73964 | Zig:18   | Identified the ring of Faro {rCorr Str+2}
 73970 | Zig:18   | Identified the ring of Sulomef {rElec rF+ Will+ AC+4}
 73973 | Zig:18   | Identified the +9 shortbow of Lounext {flame, rElec SInv}
 73982 | Zig:18   | Identified the +1 scale mail of the Leaf {rF- Str+6}
 74006 | Zig:19   | Entered Level 19 of a ziggurat
 74030 | Zig:19   | Found the +8 longbow "Zephyr" {speed, Dex+3 SInv}
 74034 | Zig:19   | Found the amulet of Elemental Vulnerability {rPois rF--
                  | rC-- AC+8}
 74086 | Zig:20   | Entered Level 20 of a ziggurat
 74096 | Zig:20   | Noticed a dread lich
 74098 | Zig:20   | Killed a dread lich
 74099 | Zig:20   | Noticed a dread lich
 74100 | Zig:20   | Noticed a dread lich
 74100 | Zig:20   | Killed a dread lich
 74100 | Zig:20   | Killed a dread lich
 74101 | Zig:20   | Noticed a dread lich
 74103 | Zig:20   | Noticed an ancient lich
 74103 | Zig:20   | Noticed an ancient lich
 74105 | Zig:20   | Noticed a dread lich
 74105 | Zig:20   | Noticed an ancient lich
 74105 | Zig:20   | Killed a dread lich
 74106 | Zig:20   | Killed a dread lich
 74106 | Zig:20   | Killed an ancient lich
 74106 | Zig:20   | Killed an ancient lich
 74107 | Zig:20   | Killed an ancient lich
 74107 | Zig:20   | Noticed an ancient lich
 74107 | Zig:20   | Noticed a dread lich
 74108 | Zig:20   | Noticed an ancient lich
 74108 | Zig:20   | Noticed a dread lich
 74109 | Zig:20   | Killed a dread lich
 74109 | Zig:20   | Killed a dread lich
 74109 | Zig:20   | Killed an ancient lich
 74109 | Zig:20   | Noticed a dread lich
 74110 | Zig:20   | Killed an ancient lich
 74110 | Zig:20   | Noticed a dread lich
 74111 | Zig:20   | Killed a dread lich
 74111 | Zig:20   | Noticed an ancient lich
 74112 | Zig:20   | Killed an ancient lich
 74112 | Zig:20   | Killed a dread lich
 74112 | Zig:20   | Noticed an ancient lich
 74115 | Zig:20   | Noticed an ancient lich
 74116 | Zig:20   | Killed an ancient lich
 74116 | Zig:20   | Killed an ancient lich
 74156 | Zig:20   | Identified the +1 helmet of Indomitability {rPois Str+4
                  | Dex+3}
 74193 | Zig:20   | Identified the +3 whip "Veaff" {elec, rC+ Int+3 Dex+3}
 74211 | Zig:20   | Identified the +6 whip of the Harvest {vorpal, rN+}
 74219 | Zig:20   | Reached skill level 27 in Summonings
 74231 | Zig:21   | Entered Level 21 of a ziggurat
 74270 | Zig:21   | Noticed Xateyr the pandemonium lord
 74271 | Zig:21   | Killed Xateyr the pandemonium lord
 74346 | Zig:21   | Identified the +10 plate armour "Teick" {Drain rF+ Dex+3}
 74349 | Zig:21   | Identified the ring "Plog" {AC+4 Dex+4}
 74355 | Zig:21   | Identified the +1 glaive of Sloth {venom, rElec rC+}
 74365 | Zig:21   | Identified the ring "Fyoge" {*Corrode rF+ rN+ Dex+3 Stlth+}
 74382 | Zig:22   | Entered Level 22 of a ziggurat
 74403 | Zig:22   | Reached skill level 27 in Translocations
 74442 | Zig:22   | Found the +8 storm bow {elec, penet}
 74443 | Zig:22   | Found the +1 Delatra's gloves {ID++}
 74448 | Zig:22   | Identified the ring "Zuuraen" {rN+ Will+ rCorr Dex+4}
 74478 | Zig:22   | Identified the +0 pair of gloves of Happiness {Str+5}
 74479 | Zig:22   | Identified the ring of the Madman {Ice Dex+2 Stlth+}
 74485 | Zig:22   | Identified the +0 scale mail "Hooqesell" {Harm}
 74486 | Zig:22   | Identified the +8 war axe of Fedhas {pain, rF+ rN+}
 74500 | Zig:23   | Entered Level 23 of a ziggurat
 74551 | Zig:23   | Identified the +1 hat of Hysteria {rF- rN+ Str+2}
 74568 | Zig:23   | Identified the +8 shortbow of Summertime {vorpal, Str+3}
 74579 | Zig:23   | Identified the ring of Ankips {Str+4 Dex-2 SInv}
 74594 | Zig:24   | Entered Level 24 of a ziggurat
 74601 | Zig:24   | Noticed Pakoich the pandemonium lord
 74611 | Zig:24   | Noticed Winnekhle the pandemonium lord
 74612 | Zig:24   | Killed Pakoich the pandemonium lord
 74614 | Zig:24   | Noticed Adoep the pandemonium lord
 74614 | Zig:24   | Noticed Zetrergh the pandemonium lord
 74615 | Zig:24   | Killed Zetrergh the pandemonium lord
 74617 | Zig:24   | Killed Bagoem the pandemonium lord
 74619 | Zig:24   | Noticed Wedeoduo the pandemonium lord
 74619 | Zig:24   | Killed Winnekhle the pandemonium lord
 74620 | Zig:24   | Noticed Wuegeff the pandemonium lord
 74620 | Zig:24   | Killed Wedeoduo the pandemonium lord
 74621 | Zig:24   | Killed Wuegeff the pandemonium lord
 74623 | Zig:24   | Noticed Gefipn the pandemonium lord
 74623 | Zig:24   | Noticed Lacal the pandemonium lord
 74623 | Zig:24   | Killed Adoep the pandemonium lord
 74623 | Zig:24   | Noticed Xyaz the pandemonium lord
 74625 | Zig:24   | Killed Xyaz the pandemonium lord
 74625 | Zig:24   | Noticed Jaeck the pandemonium lord
 74626 | Zig:24   | Killed Gefipn the pandemonium lord
 74627 | Zig:24   | Killed Lacal the pandemonium lord
 74628 | Zig:24   | Killed Jaeck the pandemonium lord
 74629 | Zig:24   | Noticed Ykhlomn the pandemonium lord
 74629 | Zig:24   | Noticed Baewyed the pandemonium lord
 74629 | Zig:24   | Noticed Riblol the pandemonium lord
 74631 | Zig:24   | Killed Baewyed the pandemonium lord
 74631 | Zig:24   | Killed Ykhlomn the pandemonium lord
 74631 | Zig:24   | Killed Guqein the pandemonium lord
 74632 | Zig:24   | Killed Riblol the pandemonium lord
 74634 | Zig:24   | Noticed Guna the pandemonium lord
 74634 | Zig:24   | Noticed Uxitirgh the pandemonium lord
 74634 | Zig:24   | Noticed Huteify the pandemonium lord
 74635 | Zig:24   | Noticed Buacsick the pandemonium lord
 74637 | Zig:24   | Killed Buacsick the pandemonium lord
 74638 | Zig:24   | Reached skill level 27 in Poison Magic
 74638 | Zig:24   | Killed Huteify the pandemonium lord
 74638 | Zig:24   | Killed Epiyp the pandemonium lord
 74639 | Zig:24   | Killed Uxitirgh the pandemonium lord
 74639 | Zig:24   | Noticed Nookk the pandemonium lord
 74639 | Zig:24   | Noticed Coezig the pandemonium lord
 74640 | Zig:24   | Killed Coezig the pandemonium lord
 74640 | Zig:24   | Noticed Asony the pandemonium lord
 74641 | Zig:24   | Noticed Bosuumarch the pandemonium lord
 74641 | Zig:24   | Killed Hiokluse the pandemonium lord
 74642 | Zig:24   | Killed Asony the pandemonium lord
 74643 | Zig:24   | Killed Guna the pandemonium lord
 74643 | Zig:24   | Noticed Zisegej the pandemonium lord
 74643 | Zig:24   | Killed Fadoat the pandemonium lord
 74645 | Zig:24   | Killed Bosuumarch the pandemonium lord
 74645 | Zig:24   | Killed Zisegej the pandemonium lord
 74645 | Zig:24   | Killed Nookk the pandemonium lord
 74646 | Zig:24   | Noticed Luwimn the pandemonium lord
 74646 | Zig:24   | Noticed Pegelo the pandemonium lord
 74646 | Zig:24   | Noticed Kokhipe the pandemonium lord
 74646 | Zig:24   | Noticed Idusafeh the pandemonium lord
 74646 | Zig:24   | Noticed Ysihuik the pandemonium lord
 74646 | Zig:24   | Noticed Guxo the pandemonium lord
 74646 | Zig:24   | Noticed Yqomm the pandemonium lord
 74647 | Zig:24   | Killed Rodu the pandemonium lord
 74647 | Zig:24   | Killed Piggac the pandemonium lord
 74648 | Zig:24   | Noticed Syrun the pandemonium lord
 74649 | Zig:24   | Killed Pegelo the pandemonium lord
 74649 | Zig:24   | Killed Kokhipe the pandemonium lord
 74649 | Zig:24   | Killed Guxo the pandemonium lord
 74650 | Zig:24   | Killed Luwimn the pandemonium lord
 74650 | Zig:24   | Noticed Efeugoug the pandemonium lord
 74651 | Zig:24   | Killed Syrun the pandemonium lord
 74651 | Zig:24   | Killed Xoasik the pandemonium lord
 74651 | Zig:24   | Killed Idusafeh the pandemonium lord
 74653 | Zig:24   | Killed Efeugoug the pandemonium lord
 74653 | Zig:24   | Killed Anohem the pandemonium lord
 74654 | Zig:24   | Killed Yqomm the pandemonium lord
 74654 | Zig:24   | Noticed Maph the pandemonium lord
 74657 | Zig:24   | Noticed Reorphaif the pandemonium lord
 74657 | Zig:24   | Killed Maph the pandemonium lord
 74657 | Zig:24   | Noticed Wiemugut the pandemonium lord
 74662 | Zig:24   | Killed Reorphaif the pandemonium lord
 74665 | Zig:24   | Killed Wiemugut the pandemonium lord
 74666 | Zig:24   | Noticed Zaomn the pandemonium lord
 74666 | Zig:24   | Noticed a juggernaut
 74668 | Zig:24   | Killed a juggernaut
 74668 | Zig:24   | Killed Zaomn the pandemonium lord
 74670 | Zig:24   | Noticed Riser the pandemonium lord
 74670 | Zig:24   | Noticed Losiqawn the pandemonium lord
 74671 | Zig:24   | Killed Wocov the pandemonium lord
 74672 | Zig:24   | Killed Losiqawn the pandemonium lord
 74672 | Zig:24   | Killed Guso the pandemonium lord
 74672 | Zig:24   | Killed Pivyafoh the pandemonium lord
 74672 | Zig:24   | Killed Loofuw the pandemonium lord
 74673 | Zig:24   | Killed Riser the pandemonium lord
 74674 | Zig:24   | Noticed Tiseca the pandemonium lord
 74675 | Zig:24   | Killed Jocug the pandemonium lord
 74675 | Zig:24   | Killed Qosepaam the pandemonium lord
 74675 | Zig:24   | Killed Zenumar the pandemonium lord
 74675 | Zig:24   | Killed Ysihuik the pandemonium lord
 74676 | Zig:24   | Killed Leuve the pandemonium lord
 74677 | Zig:24   | Killed Tiseca the pandemonium lord
 74679 | Zig:24   | Killed Wuuwuiq the pandemonium lord
 74682 | Zig:24   | Noticed Cuopsa the pandemonium lord
 74684 | Zig:24   | Killed Cuopsa the pandemonium lord
 74689 | Zig:24   | Noticed Fusaxyar the pandemonium lord
 74691 | Zig:24   | Killed Fusaxyar the pandemonium lord
 74692 | Zig:24   | Noticed Qogeesy the pandemonium lord
 74694 | Zig:24   | Killed Qogeesy the pandemonium lord
 74696 | Zig:24   | Noticed Joest the pandemonium lord
 74698 | Zig:24   | Killed Joest the pandemonium lord
 74736 | Zig:24   | Acquired 392 gold pieces
 74741 | Zig:24   | Identified the +6 war axe of Dismay {venom, rN+}
 74747 | Zig:24   | Identified the +1 scale mail "Nisih" {rC+}
 74757 | Zig:24   | Identified the amulet "Rin Ajap" {RegenMP rN+ Stlth+}
 74759 | Zig:24   | Identified the amulet of Sirut {RegenMP rPois}
 74815 | Depths:4 | Voluntarily entered the Abyss.
 74916 | Abyss:3  | Found a corrupted altar of Lugonu.
 75313 | Abyss:3  | Paralysed by an air elemental for 1 turns
 75438 | Abyss:3  | Got an abyssal rune of Zot
 75659 | Depths:4 | Escaped the Abyss
 75777 | Pan      | Entered Pandemonium
 75944 | Pan      | Noticed Setabo the pandemonium lord
 75988 | Pan      | Killed Setabo the pandemonium lord
 76011 | Depths:3 | Escaped Pandemonium
 76096 | Pan      | Entered Pandemonium
 76170 | Pan      | Noticed Firucicu the pandemonium lord
 76171 | Pan      | Killed Firucicu the pandemonium lord
 76203 | Pan      | Noticed Biynek Ipops the pandemonium lord
 76205 | Pan      | Killed Biynek Ipops the pandemonium lord
 76211 | Pan      | Got a demonic rune of Zot
 76227 | Pan      | Noticed Xagipnicw the pandemonium lord
 76231 | Pan      | Killed Xagipnicw the pandemonium lord
 76254 | Pan      | Entered the realm of Mnoleg.
 76270 | Pan      | Noticed Mnoleg
 76274 | Pan      | Killed Mnoleg
 76301 | Pan      | Got a glowing rune of Zot
 76414 | Pan      | Entered the realm of Lom Lobon.
 76506 | Pan      | Noticed Lom Lobon
 76514 | Pan      | Killed Lom Lobon
 76523 | Pan      | Got a magical rune of Zot
 76606 | Pan      | Noticed Urphorr the pandemonium lord
 76609 | Pan      | Killed Urphorr the pandemonium lord
 76634 | Pan      | Entered the realm of Cerebov.
 76634 | Pan      | Found the +6 sword of Cerebov {flame}
 76634 | Pan      | Noticed Cerebov
 76660 | Pan      | Killed Cerebov
 76680 | Pan      | Got a fiery rune of Zot
 76909 | Pan      | Found a white marble altar of Elyvilon.
 76980 | Pan      | Entered the realm of Gloorx Vloq.
 77056 | Pan      | Noticed Gloorx Vloq
 77060 | Pan      | Killed Gloorx Vloq
 77088 | Pan      | Got a dark rune of Zot
 77233 | Depths:3 | Escaped Pandemonium
 77253 | Hell     | Entered the Vestibule of Hell
 77253 | Hell     | Noticed Geryon
 77259 | Hell     | Killed Geryon
 77315 | Hell     | Found a gateway to the Iron City of Dis.
 77326 | Dis:1    | Entered Level 1 of the Iron City of Dis
 77338 | Dis:1    | Noticed an ancient lich
 77340 | Dis:1    | Killed an ancient lich
 77432 | Dis:6    | Found a huge runed gate.
 77432 | Dis:6    | Found a huge runed gate.
 77432 | Dis:6    | Found a huge runed gate.
 77432 | Dis:6    | Found a huge runed gate.
 77432 | Dis:6    | Found a huge runed gate.
 77432 | Dis:6    | Found a huge runed gate.
 77432 | Dis:6    | Found a huge runed gate.
 77435 | Dis:6    | Found a huge runed gate.
 77435 | Dis:6    | Found a huge runed gate.
 77437 | Dis:6    | Found a huge runed gate.
 77437 | Dis:6    | Found a huge runed gate.
 77439 | Dis:7    | Entered Level 7 of the Iron City of Dis
 77543 | Dis:7    | Found the ring of Shadows {Umbra +Inv Stlth+}
 77543 | Dis:7    | Found the +8 demon blade "Leech" {vamp, Harm Drain rN+}
 77543 | Dis:7    | Found the +4 staff of Dispater
 77543 | Dis:7    | Noticed Dispater
 77545 | Dis:7    | Noticed a juggernaut
 77546 | Dis:7    | Killed a juggernaut
 77547 | Dis:7    | Killed Dispater
 77549 | Dis:7    | Got an iron rune of Zot
 77583 | Dis:7    | Noticed a dread lich
 77587 | Dis:7    | Killed a dread lich
 77592 | Dis:7    | Noticed a juggernaut
 77596 | Dis:7    | Killed a juggernaut
 77633 | Hell     | Found a gateway to the freezing wastes of Cocytus.
 77643 | Coc:1    | Entered Level 1 of Cocytus
 77658 | Coc:2    | Paralysed by a wendigo for 1 turns
 77707 | Coc:6    | Noticed a juggernaut
 77709 | Coc:6    | Killed a juggernaut
 77759 | Coc:7    | Entered Level 7 of Cocytus
 77802 | Coc:7    | Paralysed by a wendigo for 1 turns
 77804 | Coc:7    | Found the +7 Singing Sword {vorpal, sonic wave}
 77816 | Coc:7    | Paralysed by a wendigo for 1 turns
 77819 | Coc:7    | Paralysed by a wendigo for 1 turns
 77827 | Coc:7    | Paralysed by a wendigo for 1 turns
 77841 | Coc:7    | Noticed the Serpent of Hell
 77847 | Coc:7    | Killed the Serpent of Hell
 77893 | Coc:7    | Noticed Antaeus
 77898 | Coc:7    | Killed Antaeus
 77907 | Coc:7    | Got an icy rune of Zot
 77990 | Hell     | Found a gateway to the decaying netherworld of Tartarus.
 78007 | Tar:1    | Entered Level 1 of Tartarus
 78170 | Tar:5    | Noticed an ancient lich
 78172 | Tar:5    | Killed an ancient lich
 78240 | Tar:7    | Entered Level 7 of Tartarus
 78342 | Tar:7    | Noticed Ereshkigal
 78354 | Tar:7    | Killed Ereshkigal
 78399 | Tar:7    | Got a bone rune of Zot
 78401 | Tar:7    | Noticed a dread lich
 78401 | Tar:7    | Noticed an ancient lich
 78403 | Tar:7    | Killed an ancient lich
 78406 | Tar:7    | Killed a dread lich
 78453 | Hell     | Found a gateway to the ashen valley of Gehenna.
 78463 | Geh:1    | Entered Level 1 of Gehenna
 78505 | Geh:2    | Found a huge runed gate.
 78505 | Geh:2    | Found a huge runed gate.
 78508 | Geh:2    | Found a huge runed gate.
 78508 | Geh:2    | Found a huge runed gate.
 78509 | Geh:2    | Found a huge runed gate.
 78509 | Geh:2    | Found a huge runed gate.
 78509 | Geh:2    | Found a huge runed gate.
 78509 | Geh:2    | Found a huge runed gate.
 78509 | Geh:2    | Found a huge runed gate.
 78509 | Geh:2    | Found a huge runed gate.
 78509 | Geh:2    | Found a huge runed gate.
 78509 | Geh:2    | Found a huge runed gate.
 78515 | Geh:2    | Noticed a dread lich
 78516 | Geh:2    | Killed a dread lich
 78553 | Geh:3    | Noticed an ancient lich
 78555 | Geh:3    | Killed an ancient lich
 78672 | Geh:7    | Entered Level 7 of Gehenna
 78993 | Geh:7    | Found the +7 sceptre of Asmodeus
 78993 | Geh:7    | Noticed Asmodeus
 79037 | Geh:7    | Killed Asmodeus
 79073 | Geh:7    | Got an obsidian rune of Zot
 79597 | Tomb:1   | Entered Level 1 of the Tomb of the Ancients
 79615 | Tomb:1   | Noticed a royal mummy
 79616 | Tomb:1   | Noticed a royal mummy
 79618 | Tomb:1   | Noticed a royal mummy
 79619 | Tomb:1   | Killed a royal mummy
 79619 | Tomb:1   | Killed a royal mummy
 79620 | Tomb:1   | Killed a royal mummy
 79624 | Tomb:1   | Noticed a royal mummy
 79625 | Tomb:1   | Noticed a royal mummy
 79627 | Tomb:1   | Killed a royal mummy
 79627 | Tomb:1   | Killed a royal mummy
 79649 | Tomb:1   | Noticed a royal mummy
 79652 | Tomb:1   | Killed a royal mummy
 79687 | Tomb:1   | Noticed a royal mummy
 79687 | Tomb:1   | Noticed a royal mummy
 79688 | Tomb:1   | Killed a royal mummy
 79692 | Tomb:1   | Killed a royal mummy
 79727 | Tomb:1   | Noticed a royal mummy
 79730 | Tomb:1   | Killed a royal mummy
 79737 | Tomb:1   | Noticed a royal mummy
 79748 | Tomb:1   | Killed a royal mummy
 79813 | Tomb:1   | Noticed a royal mummy
 79823 | Tomb:1   | Killed a royal mummy
 79825 | Tomb:1   | Noticed a royal mummy
 79830 | Tomb:1   | Killed a royal mummy
 79831 | Tomb:1   | Noticed a royal mummy
 79834 | Tomb:1   | Killed a royal mummy
 79835 | Tomb:1   | Noticed a royal mummy
 79836 | Tomb:1   | Killed a royal mummy
 79838 | Tomb:1   | Noticed a royal mummy
 79840 | Tomb:1   | Killed a royal mummy
 79852 | Tomb:1   | Noticed a royal mummy
 79853 | Tomb:1   | Noticed a royal mummy
 79857 | Tomb:1   | Killed a royal mummy
 79857 | Tomb:1   | Killed a royal mummy
 79873 | Tomb:1   | Noticed a royal mummy
 79876 | Tomb:1   | Killed a royal mummy
 79919 | Tomb:2   | Noticed a royal mummy
 79919 | Tomb:2   | Noticed a royal mummy
 79920 | Tomb:2   | Killed a royal mummy
 79920 | Tomb:2   | Noticed a royal mummy
 79920 | Tomb:2   | Noticed a royal mummy
 79924 | Tomb:2   | Killed a royal mummy
 79924 | Tomb:2   | Killed a royal mummy
 79924 | Tomb:2   | Killed a royal mummy
 79993 | Tomb:3   | Entered Level 3 of the Tomb of the Ancients
 80009 | Tomb:3   | Noticed a royal mummy
 80010 | Tomb:3   | Noticed a royal mummy
 80011 | Tomb:3   | Noticed Khufu
 80012 | Tomb:3   | Killed a royal mummy
 80012 | Tomb:3   | Noticed a royal mummy
 80015 | Tomb:3   | Killed a royal mummy
 80016 | Tomb:3   | Killed Khufu
 80017 | Tomb:3   | Killed a royal mummy
 80017 | Tomb:3   | Noticed a royal mummy
 80018 | Tomb:3   | Noticed a royal mummy
 80018 | Tomb:3   | Noticed a royal mummy
 80018 | Tomb:3   | Noticed a royal mummy
 80019 | Tomb:3   | Noticed a royal mummy
 80022 | Tomb:3   | Killed a royal mummy
 80023 | Tomb:3   | Killed a royal mummy
 80023 | Tomb:3   | Killed a royal mummy
 80023 | Tomb:3   | Killed a royal mummy
 80024 | Tomb:3   | Killed a royal mummy
 80036 | Tomb:3   | Got a golden rune of Zot
 80589 | Zot:1    | Entered Level 1 of the Realm of Zot
 80701 | Zot:5    | Entered Level 5 of the Realm of Zot
 80710 | Zot:5    | Noticed a dread lich
 80711 | Zot:5    | Killed a dread lich
 80716 | Zot:5    | Killed an ancient lich
 80717 | Zot:5    | Noticed a dread lich
 80721 | Zot:5    | Killed a dread lich
 80757 | Zot:5    | Noticed an orb of fire
 80761 | Zot:5    | Noticed a dread lich
 80762 | Zot:5    | Killed a dread lich
 80780 | Zot:5    | Killed an orb of fire
 80827 | Zot:5    | Noticed a dread lich
 80832 | Zot:5    | Killed a dread lich
 80850 | Zot:5    | Noticed a dread lich
 80852 | Zot:5    | Killed a dread lich
 80855 | Zot:5    | Noticed an ancient lich
 80855 | Zot:5    | Noticed an orb of fire
 80857 | Zot:5    | Noticed an ancient lich
 80858 | Zot:5    | Killed an ancient lich
 80858 | Zot:5    | Killed an ancient lich
 80858 | Zot:5    | Killed an orb of fire
 80866 | Zot:5    | Noticed a dread lich
 80871 | Zot:5    | Got the Orb of Zot
 80872 | Zot:5    | Killed a dread lich
 80872 | Zot:5    | Killed a dread lich
 80873 | Zot:5    | Noticed a dread lich
 80875 | Zot:5    | Killed a dread lich
 81228 | D:14     | Noticed Meaceest the pandemonium lord
 81234 | D:14     | Killed Meaceest the pandemonium lord
 81309 | D:11     | Noticed Rehes the pandemonium lord
 81313 | D:11     | Killed Rehes the pandemonium lord
 81402 | D:8      | Noticed Jenioseo the pandemonium lord
 81563 | D:$      | Escaped with the Orb!

Illustrated notes

Levels and vault maps discovered:
D:1:      dpeg_arrival_stonehenge_8_columns, layout_basic
D:2:      layout_rooms, hellmonk_ecumenical_altar_lost_god,
          serial_co_window_serial, co_window_paths_a,
          co_window_of_opportunity_a, co_window_paths_b, co_window_corner_a,
          co_window_paths_a, co_window_paths_a, co_window_of_opportunity_a,
          co_window_broadway_b, co_window_corner_b, co_window_corner_ca,
          co_window_broadway_c, co_window_broadway_a, co_window_paths_c,
          co_window_corner_b, kennysheep_nub
D:3:      minmay_bubble_buster, layout_basic, serial_shops,
          nicolae_shop_hallway_stairs, uniq_grinder
D:4:      layout_basic, lemuel_tele_altar, nicolae_qazlal_general_emergency,
          gup_sewer_entry_bowl
D:5:      layout_rooms
D:6:      layout_basic, lemuel_temple_firewalk_b, serial_bayou_ford_a
D:7:      layout_gridville, nicolae_gozag_cash_rules_everything_around_me,
          mainiacjoe_overflow_two_lobes, serial_shops, shop, uniq_menkaure
D:8:      layout_basic, bloody_trog, hangedman_decor_push, uniq_joseph
D:9:      layout_gridville, lemuel_coloured_pillars_altar, serial_ice,
          serial_ice_n, serial_ice_o, serial_ice_e, serial_ice_g, serial_ice_f,
          serial_ice_d, serial_shops, shop, minmay_puff
D:10:     layout_small_grid, nicolae_trove_entry_free_sample
D:11:     cheibrodos_statue_roulette, layout_cross, due_lair_maze_entry_diamond,
          minmay_orc_entry_guard_dogs
D:12:     layout_roguey
D:13:     layout_basic, david_vaults_2
D:14:     wad_pebble_path, layout_cave_pools, hangedman_decor_riveting,
          serial_shops, nicolae_shop_behind_doors, tso_metal_star, uniq_azrael
D:15:     grunt_enter_depths_hoard, layout_long_grid,
          portal_ice_cave_entry_pillars_four, dreamdust_mushroom_princess,
          uniq_jorgrun
Temple:   regret_index_temple_generic_petals
Lair:1:   layout_cave_pods, grunt_megastairs_2
Lair:2:   layout_roguey, elwin_shoals_entry_rocks
Lair:3:   layout_long_grid, guppyfry_snake_entry_island,
          lightli_volcano_entry_magma_tube, gammafunk_ghost_berserking_beasts,
          guppyfry_lair_drakes
Lair:4:   layout_layer_cave, slime_entry_1
Lair:5:   hellmonk_lair_end_abyssal_woods, layout_loops_ring,
          gauntlet_entry_generic, nzn_sisyphean_effort, uniq_urug, uniq_sonja
Shoals:1: layout_shoals
Shoals:2: gammafunk_sealed_arena, layout_shoals, uniq_frances
Shoals:3: layout_shoals, nicolae_shoals_hidden_pirate_stash, uniq_nikola,
          uniq_bai_suzhen
Shoals:4: shoals_end_simple, layout_shoals, serial_shops,
          nicolae_shop_waterfront, nicolae_shop_hallway_plus
Snake:1:  cheibrodos_snake_ritualist_ritual, layout_grid_maze, minmay_shop_grove
Snake:2:  layout_grid_shapes, grunt_ministairs_13
Snake:3:  layout_layer_cave, lemuel_fruit_tree
Snake:4:  minmay_snake_end_coiled, layout_grid_shapes, gammafunk_ghost_arena,
          uniq_vashnia, uniq_aizul
Slime:1:  layout_caves
Slime:2:  layout_caves, special_room [special_room_jelly]
Slime:3:  layout_caves, cheibrodos_slime_lost_civilization_4
Slime:4:  layout_caves
Slime:5
Orc:1:    layout_caves, serial_shops, nicolae_shop_crystal,
          nicolae_diamond_shop, basic_altar, kennysheep_orc_chapel
Orc:2:    st_orc_open, layout_caves, serial_shops, shop, nicolae_shop_trees,
          shop_statue, shop_statue, uniq_snorg
Elf:1:    minmay_elf_arrival_plus, layout_geoelf_octagon,
          hangedman_elven_crosses_minicolossus, hangedman_elf_represent,
          uniq_kirke, uniq_asterion
Elf:2:    elven_hall_of_blades_hangedman_alternative [nicolae_blade_lattice],
          layout_gridlike, ebering_ghost_inner_flame, serial_shops, shop,
          nicolae_stop_n_shop_1, shop, shop, grunt_megastairs_5, uniq_zenata
Elf:3:    minmay_elf_hall_circle, layout_onion_city
Vaults:1: vaults_dpeg_cross, nicolae_vaults_asterisk, hangedman_vaults_nodes,
          nicolae_vaults_arrows, v_misc_14, vaults_dpeg_emergency_exit,
          v_misc_9, nicolae_vaults_alarming, vaults_room_corners,
          ontoclasm_vaults_hangar, layout_vaults_omnicross, serial_shops,
          shop_coins
Vaults:2: nicolae_vaults_circle_grid_b, nicolae_vaults_disjoint_gnomons,
          v_misc_11, ontoclasm_vaults_idyll, vaults_mumra_chevron,
          vaults_dpeg_encased_lava, vaults_room_stairs_pillars,
          vaults_room_corners, layout_vaults_omnigrid, serial_shops,
          nicolae_shop_bloodbath_and_beyond
Vaults:3: nicolae_vaults_little_ls, v_misc_13, hangedman_vaults_locks, v_misc_5,
          nicolae_vaults_hallways_thing, v_misc_5,
          minmay_crypt_entry_simple_round, hangedman_vaults_stretched_pinwheel,
          vaults_dpeg_hooks, dpeg_vaults_monster_row, layout_vaults_ring
Vaults:4: nicolae_vaults_little_squares_6, nicolae_vaults_circle_grid_b,
          hangedman_vaults_snaps, vaults_mumra_hexcomb, vaults_room_pool,
          hangedman_vaults_slice, layout_vaults_big_room, uniq_donald
Vaults:5
Crypt:1:  layout_rooms, minmay_misc_feat_pillars, grunt_crypt_arrival_split
Crypt:2:  layout_gridlike, hangedman_batty
Crypt:3:  church_of_pain_bobbens, layout_chaotic_city
Tomb:1
Tomb:2
Tomb:3
Depths:1: minmay_containers, layout_gridlike, grunt_pan_entry_spiral,
          pf_coc_iceberg, minmay_fractal_squares_diagonal_5
Depths:2: hangedman_slaughterboxes, pan_entry, hell_entry, abyss_entry
Depths:3: hangedman_cross_stitches, layout_long_grid, grunt_pan_entry_sceptre,
          hell_entry, abyss_entry, brannock_xom_greatest_gift
Depths:4: grunt_zot_entry_bicorn, layout_cave_pools, enter_ziggurat_b,
          abyss_entry, nicolae_hepliaklqana_hazy_memory,
          hangedman_tar_grid_catacomb
Hell
Dis:1:    layout_jigsaw
Dis:2:    layout_jigsaw
Dis:3:    layout_gridville
Dis:4:    kennysheep_iron_temple, layout_gridville
Dis:5:    layout_overlapping_boxes
Dis:6:    layout_jigsaw, not_door_vault_mu
Dis:7:    dis_st
Geh:1:    layout_gehenna_lava_caves
Geh:2:    layout_gehenna_pools_basic, door_vault
Geh:3:    layout_gehenna_pools_box, special_room [special_room_morgue]
Geh:4:    layout_gehenna_lava_caves
Geh:5:    layout_gehenna_pools_box, nicolae_geh_isolated_escape
Geh:6:    layout_gehenna_lava_caves
Geh:7:    geh_hangedman
Coc:1:    layout_cocytus_water_paths
Coc:2:    layout_cocytus_water_paths
Coc:3:    layout_ice_bergs
Coc:4:    layout_cocytus_water_paths
Coc:5:    layout_ice_bergs, nicolae_coc_icebean_singular
          [nicolae_sub_coc_subbean]
Coc:6:    nicolae_hells_titanomachy
Coc:7:    coc_hangedman
Tar:1:    layout_grid_maze
Tar:2:    layout_cathedral_of_symmetry
Tar:3:    layout_grid_maze, nicolae_tar_cuneiform_two, nicolae_tar_combstack
Tar:4:    layout_cathedral_of_symmetry, nicolae_tar_cuneiform_city
Tar:5:    layout_honeycomb
Tar:6:    nicolae_tar_fifth_circle, layout_cathedral_of_symmetry,
          nicolae_tar_honey_rotating
Tar:7:    tar_grunt_cathedral
Zot:1:    layout_basic, nzn_ghost_randoct, st_single_dragon_hoard_2,
          grunt_ministairs_8, nicolae_transporter_intersection, uniq_tiamat
Zot:2:    layout_onion
Zot:3:    layout_basic, zot_minivault_4
Zot:4:    layout_onion_interference, uniq_vv
Zot:5:    layout_basic

Skill      XL: |  1  2  3  4  5  6  7  8  9 10 11 12 13 14 15 16 17 18 19 20 21 22 23 24 25 26 27 |
---------------+----------------------------------------------------------------------------------+-----
Spellcasting   | 2 4 6 8 9 11 14 16 18 27 | 27.0
Fire Magic     | 4 5 7 9 10 12 13 16 18 19 21 22 23 27 | 27.0
Conjurations   | 4 8 9 10 11 12 14 15 17 18 19 21 22 23 27 | 27.0
Shields        | 5 6 27 | 27.0
Armour         | 7 27 | 27.0
Fighting       | 4 7 14 27 | 27.0
Translocations | 4 27 | 27.0
Ice Magic      | 5 7 9 13 27 | 27.0
Evocations     | 4 11 27 | 27.0
Dodging        | 7 10 27 | 27.0
Earth Magic    | 27 | 27.0
Axes           | 27 | 27.0
Necromancy     | 27 | 27.0
Transmutations | 27 | 27.0
Polearms       | 27 | 27.0
Staves         | 27 | 27.0
Ranged Weapons | 27 | 27.0
Air Magic      | 27 | 27.0
Maces & Flails | 27 | 27.0
Unarmed Combat | 27 | 27.0
Short Blades   | 27 | 27.0
Long Blades    | 27 | 27.0
Stealth        | 27 | 27.0
Hexes          | 27 | 27.0
Poison Magic   | 27 | 27.0
Throwing       | 27 | 27.0
Invocations    | 27 | 27.0
Summonings     | 27 | 27.0

Action                   |  1- 3 |  4- 6 |  7- 9 | 10-12 | 13-15 | 16-18 | 19-21 | 22-24 | 25-27 || total
-------------------------+-------+-------+-------+-------+-------+-------+-------+-------+-------++-------
Melee: Hand axe          |     8 |    25 |    39 |   122 |       |       |       |       |       ||   194
       Punch             |       |       |     1 |       |       |       |       |       |     5 ||     6
       Broad axe         |       |       |       |       |     6 |       |       |       |   135 ||   141
       Staff             |       |       |       |       |     6 |    25 |       |    10 |   431 ||   472
       Lajatang          |       |       |       |       |       |       |       |       |   110 ||   110
       Lochaber axe      |       |       |       |       |       |       |       |       |     3 ||     3
       Kick              |       |       |       |       |       |       |       |       |     1 ||     1
 Fire: Sling             |     3 |       |       |     2 |     1 |       |       |       |       ||     6
       Arbalest          |       |       |       |       |       |       |       |       |    29 ||    29
 Cast: Foxfire           |    61 |    32 |   143 |   214 |    17 |     1 |     1 |       |       ||   469
       Conjure Flame     |       |       |     5 |     3 |       |       |       |       |       ||     8
       Flame Wave        |       |       |     4 |    61 |    43 |     6 |       |       |       ||   114
       Scorch            |       |       |     1 |    44 |    28 |     1 |       |       |       ||    74
       Fireball          |       |       |       |       |   233 |   311 |   379 |    64 |    12 ||   999
       Frozen Ramparts   |       |       |       |       |    28 |     2 |       |       |       ||    30
       Stone Arrow       |       |       |       |       |    26 |    10 |    93 |     2 |     8 ||   139
       Blink             |       |       |       |       |     1 |     1 |     4 |     5 |    20 ||    31
       Irradiate         |       |       |       |       |     1 |       |     9 |     4 |     1 ||    15
       Freezing Cloud    |       |       |       |       |       |     1 |    33 |       |       ||    34
       Fire Storm        |       |       |       |       |       |       |    46 |   281 |  2036 ||  2363
       Shatter           |       |       |       |       |       |       |       |       |  1362 ||  1362
       Polar Vortex      |       |       |       |       |       |       |       |       |   162 ||   162
       Necromutation     |       |       |       |       |       |       |       |       |   122 ||   122
       Statue Form       |       |       |       |       |       |       |       |       |    25 ||    25
       Apportation       |       |       |       |       |       |       |       |       |     9 ||     9
       Swiftness         |       |       |       |       |       |       |       |       |     2 ||     2
       Death's Door      |       |       |       |       |       |       |       |       |     1 ||     1
 Abil: End Transformatio |       |       |       |       |       |       |       |       |    35 ||    35
       Evoke Invisibilit |       |       |       |       |       |       |       |       |     7 ||     7
       Evoke Blink       |       |       |       |       |       |       |       |       |     1 ||     1
Evoke: Wand              |       |     5 |     1 |     6 |     2 |     2 |       |       |     2 ||    18
       Lightning rod     |       |       |       |       |     2 |     2 |       |     1 |     3 ||     8
       Tin of tremorston |       |       |       |       |       |     2 |       |       |    11 ||    13
       Condenser vane    |       |       |       |       |       |     1 |       |       |     4 ||     5
       Figurine of a zig |       |       |       |       |       |       |       |       |     6 ||     6
  Use: Scroll            |     9 |     3 |     9 |    12 |    15 |     3 |    10 |     2 |   130 ||   193
       Potion            |       |       |     2 |     3 |     2 |     1 |     2 |     3 |   173 ||   186
 Stab: Sleeping          |     1 |       |       |     1 |       |       |       |       |     3 ||     5
       Distracted        |       |     1 |       |       |       |     1 |       |       |     9 ||    11
Armor: Robe              |    10 |    13 |    12 |       |    11 |    42 |    47 |    35 |    13 ||   183
       Leather armour    |       |       |    29 |   110 |    56 |       |       |       |       ||   195
       Crystal plate arm |       |       |       |       |       |       |       |       |  1039 ||  1039
       Skin              |       |       |       |       |       |       |       |       |    96 ||    96
Dodge: Dodged            |    29 |    26 |    76 |   266 |   161 |    69 |    48 |    28 |   935 ||  1638
Block: Buckler           |       |       |       |   122 |    46 |    42 |    18 |    14 |    50 ||   292
       Kite shield       |       |       |       |       |       |       |       |       |  1000 ||  1000
